Workbook

Sheet Смета 12 гр. по ФЕР
A1: =Source!B1 -> Smeta.RU (495) 974-1589 | I1: ПРИЛОЖЕНИЕ 1 к ФОРМЕ 6
B8: СМЕТА
B10: Капитальный ремонт оконных проемов с заменой деревянных оконных блоков на оконные блоки из ПВХ в помещениях № 301-№ 332 3-го этажа, № 205-№ 232 2-го этажа, № 119,120,121,122 1-го этажа в здании общежития Димитровградского инженерно-технологического института - филиала НИЯУ МИФИ (ДИТИ НИЯУ МИФИ) по адресу: Ульяновская область, г. Димитровград, ул. Куйбышева, д. 292 | AD10: =IF(Source!G12<>"Новый объект", Source!G12, "") -> Капитальный ремонт окооных проемов общежития 301,332ДИТИ НИЯУ МИФИ_цена поставщика
G13: базовая цена | I13: текущая цена
C14: Сметная стоимость | G14: =SUM(O1:O97)/1000 -> 149.96319 | I14: =(Source!F106/1000) -> 1162.8886 | K14: тыс. руб.
C15: Строительные работы | G15: =SUM(W1:W97)/1000 -> 149.96319 | I15: =(Source!F93)/1000 -> 985.49878 | K15: тыс. руб.
C16: Нормативная трудоемкость | G16: =I16 -> 902.1761 | I16: =(Source!F98+Source!F99) -> 902.1761 | K16: чел. -ч.
C17: Средства на оплату труда | G17: =SUM(R1:R97)/1000 -> 7.86247 | I17: =(Source!F91+ Source!F90)/1000 -> 51.65646 | K17: тыс. руб.
A19: Составлена в ценах IV квартал 2017 года
A20: № п/п | B20: Шифр расценки и коды ресурсов | C20: Наименование работ и затрат | D20: Ед. изм. | E20: Кол-во единиц | F20: Цена на ед. изм. | G20: Попра-вочные коэфф. | H20: Стоимость в ценах 2001г. | I20: Пункт коэфф. пересчета | J20: Коэфф. пересчета | K20: Стоимость в текущих ценах | L20: ЗТР всего чел.-час
A21: 1 | B21: 2 | C21: 3 | D21: 4 | E21: 5 | F21: 6 | G21: 7 | H21: 8 | I21: 9 | J21: 10 | K21: 11 | L21: 12
A23: =CONCATENATE("Локальная смета: ",IF(Source!G20<>"Новая локальная смета", Source!G20, "")) -> Локальная смета:
A24: =Source!E24 -> 1 | B24: =Source!F24 -> 46-04-012-01 | C24: =Source!G24 -> Разборка деревянных заполнений проемов оконных с подоконными досками | D24: =Source!H24 -> 100 м2 | E24: =Source!I24 -> 1.6128 | F24: =Source!AL24+Source!AM24+Source!AO24 -> 1767.24 | I24: =Source!BO24 | S24: =ROUND((Source!FX24/100)*((ROUND(Source!AF24*Source!I24, 2)+ROUND(Source!AE24*Source!I24, 2))), 2) -> 2602.22 | T24: =Source!X24 -> 17096.62 | U24: =ROUND((Source!FY24/100)*((ROUND(Source!AF24*Source!I24, 2)+ROUND(Source!AE24*Source!I24, 2))), 2) -> 1563.96 | V24: =Source!Y24 -> 10361.59
C25: ="Объем: "&Source!I24&"=161,28/"&"100" -> Объем: 1,6128=161,28/100
C26: Зарплата | F26: =Source!AO24 -> 1525.29 | G26: =Source!DG24 | H26: =ROUND(Source!AF24*Source!I24, 2) -> 2459.99 | J26: =IF(Source!BA24<> 0, Source!BA24, 1) -> 6.57 | K26: =Source!S24 -> 16162.12 | R26: =H26 -> 2459.99
C27: Эксплуатация машин | F27: =Source!AM24 -> 241.95 | G27: =Source!DE24 | H27: =ROUND(Source!AD24*Source!I24, 2) -> 390.22 | J27: =IF(Source!BB24<> 0, Source!BB24, 1) -> 6.57 | K27: =Source!Q24 -> 2563.73
C28: в т.ч. зарплата машинистов | F28: =Source!AN24 -> 104.49 | G28: =Source!DF24 | H28: =ROUND(Source!AE24*Source!I24, 2) -> 168.52 | J28: =IF(Source!BS24<> 0, Source!BS24, 1) -> 6.57 | K28: =Source!R24 -> 1107.19 | R28: =H28 -> 168.52
C29: НР от ФОТ | D29: % | E29: =Source!BZ24 -> 110 | F29: =CONCATENATE(" )", Source!DL24, Source!FT24, "=", Source!FX24) -> )*0,9=99 | H29: =SUM(S24:S31) -> 2602.22 | J29: =Source!AT24 -> 99 | K29: =SUM(T24:T31) -> 17096.62
C30: СП от ФОТ | D30: % | E30: =Source!CA24 -> 70 | F30: =CONCATENATE(" )", Source!DM24, Source!FU24, "=", Source!FY24) -> )*0,85=59,5 | H30: =SUM(U24:U31) -> 1563.96 | J30: =Source!AU24 -> 60 | K30: =SUM(V24:V31) -> 10361.59
C31: Затраты труда | D31: чел-ч | E31: =Source!AQ24 -> 188.54 | G31: =Source!DI24 | L31: =Source!U24 -> 304.07731
G32: =H26+H27+H29+H30 -> 7016.39 | J32: =K26+K27+K29+K30 -> 46184.06 | L32: =Source!U24 -> 304.07731 | O32: =G32 -> 7016.39 | P32: =J32 -> 46184.06 | Q32: =L32 -> 304.07731 | W32: =IF(Source!BI24<=1,H26+H27+H29+H30, 0) -> 7016.39 | X32: =IF(Source!BI24=2,H26+H27+H29+H30, 0) -> 0 | Y32: =IF(Source!BI24=3,H26+H27+H29+H30, 0) -> 0 | Z32: =IF(Source!BI24=4,H26+H27+H29+H30, 0) -> 0
A33: =Source!E25 -> 2 | B33: =Source!F25 -> 10-01-034-08 | C33: =Source!G25 -> Установка в жилых и общественных зданиях оконных блоков из ПВХ профилей поворотных (откидных, поворотно-откидных) с площадью проема более 2 м2 трехстворчатых, в том числе при наличии створок глухого остекления | D33: =Source!H25 -> 100 м2 | E33: =Source!I25 -> 1.6128 | F33: =Source!AL25+Source!AM25+Source!AO25 -> 10107.89 | I33: =Source!BO25 | S33: =ROUND((Source!FX25/100)*((ROUND(Source!AF25*Source!I25, 2)+ROUND(Source!AE25*Source!I25, 2))), 2) -> 2319.09 | T33: =Source!X25 -> 15207.72 | U33: =ROUND((Source!FY25/100)*((ROUND(Source!AF25*Source!I25, 2)+ROUND(Source!AE25*Source!I25, 2))), 2) -> 1169.37 | V33: =Source!Y25 -> 7747.33
C34: ="Объем: "&Source!I25&"=161,28/"&"100" -> Объем: 1,6128=161,28/100
C35: Зарплата | F35: =Source!AO25 -> 1303.66 | G35: =Source!DG25 | H35: =ROUND(Source!AF25*Source!I25, 2) -> 2102.54 | J35: =IF(Source!BA25<> 0, Source!BA25, 1) -> 6.57 | K35: =Source!S25 -> 13813.71 | R35: =H35 -> 2102.54
C36: Эксплуатация машин | F36: =Source!AM25 -> 255.21 | G36: =Source!DE25 | H36: =ROUND(Source!AD25*Source!I25, 2) -> 411.6 | J36: =IF(Source!BB25<> 0, Source!BB25, 1) -> 6.57 | K36: =Source!Q25 -> 2704.23
C37: в т.ч. зарплата машинистов | F37: =Source!AN25 -> 50.32 | G37: =Source!DF25 | H37: =ROUND(Source!AE25*Source!I25, 2) -> 81.16 | J37: =IF(Source!BS25<> 0, Source!BS25, 1) -> 6.57 | K37: =Source!R25 -> 533.2 | R37: =H37 -> 81.16
C38: Материальные ресурсы | F38: =Source!AL25 -> 8549.02 | G38: =Source!DD25 | H38: =ROUND(Source!AC25*Source!I25, 2) -> 13787.86 | J38: =IF(Source!BC25<> 0, Source!BC25, 1) -> 6.57 | K38: =Source!P25 -> 90586.24
C39: НР от ФОТ | D39: % | E39: =Source!BZ25 -> 118 | F39: =CONCATENATE(" )", Source!DL25, Source!FT25, "=", Source!FX25) -> )*0,9=106,2 | H39: =SUM(S33:S42) -> 2319.09 | J39: =Source!AT25 -> 106 | K39: =SUM(T33:T42) -> 15207.72
C40: СП от ФОТ | D40: % | E40: =Source!CA25 -> 63 | F40: =CONCATENATE(" )", Source!DM25, Source!FU25, "=", Source!FY25) -> )*0,85=53,55 | H40: =SUM(U33:U42) -> 1169.37 | J40: =Source!AU25 -> 54 | K40: =SUM(V33:V42) -> 7747.33
C41: Затраты труда | D41: чел-ч | E41: =Source!AQ25 -> 149.16 | G41: =Source!DI25 | L41: =Source!U25 -> 240.56525
A42: =Source!E26 -> 2,1 | B42: =Source!F26 -> Цена поставщика | C42: Блок оконный пластиковый Базисная стоимость: 446,07 = [3 458,17 / 1,18 / 6,57] | D42: =Source!H26 -> м2 | E42: =Source!I26 -> 161.28 | F42: =Source!AL26+Source!AM26+Source!AO26 -> 446.07 | H42: =ROUND(Source!AC26*Source!I26, 2)+ROUND(Source!AD26*Source!I26, 2)+ROUND(Source!AF26*Source!I26, 2) -> 71942.17 | J42: =IF(Source!BC26<> 0, Source!BC26, 1) -> 6.57 | K42: =Source!O26 -> 472660.05 | S42: =ROUND((Source!FX26/100)*((ROUND(Source!AF26*Source!I26, 2)+ROUND(Source!AE26*Source!I26, 2))), 2) -> 0 | T42: =Source!X26 -> 0 | U42: =ROUND((Source!FY26/100)*((ROUND(Source!AF26*Source!I26, 2)+ROUND(Source!AE26*Source!I26, 2))), 2) -> 0 | V42: =Source!Y26 -> 0 | W42: =IF(Source!BI26<=1,H42, 0) -> 71942.17 | X42: =IF(Source!BI26=2,H42, 0) -> 0 | Y42: =IF(Source!BI26=3,H42, 0) -> 0 | Z42: =IF(Source!BI26=4,H42, 0) -> 0
G43: =H35+H36+H38+H39+H40+SUM(H42:H42) -> 91732.63 | J43: =K35+K36+K38+K39+K40+SUM(K42:K42) -> 602719.28 | L43: =Source!U25 -> 240.56525 | O43: =G43 -> 91732.63 | P43: =J43 -> 602719.28 | Q43: =L43 -> 240.56525 | W43: =IF(Source!BI25<=1,H35+H36+H38+H39+H40, 0) -> 19790.46 | X43: =IF(Source!BI25=2,H35+H36+H38+H39+H40, 0) -> 0 | Y43: =IF(Source!BI25=3,H35+H36+H38+H39+H40, 0) -> 0 | Z43: =IF(Source!BI25=4,H35+H36+H38+H39+H40, 0) -> 0
A44: =Source!E27 -> 3 | B44: =Source!F27 -> 10-01-035-03 | C44: =Source!G27 -> Установка подоконных досок из ПВХ в каменных стенах толщиной свыше 0,51 м | D44: =Source!H27 -> 100 м | E44: =Source!I27 -> 1.12 | F44: =Source!AL27+Source!AM27+Source!AO27 -> 6481.17 | I44: =Source!BO27 | S44: =ROUND((Source!FX27/100)*((ROUND(Source!AF27*Source!I27, 2)+ROUND(Source!AE27*Source!I27, 2))), 2) -> 222.18 | T44: =Source!X27 -> 1457.02 | U44: =ROUND((Source!FY27/100)*((ROUND(Source!AF27*Source!I27, 2)+ROUND(Source!AE27*Source!I27, 2))), 2) -> 112.03 | V44: =Source!Y27 -> 742.26
C45: ="Объем: "&Source!I27&"=112/"&"100" -> Объем: 1,12=112/100
C46: Зарплата | F46: =Source!AO27 -> 182.37 | G46: =Source!DG27 | H46: =ROUND(Source!AF27*Source!I27, 2) -> 204.25 | J46: =IF(Source!BA27<> 0, Source!BA27, 1) -> 6.57 | K46: =Source!S27 -> 1341.95 | R46: =H46 -> 204.25
C47: Эксплуатация машин | F47: =Source!AM27 -> 21.9 | G47: =Source!DE27 | H47: =ROUND(Source!AD27*Source!I27, 2) -> 24.53 | J47: =IF(Source!BB27<> 0, Source!BB27, 1) -> 6.57 | K47: =Source!Q27 -> 161.15
C48: в т.ч. зарплата машинистов | F48: =Source!AN27 -> 4.43 | G48: =Source!DF27 | H48: =ROUND(Source!AE27*Source!I27, 2) -> 4.96 | J48: =IF(Source!BS27<> 0, Source!BS27, 1) -> 6.57 | K48: =Source!R27 -> 32.6 | R48: =H48 -> 4.96
C49: Материальные ресурсы | F49: =Source!AL27 -> 6276.9 | G49: =Source!DD27 | H49: =ROUND(Source!AC27*Source!I27, 2) -> 7030.13 | J49: =IF(Source!BC27<> 0, Source!BC27, 1) -> 6.57 | K49: =Source!P27 -> 46187.94
C50: НР от ФОТ | D50: % | E50: =Source!BZ27 -> 118 | F50: =CONCATENATE(" )", Source!DL27, Source!FT27, "=", Source!FX27) -> )*0,9=106,2 | H50: =SUM(S44:S53) -> 222.18 | J50: =Source!AT27 -> 106 | K50: =SUM(T44:T53) -> 1457.02
C51: СП от ФОТ | D51: % | E51: =Source!CA27 -> 63 | F51: =CONCATENATE(" )", Source!DM27, Source!FU27, "=", Source!FY27) -> )*0,85=53,55 | H51: =SUM(U44:U53) -> 112.03 | J51: =Source!AU27 -> 54 | K51: =SUM(V44:V53) -> 742.26
C52: Затраты труда | D52: чел-ч | E52: =Source!AQ27 -> 21.38 | G52: =Source!DI27 | L52: =Source!U27 -> 23.9456
A53: =Source!E28 -> 3,1 | B53: =Source!F28 -> Цена поставщика | C53: Доска подоконная Базисная стоимость: 232,01 = [1 798,67 / 1,18 / 6,57] | D53: =Source!H28 -> м | E53: =Source!I28 -> 112 | F53: =Source!AL28+Source!AM28+Source!AO28 -> 232.01 | H53: =ROUND(Source!AC28*Source!I28, 2)+ROUND(Source!AD28*Source!I28, 2)+ROUND(Source!AF28*Source!I28, 2) -> 25985.12 | J53: =IF(Source!BC28<> 0, Source!BC28, 1) -> 6.57 | K53: =Source!O28 -> 170722.24 | S53: =ROUND((Source!FX28/100)*((ROUND(Source!AF28*Source!I28, 2)+ROUND(Source!AE28*Source!I28, 2))), 2) -> 0 | T53: =Source!X28 -> 0 | U53: =ROUND((Source!FY28/100)*((ROUND(Source!AF28*Source!I28, 2)+ROUND(Source!AE28*Source!I28, 2))), 2) -> 0 | V53: =Source!Y28 -> 0 | W53: =IF(Source!BI28<=1,H53, 0) -> 25985.12 | X53: =IF(Source!BI28=2,H53, 0) -> 0 | Y53: =IF(Source!BI28=3,H53, 0) -> 0 | Z53: =IF(Source!BI28=4,H53, 0) -> 0
G54: =H46+H47+H49+H50+H51+SUM(H53:H53) -> 33578.24 | J54: =K46+K47+K49+K50+K51+SUM(K53:K53) -> 220612.56 | L54: =Source!U27 -> 23.9456 | O54: =G54 -> 33578.24 | P54: =J54 -> 220612.56 | Q54: =L54 -> 23.9456 | W54: =IF(Source!BI27<=1,H46+H47+H49+H50+H51, 0) -> 7593.12 | X54: =IF(Source!BI27=2,H46+H47+H49+H50+H51, 0) -> 0 | Y54: =IF(Source!BI27=3,H46+H47+H49+H50+H51, 0) -> 0 | Z54: =IF(Source!BI27=4,H46+H47+H49+H50+H51, 0) -> 0
A55: =Source!E29 -> 4 | B55: =Source!F29 -> 58-20-1 | C55: =Source!G29 -> Смена обделок из листовой стали (поясков, сандриков, отливов, карнизов) шириной до 0,4 м | D55: =Source!H29 -> 100 м | E55: =Source!I29 -> 1.12 | F55: =Source!AL29+Source!AM29+Source!AO29 -> 454.41 | I55: =Source!BO29 | S55: =ROUND((Source!FX29/100)*((ROUND(Source!AF29*Source!I29, 2)+ROUND(Source!AE29*Source!I29, 2))), 2) -> 329.79 | T55: =Source!X29 -> 2166.75 | U55: =ROUND((Source!FY29/100)*((ROUND(Source!AF29*Source!I29, 2)+ROUND(Source!AE29*Source!I29, 2))), 2) -> 258.27 | V55: =Source!Y29 -> 1696.85
C56: ="Объем: "&Source!I29&"=112/"&"100" -> Объем: 1,12=112/100
C57: Зарплата | F57: =Source!AO29 -> 353.23 | G57: =Source!DG29 | H57: =ROUND(Source!AF29*Source!I29, 2) -> 395.62 | J57: =IF(Source!BA29<> 0, Source!BA29, 1) -> 6.57 | K57: =Source!S29 -> 2599.21 | R57: =H57 -> 395.62
C58: Эксплуатация машин | F58: =Source!AM29 -> 5.13 | G58: =Source!DE29 | H58: =ROUND(Source!AD29*Source!I29, 2) -> 5.75 | J58: =IF(Source!BB29<> 0, Source!BB29, 1) -> 6.57 | K58: =Source!Q29 -> 37.75
C59: в т.ч. зарплата машинистов | F59: =Source!AN29 -> 1.54 | G59: =Source!DF29 | H59: =ROUND(Source!AE29*Source!I29, 2) -> 1.72 | J59: =IF(Source!BS29<> 0, Source!BS29, 1) -> 6.57 | K59: =Source!R29 -> 11.33 | R59: =H59 -> 1.72
C60: Материальные ресурсы | F60: =Source!AL29 -> 96.05 | G60: =Source!DD29 | H60: =ROUND(Source!AC29*Source!I29, 2) -> 107.58 | J60: =IF(Source!BC29<> 0, Source!BC29, 1) -> 6.57 | K60: =Source!P29 -> 706.77
C61: НР от ФОТ | D61: % | E61: =Source!BZ29 -> 83 | H61: =SUM(S55:S64) -> 329.79 | J61: =Source!AT29 -> 83 | K61: =SUM(T55:T64) -> 2166.75
C62: СП от ФОТ | D62: % | E62: =Source!CA29 -> 65 | H62: =SUM(U55:U64) -> 258.27 | J62: =Source!AU29 -> 65 | K62: =SUM(V55:V64) -> 1696.85
C63: Затраты труда | D63: чел-ч | E63: =Source!AQ29 -> 41.41 | G63: =Source!DI29 | L63: =Source!U29 -> 46.3792
A64: =Source!E30 -> 4,1 | B64: =Source!F30 -> Цена поставщика | C64: Водоотлив оконный шириной планки 250 мм из оцинкованной стали с полимерным покрытием Базисная стоимость: 28,64 = [222 / 1,18 / 6,57] | D64: =Source!H30 -> м | E64: =Source!I30 -> 112 | F64: =Source!AL30+Source!AM30+Source!AO30 -> 28.64 | H64: =ROUND(Source!AC30*Source!I30, 2)+ROUND(Source!AD30*Source!I30, 2)+ROUND(Source!AF30*Source!I30, 2) -> 3207.68 | J64: =IF(Source!BC30<> 0, Source!BC30, 1) -> 6.57 | K64: =Source!O30 -> 21074.46 | S64: =ROUND((Source!FX30/100)*((ROUND(Source!AF30*Source!I30, 2)+ROUND(Source!AE30*Source!I30, 2))), 2) -> 0 | T64: =Source!X30 -> 0 | U64: =ROUND((Source!FY30/100)*((ROUND(Source!AF30*Source!I30, 2)+ROUND(Source!AE30*Source!I30, 2))), 2) -> 0 | V64: =Source!Y30 -> 0 | W64: =IF(Source!BI30<=1,H64, 0) -> 3207.68 | X64: =IF(Source!BI30=2,H64, 0) -> 0 | Y64: =IF(Source!BI30=3,H64, 0) -> 0 | Z64: =IF(Source!BI30=4,H64, 0) -> 0
G65: =H57+H58+H60+H61+H62+SUM(H64:H64) -> 4304.69 | J65: =K57+K58+K60+K61+K62+SUM(K64:K64) -> 28281.79 | L65: =Source!U29 -> 46.3792 | O65: =G65 -> 4304.69 | P65: =J65 -> 28281.79 | Q65: =L65 -> 46.3792 | W65: =IF(Source!BI29<=1,H57+H58+H60+H61+H62, 0) -> 1097.01 | X65: =IF(Source!BI29=2,H57+H58+H60+H61+H62, 0) -> 0 | Y65: =IF(Source!BI29=3,H57+H58+H60+H61+H62, 0) -> 0 | Z65: =IF(Source!BI29=4,H57+H58+H60+H61+H62, 0) -> 0
A66: =Source!E31 -> 5 | B66: =Source!F31 -> 15-01-050-04 | C66: =Source!G31 -> Облицовка оконных и дверных откосов декоративным бумажно-слоистым пластиком или листами из синтетических материалов на клее | D66: =Source!H31 -> 100 м2 | E66: =Source!I31 -> 1.4816 | F66: =Source!AL31+Source!AM31+Source!AO31 -> 1563.91 | I66: =Source!BO31 | S66: =ROUND((Source!FX31/100)*((ROUND(Source!AF31*Source!I31, 2)+ROUND(Source!AE31*Source!I31, 2))), 2) -> 2149.27 | T66: =Source!X31 -> 14195.41 | U66: =ROUND((Source!FY31/100)*((ROUND(Source!AF31*Source!I31, 2)+ROUND(Source!AE31*Source!I31, 2))), 2) -> 1063.26 | V66: =Source!Y31 -> 7022.99
C67: ="Объем: "&Source!I31&"=148,16/"&"100" -> Объем: 1,4816=148,16/100
C68: Зарплата | F68: =Source!AO31 -> 1528.19 | G68: =Source!DG31 | H68: =ROUND(Source!AF31*Source!I31, 2) -> 2264.17 | J68: =IF(Source!BA31<> 0, Source!BA31, 1) -> 6.57 | K68: =Source!S31 -> 14875.57 | R68: =H68 -> 2264.17
C69: Эксплуатация машин | F69: =Source!AM31 -> 35.36 | G69: =Source!DE31 | H69: =ROUND(Source!AD31*Source!I31, 2) -> 52.39 | J69: =IF(Source!BB31<> 0, Source!BB31, 1) -> 6.57 | K69: =Source!Q31 -> 344.2
C70: в т.ч. зарплата машинистов | F70: =Source!AN31 -> 6.88 | G70: =Source!DF31 | H70: =ROUND(Source!AE31*Source!I31, 2) -> 10.19 | J70: =IF(Source!BS31<> 0, Source!BS31, 1) -> 6.57 | K70: =Source!R31 -> 66.97 | R70: =H70 -> 10.19
C71: Материальные ресурсы | F71: =Source!AL31 -> 0.36 | G71: =Source!DD31 | H71: =ROUND(Source!AC31*Source!I31, 2) -> 0.53 | J71: =IF(Source!BC31<> 0, Source!BC31, 1) -> 6.57 | K71: =Source!P31 -> 3.5
C72: НР от ФОТ | D72: % | E72: =Source!BZ31 -> 105 | F72: =CONCATENATE(" )", Source!DL31, Source!FT31, "=", Source!FX31) -> )*0,9=94,5 | H72: =SUM(S66:S80) -> 2149.27 | J72: =Source!AT31 -> 95 | K72: =SUM(T66:T80) -> 14195.41
C73: СП от ФОТ | D73: % | E73: =Source!CA31 -> 55 | F73: =CONCATENATE(" )", Source!DM31, Source!FU31, "=", Source!FY31) -> )*0,85=46,75 | H73: =SUM(U66:U80) -> 1063.26 | J73: =Source!AU31 -> 47 | K73: =SUM(V66:V80) -> 7022.99
C74: Затраты труда | D74: чел-ч | E74: =Source!AQ31 -> 166.47 | G74: =Source!DI31 | L74: =Source!U31 -> 246.64195
A75: =Source!E32 -> 5,1 | B75: =Source!F32 -> 01.6.01.11 | C75: =Source!G32 -> Листы облицовочные декоративные | D75: =Source!H32 -> м2 | E75: =Source!I32 -> 155.568 | F75: =Source!AL32+Source!AM32+Source!AO32 -> 0 | H75: =ROUND(Source!AC32*Source!I32, 2)+ROUND(Source!AD32*Source!I32, 2)+ROUND(Source!AF32*Source!I32, 2) -> 0 | J75: =IF(Source!BC32<> 0, Source!BC32, 1) -> 6.57 | K75: =Source!O32 -> 0 | S75: =ROUND((Source!FX32/100)*((ROUND(Source!AF32*Source!I32, 2)+ROUND(Source!AE32*Source!I32, 2))), 2) -> 0 | T75: =Source!X32 -> 0 | U75: =ROUND((Source!FY32/100)*((ROUND(Source!AF32*Source!I32, 2)+ROUND(Source!AE32*Source!I32, 2))), 2) -> 0 | V75: =Source!Y32 -> 0 | W75: =IF(Source!BI32<=1,H75, 0) -> 0 | X75: =IF(Source!BI32=2,H75, 0) -> 0 | Y75: =IF(Source!BI32=3,H75, 0) -> 0 | Z75: =IF(Source!BI32=4,H75, 0) -> 0
A76: =Source!E33 -> 5,2 | B76: =Source!F33 -> 11.3.03.05-0001 | C76: =Source!G33 -> Панели пластиковые для откосов "Реас Пласт" шириной 0,4 м, длиной 3,0 м, белые матовые, лакированные | D76: =Source!H33 -> м2 | E76: =Source!I33 -> 155.568 | F76: =Source!AL33+Source!AM33+Source!AO33 -> 34.38 | H76: =ROUND(Source!AC33*Source!I33, 2)+ROUND(Source!AD33*Source!I33, 2)+ROUND(Source!AF33*Source!I33, 2) -> 5348.43 | J76: =IF(Source!BC33<> 0, Source!BC33, 1) -> 6.57 | K76: =Source!O33 -> 35139.17 | S76: =ROUND((Source!FX33/100)*((ROUND(Source!AF33*Source!I33, 2)+ROUND(Source!AE33*Source!I33, 2))), 2) -> 0 | T76: =Source!X33 -> 0 | U76: =ROUND((Source!FY33/100)*((ROUND(Source!AF33*Source!I33, 2)+ROUND(Source!AE33*Source!I33, 2))), 2) -> 0 | V76: =Source!Y33 -> 0 | W76: =IF(Source!BI33<=1,H76, 0) -> 5348.43 | X76: =IF(Source!BI33=2,H76, 0) -> 0 | Y76: =IF(Source!BI33=3,H76, 0) -> 0 | Z76: =IF(Source!BI33=4,H76, 0) -> 0
A77: =Source!E34 -> 5,3 | B77: =Source!F34 -> 14.1.06.05 | C77: =Source!G34 -> Клей | D77: =Source!H34 -> кг | E77: =Source!I34 -> 44.448 | F77: =Source!AL34+Source!AM34+Source!AO34 -> 0 | H77: =ROUND(Source!AC34*Source!I34, 2)+ROUND(Source!AD34*Source!I34, 2)+ROUND(Source!AF34*Source!I34, 2) -> 0 | J77: =IF(Source!BC34<> 0, Source!BC34, 1) -> 6.57 | K77: =Source!O34 -> 0 | S77: =ROUND((Source!FX34/100)*((ROUND(Source!AF34*Source!I34, 2)+ROUND(Source!AE34*Source!I34, 2))), 2) -> 0 | T77: =Source!X34 -> 0 | U77: =ROUND((Source!FY34/100)*((ROUND(Source!AF34*Source!I34, 2)+ROUND(Source!AE34*Source!I34, 2))), 2) -> 0 | V77: =Source!Y34 -> 0 | W77: =IF(Source!BI34<=1,H77, 0) -> 0 | X77: =IF(Source!BI34=2,H77, 0) -> 0 | Y77: =IF(Source!BI34=3,H77, 0) -> 0 | Z77: =IF(Source!BI34=4,H77, 0) -> 0
A78: =Source!E35 -> 5,4 | B78: =Source!F35 -> 14.1.02.03-0002 | C78: =Source!G35 -> Клей ПВА | D78: =Source!H35 -> кг | E78: =Source!I35 -> 44.448 | F78: =Source!AL35+Source!AM35+Source!AO35 -> 15.9 | H78: =ROUND(Source!AC35*Source!I35, 2)+ROUND(Source!AD35*Source!I35, 2)+ROUND(Source!AF35*Source!I35, 2) -> 706.72 | J78: =IF(Source!BC35<> 0, Source!BC35, 1) -> 6.57 | K78: =Source!O35 -> 4643.17 | S78: =ROUND((Source!FX35/100)*((ROUND(Source!AF35*Source!I35, 2)+ROUND(Source!AE35*Source!I35, 2))), 2) -> 0 | T78: =Source!X35 -> 0 | U78: =ROUND((Source!FY35/100)*((ROUND(Source!AF35*Source!I35, 2)+ROUND(Source!AE35*Source!I35, 2))), 2) -> 0 | V78: =Source!Y35 -> 0 | W78: =IF(Source!BI35<=1,H78, 0) -> 706.72 | X78: =IF(Source!BI35=2,H78, 0) -> 0 | Y78: =IF(Source!BI35=3,H78, 0) -> 0 | Z78: =IF(Source!BI35=4,H78, 0) -> 0
A79: =Source!E36 -> 5,5 | B79: =Source!F36 -> 14.3.01.01-0001 | C79: =Source!G36 -> Грунтовка: «Бетоконтакт», КНАУФ | D79: =Source!H36 -> кг | E79: =Source!I36 -> 13.18652 | F79: =Source!AL36+Source!AM36+Source!AO36 -> 15.09 | H79: =ROUND(Source!AC36*Source!I36, 2)+ROUND(Source!AD36*Source!I36, 2)+ROUND(Source!AF36*Source!I36, 2) -> 198.98 | J79: =IF(Source!BC36<> 0, Source!BC36, 1) -> 6.57 | K79: =Source!O36 -> 1307.33 | S79: =ROUND((Source!FX36/100)*((ROUND(Source!AF36*Source!I36, 2)+ROUND(Source!AE36*Source!I36, 2))), 2) -> 0 | T79: =Source!X36 -> 0 | U79: =ROUND((Source!FY36/100)*((ROUND(Source!AF36*Source!I36, 2)+ROUND(Source!AE36*Source!I36, 2))), 2) -> 0 | V79: =Source!Y36 -> 0 | W79: =IF(Source!BI36<=1,H79, 0) -> 198.98 | X79: =IF(Source!BI36=2,H79, 0) -> 0 | Y79: =IF(Source!BI36=3,H79, 0) -> 0 | Z79: =IF(Source!BI36=4,H79, 0) -> 0
A80: =Source!E37 -> 5,6 | B80: =Source!F37 -> 14.4.01.21 | C80: =Source!G37 -> Грунтовка | D80: =Source!H37 -> т | E80: =Source!I37 -> 0.013186 | F80: =Source!AL37+Source!AM37+Source!AO37 -> 0 | H80: =ROUND(Source!AC37*Source!I37, 2)+ROUND(Source!AD37*Source!I37, 2)+ROUND(Source!AF37*Source!I37, 2) -> 0 | J80: =IF(Source!BC37<> 0, Source!BC37, 1) -> 6.57 | K80: =Source!O37 -> 0 | S80: =ROUND((Source!FX37/100)*((ROUND(Source!AF37*Source!I37, 2)+ROUND(Source!AE37*Source!I37, 2))), 2) -> 0 | T80: =Source!X37 -> 0 | U80: =ROUND((Source!FY37/100)*((ROUND(Source!AF37*Source!I37, 2)+ROUND(Source!AE37*Source!I37, 2))), 2) -> 0 | V80: =Source!Y37 -> 0 | W80: =IF(Source!BI37<=1,H80, 0) -> 0 | X80: =IF(Source!BI37=2,H80, 0) -> 0 | Y80: =IF(Source!BI37=3,H80, 0) -> 0 | Z80: =IF(Source!BI37=4,H80, 0) -> 0
G81: =H68+H69+H71+H72+H73+SUM(H75:H80) -> 11783.75 | J81: =K68+K69+K71+K72+K73+SUM(K75:K80) -> 77531.34 | L81: =Source!U31 -> 246.64195 | O81: =G81 -> 11783.75 | P81: =J81 -> 77531.34 | Q81: =L81 -> 246.64195 | W81: =IF(Source!BI31<=1,H68+H69+H71+H72+H73, 0) -> 5529.62 | X81: =IF(Source!BI31=2,H68+H69+H71+H72+H73, 0) -> 0 | Y81: =IF(Source!BI31=3,H68+H69+H71+H72+H73, 0) -> 0 | Z81: =IF(Source!BI31=4,H68+H69+H71+H72+H73, 0) -> 0
A82: =Source!E38 -> 6 | B82: =Source!F38 -> 10-01-036-01 | C82: =Source!G38 -> Установка уголков ПВХ на клее | D82: =Source!H38 -> 100 м | E82: =Source!I38 -> 2.9632 | F82: =Source!AL38+Source!AM38+Source!AO38 -> 93.15 | I82: =Source!BO38 | S82: =ROUND((Source!FX38/100)*((ROUND(Source!AF38*Source!I38, 2)+ROUND(Source!AE38*Source!I38, 2))), 2) -> 179.85 | T82: =Source!X38 -> 1179.37 | U82: =ROUND((Source!FY38/100)*((ROUND(Source!AF38*Source!I38, 2)+ROUND(Source!AE38*Source!I38, 2))), 2) -> 90.69 | V82: =Source!Y38 -> 600.81
C83: ="Объем: "&Source!I38&"=296,32/"&"100" -> Объем: 2,9632=296,32/100
C84: Зарплата | F84: =Source!AO38 -> 57.15 | G84: =Source!DG38 | H84: =ROUND(Source!AF38*Source!I38, 2) -> 169.35 | J84: =IF(Source!BA38<> 0, Source!BA38, 1) -> 6.57 | K84: =Source!S38 -> 1112.61 | R84: =H84 -> 169.35
C85: Материальные ресурсы | F85: =Source!AL38 -> 36 | G85: =Source!DD38 | H85: =ROUND(Source!AC38*Source!I38, 2) -> 106.68 | J85: =IF(Source!BC38<> 0, Source!BC38, 1) -> 6.57 | K85: =Source!P38 -> 700.86
C86: НР от ФОТ | D86: % | E86: =Source!BZ38 -> 118 | F86: =CONCATENATE(" )", Source!DL38, Source!FT38, "=", Source!FX38) -> )*0,9=106,2 | H86: =SUM(S82:S90) -> 179.85 | J86: =Source!AT38 -> 106 | K86: =SUM(T82:T90) -> 1179.37
C87: СП от ФОТ | D87: % | E87: =Source!CA38 -> 63 | F87: =CONCATENATE(" )", Source!DM38, Source!FU38, "=", Source!FY38) -> )*0,85=53,55 | H87: =SUM(U82:U90) -> 90.69 | J87: =Source!AU38 -> 54 | K87: =SUM(V82:V90) -> 600.81
C88: Затраты труда | D88: чел-ч | E88: =Source!AQ38 -> 6.7 | G88: =Source!DI38 | L88: =Source!U38 -> 19.85344
A89: =Source!E39 -> 6,1 | B89: =Source!F39 -> 11.3.03.13 | C89: =Source!G39 -> Уголок ПВХ | D89: =Source!H39 -> П.М | E89: =Source!I39 -> 296.32 | F89: =Source!AL39+Source!AM39+Source!AO39 -> 0 | H89: =ROUND(Source!AC39*Source!I39, 2)+ROUND(Source!AD39*Source!I39, 2)+ROUND(Source!AF39*Source!I39, 2) -> 0 | J89: =IF(Source!BC39<> 0, Source!BC39, 1) -> 6.57 | K89: =Source!O39 -> 0 | S89: =ROUND((Source!FX39/100)*((ROUND(Source!AF39*Source!I39, 2)+ROUND(Source!AE39*Source!I39, 2))), 2) -> 0 | T89: =Source!X39 -> 0 | U89: =ROUND((Source!FY39/100)*((ROUND(Source!AF39*Source!I39, 2)+ROUND(Source!AE39*Source!I39, 2))), 2) -> 0 | V89: =Source!Y39 -> 0 | W89: =IF(Source!BI39<=1,H89, 0) -> 0 | X89: =IF(Source!BI39=2,H89, 0) -> 0 | Y89: =IF(Source!BI39=3,H89, 0) -> 0 | Z89: =IF(Source!BI39=4,H89, 0) -> 0
A90: =Source!E40 -> 6,2 | B90: =Source!F40 -> 11.3.03.13-0043 | C90: =Source!G40 -> Уголок ПВХ, размером 20х20 мм | D90: =Source!H40 -> 10 м | E90: =Source!I40 -> 29.632 | F90: =Source!AL40+Source!AM40+Source!AO40 -> 25.6 | H90: =ROUND(Source!AC40*Source!I40, 2)+ROUND(Source!AD40*Source!I40, 2)+ROUND(Source!AF40*Source!I40, 2) -> 758.58 | J90: =IF(Source!BC40<> 0, Source!BC40, 1) -> 6.57 | K90: =Source!O40 -> 4983.87 | S90: =ROUND((Source!FX40/100)*((ROUND(Source!AF40*Source!I40, 2)+ROUND(Source!AE40*Source!I40, 2))), 2) -> 0 | T90: =Source!X40 -> 0 | U90: =ROUND((Source!FY40/100)*((ROUND(Source!AF40*Source!I40, 2)+ROUND(Source!AE40*Source!I40, 2))), 2) -> 0 | V90: =Source!Y40 -> 0 | W90: =IF(Source!BI40<=1,H90, 0) -> 758.58 | X90: =IF(Source!BI40=2,H90, 0) -> 0 | Y90: =IF(Source!BI40=3,H90, 0) -> 0 | Z90: =IF(Source!BI40=4,H90, 0) -> 0
G91: =H84+H85+H86+H87+SUM(H89:H90) -> 1305.15 | J91: =K84+K85+K86+K87+SUM(K89:K90) -> 8577.52 | L91: =Source!U38 -> 19.85344 | O91: =G91 -> 1305.15 | P91: =J91 -> 8577.52 | Q91: =L91 -> 19.85344 | W91: =IF(Source!BI38<=1,H84+H85+H86+H87, 0) -> 546.57 | X91: =IF(Source!BI38=2,H84+H85+H86+H87, 0) -> 0 | Y91: =IF(Source!BI38=3,H84+H85+H86+H87, 0) -> 0 | Z91: =IF(Source!BI38=4,H84+H85+H86+H87, 0) -> 0
A92: =Source!E41 -> 7 | B92: =Source!F41 -> т01-01-01-041 | C92: =Source!G41 -> Погрузочные работы при автомобильных перевозках мусора строительного с погрузкой вручную | D92: =Source!H41 -> 1 Т ГРУЗА | E92: =Source!I41 -> 4.3 | F92: =Source!AK41 -> 42.98 | G92: =Source!DC41 | H92: =ROUND(Source!AB41*Source!I41, 2) -> 184.81 | I92: =Source!BO41 | J92: =Source!AZ41 -> 6.57 | K92: =Source!GM41 -> 1214.23 | S92: =ROUND((Source!FX41/100)*((ROUND(0*Source!I41, 2)+ROUND(0*Source!I41, 2))), 2) -> 0 | T92: =Source!X41 -> 0 | U92: =ROUND((Source!FY41/100)*((ROUND(0*Source!I41, 2)+ROUND(0*Source!I41, 2))), 2) -> 0 | V92: =Source!Y41 -> 0
G93: =H92 -> 184.81 | J93: =K92 -> 1214.23 | L93: =Source!U41 -> 0 | O93: =G93 -> 184.81 | P93: =J93 -> 1214.23 | Q93: =L93 -> 0 | W93: =IF(Source!BI41<=1,H92, 0) -> 184.81 | X93: =IF(Source!BI41=2,H92, 0) -> 0 | Y93: =IF(Source!BI41=3,H92, 0) -> 0 | Z93: =IF(Source!BI41=4,H92, 0) -> 0
A94: =Source!E42 -> 8 | B94: =Source!F42 -> т03-21-01-015 | C94: =Source!G42 -> Перевозка грузов I класса автомобилями-самосвалами грузоподъемностью 10 т работающих вне карьера на расстояние до 15 км | D94: =Source!H42 -> 1 Т ГРУЗА | E94: =Source!I42 -> 4.3 | F94: =Source!AK42 -> 13.38 | G94: =Source!DC42 | H94: =ROUND(Source!AB42*Source!I42, 2) -> 57.53 | I94: =Source!BO42 | J94: =Source!AZ42 -> 6.57 | K94: =Source!GM42 -> 378 | S94: =ROUND((Source!FX42/100)*((ROUND(0*Source!I42, 2)+ROUND(0*Source!I42, 2))), 2) -> 0 | T94: =Source!X42 -> 0 | U94: =ROUND((Source!FY42/100)*((ROUND(0*Source!I42, 2)+ROUND(0*Source!I42, 2))), 2) -> 0 | V94: =Source!Y42 -> 0
G95: =H94 -> 57.53 | J95: =K94 -> 378 | L95: =Source!U42 -> 0 | O95: =G95 -> 57.53 | P95: =J95 -> 378 | Q95: =L95 -> 0 | W95: =IF(Source!BI42<=1,H94, 0) -> 57.53 | X95: =IF(Source!BI42=2,H94, 0) -> 0 | Y95: =IF(Source!BI42=3,H94, 0) -> 0 | Z95: =IF(Source!BI42=4,H94, 0) -> 0
A97: =CONCATENATE("Итого по локальной смете: ",IF(Source!G44<>"Новая локальная смета", Source!G44, "")) -> Итого по локальной смете: | G97: =SUM(O23:O96) -> 149963.19 | J97: =SUM(P23:P96) -> 985498.78 | L97: =SUM(Q23:Q96) -> 881.46275
C98: =Source!H105 -> Итого НДС 18% | J98: =IF(Source!F105=0, "", Source!F105) -> 177389.78
C99: =Source!H106 -> Всего по смете | J99: =IF(Source!F106=0, "", Source!F106) -> 1162888.6
C102: Составил | D102: =IF(Source!AC12<>"", Source!AC12," ") | I102: =IF(Source!AB12<>"", Source!AB12," ")
D103: [должность,подпись(инициалы,фамилия)]
C105: Проверил | D105: =IF(Source!AE12<>"", Source!AE12," ") | I105: =IF(Source!AD12<>"", Source!AD12," ")
D106: [должность,подпись(инициалы,фамилия)]

Sheet Акт КС-2 c НР и СП
A1: =Source!B1 -> Smeta.RU (495) 974-1589
E2: Унифицированная форма № КС-2
E3: Утверждена постановлением Госкомстата России
E4: от 11.11.99. № 100
G6: Код
F7: Форма по ОКУД | G7: 0322005
G8: =IF(Source!AT15 <> "", Source!AT15, "")
A9: Инвестор | C9: =IF(Source!BA15 <> "", Source!BA15, IF(Source!AU15 <> "", Source!AU15, "")) | F9: по ОКПО
C10: организация, адрес, телефон, факс | G10: =IF(Source!AK15 <> "", Source!AK15, "")
A11: Заказчик | C11: =IF(Source!AX12<> "", Source!AX12, IF(Source!AJ12 <> "", Source!AJ12, "")) | F11: по ОКПО
C12: организация, адрес, телефон, факс | G12: =IF(Source!AO15 <> "", Source!AO15, "")
A13: Подрядчик | C13: =IF(Source!AY12<> "", Source!AY12, IF(Source!AN12 <> "", Source!AN12, "")) | F13: по ОКПО
C14: организация, адрес, телефон, факс | G14: =IF(Source!CO15 <> "", Source!CO15, "")
A15: Стройка | C15: Капитальный ремонт окооных проемов общежития 301,332ДИТИ НИЯУ МИФИ_цена поставщика | AE15: Капитальный ремонт окооных проемов общежития 301,332ДИТИ НИЯУ МИФИ_цена поставщика
C16: наименование, адрес | G16: =IF(Source!CP15 <> "", Source!CP15, "")
A17: Объект | C17: =IF(Source!G12<>"Новый объект", Source!G12, "") -> Капитальный ремонт окооных проемов общежития 301,332ДИТИ НИЯУ МИФИ_цена поставщика | AE17: =IF(Source!G12<>"Новый объект", Source!G12, "") -> Капитальный ремонт окооных проемов общежития 301,332ДИТИ НИЯУ МИФИ_цена поставщика
C18: наименование
D19: Вид деятельности по ОКДП | G19: =IF(Source!CQ15 <> "", Source!CQ15, "")
D20: Договор подряда | F20: номер | G20: =IF(Source!CR15 <> "", Source!CR15, "")
F21: дата | G21: =IF(Source!CS15 <> 0, Source!CS15, "")
F22: Вид операции | G22: =IF(Source!CT15 <> "", Source!CT15, "")
D24: Номер документа | E24: Дата составления | F24: Отчетный период
F25: с | G25: по
D26: =IF(Source!CN15 <> "", Source!CN15, "") | E26: 43133.475
A28: AKT
A29: О ПРИЕМКЕ ВЫПОЛНЕННЫХ РАБОТ
A31: Сметная (договорная) стоимость в соответствии с договором подряда (субподряда) | F31: =(Source!F106/1000) -> 1162.8886 | H31: тыс.руб
A33: Номер | C33: Наименование работ | D33: Номер единичной расценки | E33: Единица измерения | F33: Выполнено работ
A34: по порядку | B34: поз. по смете | F34: Количество | G34: цена за единицу, руб | H34: стоимость, руб
A35: 1 | B35: 2 | C35: 3 | D35: 4 | E35: 5 | F35: 6 | G35: 7 | H35: 8
A37: =CONCATENATE("Локальная смета: ",IF(Source!G20<>"Новая локальная смета", Source!G20, "")) -> Локальная смета:
A38: 1 | B38: =Source!E24 -> 1 | C38: =Source!G24 -> Разборка деревянных заполнений проемов оконных с подоконными досками | D38: =Source!F24 -> 46-04-012-01 | E38: =Source!H24 -> 100 м2 | F38: =Source!I24 -> 1.6128 | G38: =Source!AB24 -> 1767.24 | H38: =Source!O24 -> 18725.85 | T38: =Source!O24+Source!X24+Source!Y24 -> 46184.06 | U38: =Source!P24 -> 0 | V38: =Source!S24 -> 16162.12 | W38: =Source!Q24 -> 2563.73 | X38: =Source!R24 -> 1107.19 | Y38: =Source!U24 -> 304.07731 | Z38: =Source!V24 -> 12.483072 | AA38: =Source!X24 -> 17096.62 | AB38: =Source!Y24 -> 10361.59
C39: ="Объем: "&Source!I24&"=161,28/"&"100" -> Объем: 1,6128=161,28/100
C40: Коэфф. к ОЗП | D40: =Source!BA24 -> 6.57
C41: Коэфф. к эксплуатации машин | D41: =Source!BB24 -> 6.57
C42: Коэфф. к материалам | D42: =Source!BC24 -> 6.57
C43: Коэфф. к ЗПМ | D43: =Source!BS24 -> 6.57
C44: % НР | F44: =Source!BZ24 -> 110 | G44: =(Source!AF24+Source!AE24)*Source!FX24/100 -> 1613.4822 | H44: =Source!X24 -> 17096.62
C45: % НР с поправкой | G45: =CONCATENATE(Source!DL24,Source!FT24, "=", Source!FX24, "%") -> *0,9=99% | H45: =CONCATENATE(Source!AT24) -> 99
C46: % СП | F46: =Source!CA24 -> 70 | G46: =(Source!AF24+Source!AE24)*Source!FY24/100 -> 969.7191 | H46: =Source!Y24 -> 10361.59
C47: СП с поправкой | G47: =CONCATENATE(Source!DM24,Source!FU24, "=", Source!FY24, "%") -> *0,85=59,5% | H47: =CONCATENATE(Source!AU24) -> 60
C48: Итого с НР и СП | G48: =((Source!AF24+Source!AE24)*Source!FX24/100)+((Source!AF24+Source!AE24)*Source!FY24/100)+Source!AB24 -> 4350.4413 | H48: =Source!O24+Source!X24+Source!Y24 -> 46184.06
A49: 2 | B49: =Source!E25 -> 2 | C49: =Source!G25 -> Установка в жилых и общественных зданиях оконных блоков из ПВХ профилей поворотных (откидных, поворотно-откидных) с площадью проема более 2 м2 трехстворчатых, в том числе при наличии створок глухого остекления | D49: =Source!F25 -> 10-01-034-08 | E49: =Source!H25 -> 100 м2 | F49: =Source!I25 -> 1.6128 | G49: =Source!AB25 -> 10107.89 | H49: =Source!O25 -> 107104.18 | T49: =Source!O25+Source!X25+Source!Y25 -> 130059.23 | U49: =Source!P25 -> 90586.24 | V49: =Source!S25 -> 13813.71 | W49: =Source!Q25 -> 2704.23 | X49: =Source!R25 -> 533.2 | Y49: =Source!U25 -> 240.56525 | Z49: =Source!V25 -> 6.822144 | AA49: =Source!X25 -> 15207.72 | AB49: =Source!Y25 -> 7747.33
C50: ="Объем: "&Source!I25&"=161,28/"&"100" -> Объем: 1,6128=161,28/100
C51: Коэфф. к ОЗП | D51: =Source!BA25 -> 6.57
C52: Коэфф. к эксплуатации машин | D52: =Source!BB25 -> 6.57
C53: Коэфф. к материалам | D53: =Source!BC25 -> 6.57
C54: Коэфф. к ЗПМ | D54: =Source!BS25 -> 6.57
C55: % НР | F55: =Source!BZ25 -> 118 | G55: =(Source!AF25+Source!AE25)*Source!FX25/100 -> 1437.9268 | H55: =Source!X25 -> 15207.72
C56: % НР с поправкой | G56: =CONCATENATE(Source!DL25,Source!FT25, "=", Source!FX25, "%") -> *0,9=106,2% | H56: =CONCATENATE(Source!AT25) -> 106
C57: % СП | F57: =Source!CA25 -> 63 | G57: =(Source!AF25+Source!AE25)*Source!FY25/100 -> 725.05629 | H57: =Source!Y25 -> 7747.33
C58: СП с поправкой | G58: =CONCATENATE(Source!DM25,Source!FU25, "=", Source!FY25, "%") -> *0,85=53,55% | H58: =CONCATENATE(Source!AU25) -> 54
C59: Итого с НР и СП | G59: =((Source!AF25+Source!AE25)*Source!FX25/100)+((Source!AF25+Source!AE25)*Source!FY25/100)+Source!AB25 -> 12270.873 | H59: =Source!O25+Source!X25+Source!Y25 -> 130059.23
A60: 3 | B60: =Source!E26 -> 2,1 | C60: Блок оконный пластиковый Базисная стоимость: 446,07 = [3 458,17 / 1,18 / 6,57] | D60: =Source!F26 -> Цена поставщика | E60: =Source!H26 -> м2 | F60: =Source!I26 -> 161.28 | G60: =Source!AB26 -> 446.07 | H60: =Source!O26 -> 472660.05 | T60: =Source!O26+Source!X26+Source!Y26 -> 472660.05 | U60: =Source!P26 -> 472660.05 | V60: =Source!S26 -> 0 | W60: =Source!Q26 -> 0 | X60: =Source!R26 -> 0 | Y60: =Source!U26 -> 0 | Z60: =Source!V26 -> 0 | AA60: =Source!X26 -> 0 | AB60: =Source!Y26 -> 0
C61: Коэфф. к материалам | D61: =Source!BC26 -> 6.57
A62: 4 | B62: =Source!E27 -> 3 | C62: =Source!G27 -> Установка подоконных досок из ПВХ в каменных стенах толщиной свыше 0,51 м | D62: =Source!F27 -> 10-01-035-03 | E62: =Source!H27 -> 100 м | F62: =Source!I27 -> 1.12 | G62: =Source!AB27 -> 6481.17 | H62: =Source!O27 -> 47691.04 | T62: =Source!O27+Source!X27+Source!Y27 -> 49890.32 | U62: =Source!P27 -> 46187.94 | V62: =Source!S27 -> 1341.95 | W62: =Source!Q27 -> 161.15 | X62: =Source!R27 -> 32.6 | Y62: =Source!U27 -> 23.9456 | Z62: =Source!V27 -> 0.4144 | AA62: =Source!X27 -> 1457.02 | AB62: =Source!Y27 -> 742.26
C63: ="Объем: "&Source!I27&"=112/"&"100" -> Объем: 1,12=112/100
C64: Коэфф. к ОЗП | D64: =Source!BA27 -> 6.57
C65: Коэфф. к эксплуатации машин | D65: =Source!BB27 -> 6.57
C66: Коэфф. к материалам | D66: =Source!BC27 -> 6.57
C67: Коэфф. к ЗПМ | D67: =Source!BS27 -> 6.57
C68: % НР | F68: =Source!BZ27 -> 118 | G68: =(Source!AF27+Source!AE27)*Source!FX27/100 -> 198.3816 | H68: =Source!X27 -> 1457.02
C69: % НР с поправкой | G69: =CONCATENATE(Source!DL27,Source!FT27, "=", Source!FX27, "%") -> *0,9=106,2% | H69: =CONCATENATE(Source!AT27) -> 106
C70: % СП | F70: =Source!CA27 -> 63 | G70: =(Source!AF27+Source!AE27)*Source!FY27/100 -> 100.0314 | H70: =Source!Y27 -> 742.26
C71: СП с поправкой | G71: =CONCATENATE(Source!DM27,Source!FU27, "=", Source!FY27, "%") -> *0,85=53,55% | H71: =CONCATENATE(Source!AU27) -> 54
C72: Итого с НР и СП | G72: =((Source!AF27+Source!AE27)*Source!FX27/100)+((Source!AF27+Source!AE27)*Source!FY27/100)+Source!AB27 -> 6779.583 | H72: =Source!O27+Source!X27+Source!Y27 -> 49890.32
A73: 5 | B73: =Source!E28 -> 3,1 | C73: Доска подоконная Базисная стоимость: 232,01 = [1 798,67 / 1,18 / 6,57] | D73: =Source!F28 -> Цена поставщика | E73: =Source!H28 -> м | F73: =Source!I28 -> 112 | G73: =Source!AB28 -> 232.01 | H73: =Source!O28 -> 170722.24 | T73: =Source!O28+Source!X28+Source!Y28 -> 170722.24 | U73: =Source!P28 -> 170722.24 | V73: =Source!S28 -> 0 | W73: =Source!Q28 -> 0 | X73: =Source!R28 -> 0 | Y73: =Source!U28 -> 0 | Z73: =Source!V28 -> 0 | AA73: =Source!X28 -> 0 | AB73: =Source!Y28 -> 0
C74: Коэфф. к материалам | D74: =Source!BC28 -> 6.57
A75: 6 | B75: =Source!E29 -> 4 | C75: =Source!G29 -> Смена обделок из листовой стали (поясков, сандриков, отливов, карнизов) шириной до 0,4 м | D75: =Source!F29 -> 58-20-1 | E75: =Source!H29 -> 100 м | F75: =Source!I29 -> 1.12 | G75: =Source!AB29 -> 454.41 | H75: =Source!O29 -> 3343.73 | T75: =Source!O29+Source!X29+Source!Y29 -> 7207.33 | U75: =Source!P29 -> 706.77 | V75: =Source!S29 -> 2599.21 | W75: =Source!Q29 -> 37.75 | X75: =Source!R29 -> 11.33 | Y75: =Source!U29 -> 46.3792 | Z75: =Source!V29 -> 0.1344 | AA75: =Source!X29 -> 2166.75 | AB75: =Source!Y29 -> 1696.85
C76: ="Объем: "&Source!I29&"=112/"&"100" -> Объем: 1,12=112/100
C77: Коэфф. к ОЗП | D77: =Source!BA29 -> 6.57
C78: Коэфф. к эксплуатации машин | D78: =Source!BB29 -> 6.57
C79: Коэфф. к материалам | D79: =Source!BC29 -> 6.57
C80: Коэфф. к ЗПМ | D80: =Source!BS29 -> 6.57
C81: % НР | F81: =Source!BZ29 -> 83 | G81: =(Source!AF29+Source!AE29)*Source!FX29/100 -> 294.4591 | H81: =Source!X29 -> 2166.75
C82: % СП | F82: =Source!CA29 -> 65 | G82: =(Source!AF29+Source!AE29)*Source!FY29/100 -> 230.6005 | H82: =Source!Y29 -> 1696.85
C83: Итого с НР и СП | G83: =((Source!AF29+Source!AE29)*Source!FX29/100)+((Source!AF29+Source!AE29)*Source!FY29/100)+Source!AB29 -> 979.4696 | H83: =Source!O29+Source!X29+Source!Y29 -> 7207.33
A84: 7 | B84: =Source!E30 -> 4,1 | C84: Водоотлив оконный шириной планки 250 мм из оцинкованной стали с полимерным покрытием Базисная стоимость: 28,64 = [222 / 1,18 / 6,57] | D84: =Source!F30 -> Цена поставщика | E84: =Source!H30 -> м | F84: =Source!I30 -> 112 | G84: =Source!AB30 -> 28.64 | H84: =Source!O30 -> 21074.46 | T84: =Source!O30+Source!X30+Source!Y30 -> 21074.46 | U84: =Source!P30 -> 21074.46 | V84: =Source!S30 -> 0 | W84: =Source!Q30 -> 0 | X84: =Source!R30 -> 0 | Y84: =Source!U30 -> 0 | Z84: =Source!V30 -> 0 | AA84: =Source!X30 -> 0 | AB84: =Source!Y30 -> 0
C85: Коэфф. к материалам | D85: =Source!BC30 -> 6.57
A86: 8 | B86: =Source!E31 -> 5 | C86: =Source!G31 -> Облицовка оконных и дверных откосов декоративным бумажно-слоистым пластиком или листами из синтетических материалов на клее | D86: =Source!F31 -> 15-01-050-04 | E86: =Source!H31 -> 100 м2 | F86: =Source!I31 -> 1.4816 | G86: =Source!AB31 -> 1563.91 | H86: =Source!O31 -> 15223.27 | T86: =Source!O31+Source!X31+Source!Y31 -> 36441.67 | U86: =Source!P31 -> 3.5 | V86: =Source!S31 -> 14875.57 | W86: =Source!Q31 -> 344.2 | X86: =Source!R31 -> 66.97 | Y86: =Source!U31 -> 246.64195 | Z86: =Source!V31 -> 0.859328 | AA86: =Source!X31 -> 14195.41 | AB86: =Source!Y31 -> 7022.99
C87: ="Объем: "&Source!I31&"=148,16/"&"100" -> Объем: 1,4816=148,16/100
C88: Коэфф. к ОЗП | D88: =Source!BA31 -> 6.57
C89: Коэфф. к эксплуатации машин | D89: =Source!BB31 -> 6.57
C90: Коэфф. к материалам | D90: =Source!BC31 -> 6.57
C91: Коэфф. к ЗПМ | D91: =Source!BS31 -> 6.57
C92: % НР | F92: =Source!BZ31 -> 105 | G92: =(Source!AF31+Source!AE31)*Source!FX31/100 -> 1450.6412 | H92: =Source!X31 -> 14195.41
C93: % НР с поправкой | G93: =CONCATENATE(Source!DL31,Source!FT31, "=", Source!FX31, "%") -> *0,9=94,5% | H93: =CONCATENATE(Source!AT31) -> 95
C94: % СП | F94: =Source!CA31 -> 55 | G94: =(Source!AF31+Source!AE31)*Source!FY31/100 -> 717.64523 | H94: =Source!Y31 -> 7022.99
C95: СП с поправкой | G95: =CONCATENATE(Source!DM31,Source!FU31, "=", Source!FY31, "%") -> *0,85=46,75% | H95: =CONCATENATE(Source!AU31) -> 47
C96: Итого с НР и СП | G96: =((Source!AF31+Source!AE31)*Source!FX31/100)+((Source!AF31+Source!AE31)*Source!FY31/100)+Source!AB31 -> 3732.1964 | H96: =Source!O31+Source!X31+Source!Y31 -> 36441.67
A97: 9 | B97: =Source!E32 -> 5,1 | C97: =Source!G32 -> Листы облицовочные декоративные | D97: =Source!F32 -> 01.6.01.11 | E97: =Source!H32 -> м2 | F97: =Source!I32 -> 155.568 | G97: =Source!AB32 -> 0 | H97: =Source!O32 -> 0 | T97: =Source!O32+Source!X32+Source!Y32 -> 0 | U97: =Source!P32 -> 0 | V97: =Source!S32 -> 0 | W97: =Source!Q32 -> 0 | X97: =Source!R32 -> 0 | Y97: =Source!U32 -> 0 | Z97: =Source!V32 -> 0 | AA97: =Source!X32 -> 0 | AB97: =Source!Y32 -> 0
C98: Коэфф. к материалам | D98: =Source!BC32 -> 6.57
A99: 10 | B99: =Source!E33 -> 5,2 | C99: =Source!G33 -> Панели пластиковые для откосов "Реас Пласт" шириной 0,4 м, длиной 3,0 м, белые матовые, лакированные | D99: =Source!F33 -> 11.3.03.05-0001 | E99: =Source!H33 -> м2 | F99: =Source!I33 -> 155.568 | G99: =Source!AB33 -> 34.38 | H99: =Source!O33 -> 35139.17 | T99: =Source!O33+Source!X33+Source!Y33 -> 35139.17 | U99: =Source!P33 -> 35139.17 | V99: =Source!S33 -> 0 | W99: =Source!Q33 -> 0 | X99: =Source!R33 -> 0 | Y99: =Source!U33 -> 0 | Z99: =Source!V33 -> 0 | AA99: =Source!X33 -> 0 | AB99: =Source!Y33 -> 0
C100: Коэфф. к материалам | D100: =Source!BC33 -> 6.57
A101: 11 | B101: =Source!E34 -> 5,3 | C101: =Source!G34 -> Клей | D101: =Source!F34 -> 14.1.06.05 | E101: =Source!H34 -> кг | F101: =Source!I34 -> 44.448 | G101: =Source!AB34 -> 0 | H101: =Source!O34 -> 0 | T101: =Source!O34+Source!X34+Source!Y34 -> 0 | U101: =Source!P34 -> 0 | V101: =Source!S34 -> 0 | W101: =Source!Q34 -> 0 | X101: =Source!R34 -> 0 | Y101: =Source!U34 -> 0 | Z101: =Source!V34 -> 0 | AA101: =Source!X34 -> 0 | AB101: =Source!Y34 -> 0
C102: Коэфф. к материалам | D102: =Source!BC34 -> 6.57
A103: 12 | B103: =Source!E35 -> 5,4 | C103: =Source!G35 -> Клей ПВА | D103: =Source!F35 -> 14.1.02.03-0002 | E103: =Source!H35 -> кг | F103: =Source!I35 -> 44.448 | G103: =Source!AB35 -> 15.9 | H103: =Source!O35 -> 4643.17 | T103: =Source!O35+Source!X35+Source!Y35 -> 4643.17 | U103: =Source!P35 -> 4643.17 | V103: =Source!S35 -> 0 | W103: =Source!Q35 -> 0 | X103: =Source!R35 -> 0 | Y103: =Source!U35 -> 0 | Z103: =Source!V35 -> 0 | AA103: =Source!X35 -> 0 | AB103: =Source!Y35 -> 0
C104: Коэфф. к материалам | D104: =Source!BC35 -> 6.57
A105: 13 | B105: =Source!E36 -> 5,5 | C105: =Source!G36 -> Грунтовка: «Бетоконтакт», КНАУФ | D105: =Source!F36 -> 14.3.01.01-0001 | E105: =Source!H36 -> кг | F105: =Source!I36 -> 13.18652 | G105: =Source!AB36 -> 15.09 | H105: =Source!O36 -> 1307.33 | T105: =Source!O36+Source!X36+Source!Y36 -> 1307.33 | U105: =Source!P36 -> 1307.33 | V105: =Source!S36 -> 0 | W105: =Source!Q36 -> 0 | X105: =Source!R36 -> 0 | Y105: =Source!U36 -> 0 | Z105: =Source!V36 -> 0 | AA105: =Source!X36 -> 0 | AB105: =Source!Y36 -> 0
C106: Коэфф. к материалам | D106: =Source!BC36 -> 6.57
...

Sheet Source
A1: 0 | B1: Smeta.RU (495) 974-1589 | D1: _PS_ | F1: 0 | G1: 0 | H1: 0 | I1: Smeta.RU | J1: НИЯУ МИФИ Доп. раб. место MCCS-0027251 | K1: 0 | L1: 27251 | M1: 10
A12: 1 | B12: 137 | C12: 0 | D12: =ROW(A76) -> 76 | E12: 0 | F12: Новый объект_(Копия) | G12: Капитальный ремонт окооных проемов общежития 301,332ДИТИ НИЯУ МИФИ_цена поставщика | I12: 0 | K12: 0 | O12: 0 | P12: 0 | Q12: 0 | R12: 0 | V12: 0 | BH12: Сметные нормы списания | BI12: Коды ценников | BJ12: 1 | BK12: 1 | BL12: 0 | BM12: 0 | BN12: 1 | BO12: 0 | BP12: 6 | BQ12: 2 | BR12: 1 | BS12: 1 | BT12: 0 | BU12: 0 | BV12: 0 | BW12: 0 | BX12: 0 | BY12: ФЕР-2017 | BZ12: ТР для Версии 10: Центральные регионы (с учетом п-ма 2536-ИП/12/ГС от 22.03.2017 г | CA12: ФЕР-2017 | CB12: ФЕР-2017 | CC12: ФЕР-2017 | CD12: ФЕР-2017 | CE12: Поправки для ГСН 2017 от 31.03.2017 г | CF12: 0 | CG12: 0 | CH12: 524296 | CK12: 0 | EC12: 0
A15: 15 | B15: 1
A18: 52 | B18: =B76 -> 137 | C18: =C76 -> 1 | D18: =D76 -> 12 | E18: =E76 -> 0 | F18: =F76 -> Новый объект_(Копия) | G18: =G76 -> Капитальный ремонт окооных проемов общежития 301,332ДИТИ НИЯУ МИФИ_цена поставщика | O18: =O76 -> 904431.83 | P18: =P76 -> 848715.6 | Q18: =Q76 -> 5811.06 | R18: =R76 -> 1751.29 | S18: =S76 -> 49905.17 | T18: =T76 -> 0 | U18: =U76 -> 881.46275 | V18: =V76 -> 20.713344 | ... GX18: =GX76 -> 0
A20: 3 | B20: 1 | D20: =ROW(A44) -> 44 | F20: Новая локальная смета | G20: Новая локальная смета | I20: 0 | K20: 0 | V20: 0 | BX20: 0 | CF20: 0 | CG20: 0
A22: 52 | B22: =B44 -> 1 | C22: =C44 -> 3 | D22: =D44 -> 20 | E22: =E44 -> 0 | F22: =F44 -> Новая локальная смета | G22: =G44 -> Новая локальная смета | O22: =O44 -> 904431.83 | P22: =P44 -> 848715.6 | Q22: =Q44 -> 5811.06 | R22: =R44 -> 1751.29 | S22: =S44 -> 49905.17 | T22: =T44 -> 0 | U22: =U44 -> 881.46275 | V22: =V44 -> 20.713344 | ... GX22: =GX44 -> 0
A24: 17 | B24: 1 | C24: =ROW(SmtRes!A3) -> 3 | D24: =ROW(EtalonRes!A3) -> 3 | E24: 1 | F24: 46-04-012-01 | G24: Разборка деревянных заполнений проемов оконных с подоконными досками | H24: 100 м2 | I24: =ROUND(161.28/100,9) -> 1.6128 | J24: 0 | O24: =ROUND(CP24,2) -> 18725.85 | P24: =ROUND(CQ24*I24,2) -> 0 | Q24: =ROUND(CR24*I24,2) -> 2563.73 | R24: =ROUND(CS24*I24,2) -> 1107.19 | S24: =ROUND(CT24*I24,2) -> 16162.12 | T24: =ROUND(CU24*I24,2) -> 0 | U24: =CV24*I24 -> 304.07731 | V24: =CW24*I24 -> 12.483072 | W24: =ROUND(CX24*I24,2) -> 0 | X24: =ROUND(CY24,2) -> 17096.62 | Y24: =ROUND(CZ24,2) -> 10361.59 | AA24: 16496534 | AB24: =ROUND((AC24+AD24+AF24),6) -> 1767.24 | AC24: =ROUND((ES24),6) -> 0 | AD24: =ROUND((((ET24)-(EU24))+AE24),6) -> 241.95 | AE24: =ROUND((EU24),6) -> 104.49 | AF24: =ROUND((EV24),6) -> 1525.29 | AG24: =ROUND((AP24),6) -> 0 | AH24: =(EW24) -> 188.54 | AI24: =(EX24) -> 7.74 | AJ24: =ROUND((AS24),6) -> 0 | AK24: 1767.24 | AL24: 0 | AM24: 241.95 | AN24: 104.49 | AO24: 1525.29 | AP24: 0 | AQ24: 188.54 | AR24: 7.74 | AS24: 0 | AT24: 99 | AU24: 60 | AV24: 1 | AW24: 1 | AZ24: 6.57 | BA24: 6.57 | BB24: 6.57 | BC24: 6.57 | BH24: 0 | BI24: 1 | BJ24: ФЕР-2001, 46-04-012-01, приказ Минстроя России №1039/пр от 30.12.2016г. | BM24: 46001 | BN24: 0 | BP24: 0 | BQ24: 2 | BR24: 0 | BS24: 6.57 | BT24: 1 | BU24: 1 | BV24: 1 | BW24: 1 | BX24: 1 | BZ24: 110 | CA24: 70 | CF24: 0 | CG24: 0 | CM24: 0 | CO24: 0 | CP24: =(P24+Q24+S24) -> 18725.85 | CQ24: =AC24*BC24 -> 0 | CR24: =AD24*BB24 -> 1589.6115 | CS24: =AE24*BS24 -> 686.4993 | CT24: =AF24*BA24 -> 10021.155 | CU24: =AG24 -> 0 | CV24: =AH24 -> 188.54 | CW24: =AI24 -> 7.74 | CX24: =AJ24 -> 0 | CY24: =(((S24+R24)*AT24)/100) -> 17096.617 | CZ24: =(((S24+R24)*AU24)/100) -> 10361.586 | DN24: 0 | DO24: 0 | DP24: 1 | DQ24: 1 | DU24: 1005 | DV24: 100 м2 | DW24: 100 м2 | DX24: 100 | EE24: 15139168 | EF24: 2 | EG24: Общестроительные работы | EH24: 0 | EJ24: 1 | EK24: 46001 | EL24: Реконструкция зданий и сооружений | EM24: ФЕР-46 | EQ24: 0 | ER24: 1767.24 | ES24: 0 | ET24: 241.95 | EU24: 104.49 | EV24: 1525.29 | EW24: 188.54 | EX24: 7.74 | EY24: 0 | FQ24: 0 | FR24: =ROUND(IF(AND(BH24=3,BI24=3),P24,0),2) -> 0 | FS24: 0 | FT24: *0,9 | FU24: *0,85 | FX24: 99 | FY24: 59.5 | GD24: 0 | GF24: 1630687704 | GG24: 1 | GH24: 1 | GI24: 4 | GJ24: 0 | GK24: =ROUND(R24*(R12)/100,2) -> 0 | GL24: =ROUND(IF(AND(BH24=3,BI24=3,FS24<>0),P24,0),2) -> 0 | GM24: =ROUND(O24+X24+Y24+GK24,2)+GX24 -> 46184.06 | GN24: =IF(OR(BI24=0,BI24=1),ROUND(O24+X24+Y24+GK24,2),0) -> 46184.06 | GO24: =IF(BI24=2,ROUND(O24+X24+Y24+GK24,2),0) -> 0 | GP24: =IF(BI24=4,ROUND(O24+X24+Y24+GK24,2)+GX24,0) -> 0 | GR24: 0 | GS24: 3 | GT24: 0 | GV24: =ROUND(GT24,6) -> 0 | GW24: 1 | GX24: =ROUND(GV24*GW24*I24,2) -> 0 | HA24: 0 | HB24: 0 | IK24: 0
A25: 17 | B25: 1 | C25: =ROW(SmtRes!A14) -> 14 | D25: =ROW(EtalonRes!A14) -> 14 | E25: 2 | F25: 10-01-034-08 | G25: Установка в жилых и общественных зданиях оконных блоков из ПВХ профилей поворотных (откидных, поворотно-откидных) с площадью проема более 2 м2 трехстворчатых, в том числе при наличии створок глухого остекления | H25: 100 м2 | I25: =ROUND(161.28/100,9) -> 1.6128 | J25: 0 | O25: =ROUND(CP25,2) -> 107104.18 | P25: =ROUND(CQ25*I25,2) -> 90586.24 | Q25: =ROUND(CR25*I25,2) -> 2704.23 | R25: =ROUND(CS25*I25,2) -> 533.2 | S25: =ROUND(CT25*I25,2) -> 13813.71 | T25: =ROUND(CU25*I25,2) -> 0 | U25: =CV25*I25 -> 240.56525 | V25: =CW25*I25 -> 6.822144 | W25: =ROUND(CX25*I25,2) -> 0 | X25: =ROUND(CY25,2) -> 15207.72 | Y25: =ROUND(CZ25,2) -> 7747.33 | AA25: 16496534 | AB25: =ROUND((AC25+AD25+AF25),6) -> 10107.89 | AC25: =ROUND((ES25),6) -> 8549.02 | AD25: =ROUND((((ET25)-(EU25))+AE25),6) -> 255.21 | AE25: =ROUND((EU25),6) -> 50.32 | AF25: =ROUND((EV25),6) -> 1303.66 | AG25: =ROUND((AP25),6) -> 0 | AH25: =(EW25) -> 149.16 | AI25: =(EX25) -> 4.23 | AJ25: =ROUND((AS25),6) -> 0 | AK25: 10107.89 | AL25: 8549.02 | AM25: 255.21 | AN25: 50.32 | AO25: 1303.66 | AP25: 0 | AQ25: 149.16 | AR25: 4.23 | AS25: 0 | AT25: 106 | AU25: 54 | AV25: 1 | AW25: 1 | AZ25: 6.57 | BA25: 6.57 | BB25: 6.57 | BC25: 6.57 | BH25: 0 | BI25: 1 | BJ25: ФЕР-2001, 10-01-034-08, приказ Минстроя России №1039/пр от 30.12.2016г. | BM25: 10001 | BN25: 0 | BP25: 0 | BQ25: 2 | BR25: 0 | BS25: 6.57 | BT25: 1 | BU25: 1 | BV25: 1 | BW25: 1 | BX25: 1 | BZ25: 118 | CA25: 63 | CF25: 0 | CG25: 0 | CM25: 0 | CO25: 0 | CP25: =(P25+Q25+S25) -> 107104.18 | CQ25: =AC25*BC25 -> 56167.061 | CR25: =AD25*BB25 -> 1676.7297 | CS25: =AE25*BS25 -> 330.6024 | CT25: =AF25*BA25 -> 8565.0462 | CU25: =AG25 -> 0 | CV25: =AH25 -> 149.16 | CW25: =AI25 -> 4.23 | CX25: =AJ25 -> 0 | CY25: =(((S25+R25)*AT25)/100) -> 15207.725 | CZ25: =(((S25+R25)*AU25)/100) -> 7747.3314 | DN25: 0 | DO25: 0 | DP25: 1 | DQ25: 1 | DU25: 1005 | DV25: 100 м2 | DW25: 100 м2 | DX25: 100 | EE25: 15139100 | EF25: 2 | EG25: Общестроительные работы | EH25: 0 | EJ25: 1 | EK25: 10001 | EL25: Деревянные конструкции | EM25: ФЕР-10 | EQ25: 0 | ER25: 10107.89 | ES25: 8549.02 | ET25: 255.21 | EU25: 50.32 | EV25: 1303.66 | EW25: 149.16 | EX25: 4.23 | EY25: 0 | FQ25: 0 | FR25: =ROUND(IF(AND(BH25=3,BI25=3),P25,0),2) -> 0 | FS25: 0 | FT25: *0,9 | FU25: *0,85 | FX25: 106.2 | FY25: 53.55 | GD25: 0 | GF25: -330529066 | GG25: 1 | GH25: 1 | GI25: 4 | GJ25: 0 | GK25: =ROUND(R25*(R12)/100,2) -> 0 | GL25: =ROUND(IF(AND(BH25=3,BI25=3,FS25<>0),P25,0),2) -> 0 | GM25: =ROUND(O25+X25+Y25+GK25,2)+GX25 -> 130059.23 | GN25: =IF(OR(BI25=0,BI25=1),ROUND(O25+X25+Y25+GK25,2),0) -> 130059.23 | GO25: =IF(BI25=2,ROUND(O25+X25+Y25+GK25,2),0) -> 0 | GP25: =IF(BI25=4,ROUND(O25+X25+Y25+GK25,2)+GX25,0) -> 0 | GR25: 0 | GS25: 3 | GT25: 0 | GV25: =ROUND(GT25,6) -> 0 | GW25: 1 | GX25: =ROUND(GV25*GW25*I25,2) -> 0 | HA25: 0 | HB25: 0 | IK25: 0
A26: 18 | B26: 1 | C26: 14 | E26: 2,1 | F26: Цена поставщика | G26: Блок оконный пластиковый | H26: м2 | I26: =I25*J26 -> 161.28 | J26: 100 | O26: =ROUND(CP26,2) -> 472660.05 | P26: =ROUND(CQ26*I26,2) -> 472660.05 | Q26: =ROUND(CR26*I26,2) -> 0 | R26: =ROUND(CS26*I26,2) -> 0 | S26: =ROUND(CT26*I26,2) -> 0 | T26: =ROUND(CU26*I26,2) -> 0 | U26: =CV26*I26 -> 0 | V26: =CW26*I26 -> 0 | W26: =ROUND(CX26*I26,2) -> 0 | X26: =ROUND(CY26,2) -> 0 | Y26: =ROUND(CZ26,2) -> 0 | AA26: 16496534 | AB26: =ROUND((AC26+AD26+AF26),6) -> 446.07 | AC26: =ROUND((ES26),6) -> 446.07 | AD26: =ROUND((((ET26)-(EU26))+AE26),6) -> 0 | AE26: =ROUND((EU26),6) -> 0 | AF26: =ROUND((EV26),6) -> 0 | AG26: =ROUND((AP26),6) -> 0 | AH26: =(EW26) -> 0 | AI26: =(EX26) -> 0 | AJ26: =ROUND((AS26),6) -> 0 | AK26: 446.07 | AL26: 446.07 | AM26: 0 | AN26: 0 | AO26: 0 | AP26: 0 | AQ26: 0 | AR26: 0 | AS26: 0 | AT26: 106 | AU26: 54 | AV26: 1 | AW26: 1 | AZ26: 6.57 | BA26: 1 | BB26: 1 | BC26: 6.57 | BH26: 3 | BI26: 1 | BM26: 10001 | BN26: 0 | BP26: 0 | BQ26: 2 | BR26: 0 | BS26: 1 | BT26: 1 | BU26: 1 | BV26: 1 | BW26: 1 | BX26: 1 | BZ26: 118 | CA26: 63 | CF26: 0 | CG26: 0 | CM26: 0 | CO26: 0 | CP26: =(P26+Q26+S26) -> 472660.05 | CQ26: =AC26*BC26 -> 2930.6799 | CR26: =AD26*BB26 -> 0 | CS26: =AE26*BS26 -> 0 | CT26: =AF26*BA26 -> 0 | CU26: =AG26 -> 0 | CV26: =AH26 -> 0 | CW26: =AI26 -> 0 | CX26: =AJ26 -> 0 | CY26: =(((S26+R26)*AT26)/100) -> 0 | CZ26: =(((S26+R26)*AU26)/100) -> 0 | DN26: 0 | DO26: 0 | DP26: 1 | DQ26: 1 | DU26: 1005 | DV26: м2 | DW26: м2 | DX26: 1 | EE26: 15139100 | EF26: 2 | EG26: Общестроительные работы | EH26: 0 | EJ26: 1 | EK26: 10001 | EL26: Деревянные конструкции | EM26: ФЕР-10 | EQ26: 0 | ER26: 2930.65 | ES26: 446.07 | ET26: 0 | EU26: 0 | EV26: 0 | EW26: 0 | EX26: 0 | EZ26: 5 | FC26: 1 | FD26: 18 | FF26: 3458.17 | FQ26: 0 | FR26: =ROUND(IF(AND(BH26=3,BI26=3),P26,0),2) -> 0 | FS26: 0 | FT26: *0,9 | FU26: *0,85 | FX26: 106.2 | FY26: 53.55 | GA26: [3 458,17 / 1,18 / 6,57] | GD26: 0 | GF26: -1032967554 | GG26: 1 | GH26: 3 | GI26: 4 | GJ26: 0 | GK26: =ROUND(R26*(R12)/100,2) -> 0 | GL26: =ROUND(IF(AND(BH26=3,BI26=3,FS26<>0),P26,0),2) -> 0 | GM26: =ROUND(O26+X26+Y26+GK26,2)+GX26 -> 472660.05 | GN26: =IF(OR(BI26=0,BI26=1),ROUND(O26+X26+Y26+GK26,2),0) -> 472660.05 | GO26: =IF(BI26=2,ROUND(O26+X26+Y26+GK26,2),0) -> 0 | GP26: =IF(BI26=4,ROUND(O26+X26+Y26+GK26,2)+GX26,0) -> 0 | GR26: 1 | GS26: 1 | GT26: 0 | GV26: =ROUND(GT26,6) -> 0 | GW26: 1 | GX26: =ROUND(GV26*GW26*I26,2) -> 0 | HA26: 0 | HB26: 0 | IK26: 0
A27: 17 | B27: 1 | C27: =ROW(SmtRes!A21) -> 21 | D27: =ROW(EtalonRes!A21) -> 21 | E27: 3 | F27: 10-01-035-03 | G27: Установка подоконных досок из ПВХ в каменных стенах толщиной свыше 0,51 м | H27: 100 м | I27: =ROUND(112/100,9) -> 1.12 | J27: 0 | O27: =ROUND(CP27,2) -> 47691.04 | P27: =ROUND(CQ27*I27,2) -> 46187.94 | Q27: =ROUND(CR27*I27,2) -> 161.15 | R27: =ROUND(CS27*I27,2) -> 32.6 | S27: =ROUND(CT27*I27,2) -> 1341.95 | T27: =ROUND(CU27*I27,2) -> 0 | U27: =CV27*I27 -> 23.9456 | V27: =CW27*I27 -> 0.4144 | W27: =ROUND(CX27*I27,2) -> 0 | X27: =ROUND(CY27,2) -> 1457.02 | Y27: =ROUND(CZ27,2) -> 742.26 | AA27: 16496534 | AB27: =ROUND((AC27+AD27+AF27),6) -> 6481.17 | AC27: =ROUND((ES27),6) -> 6276.9 | AD27: =ROUND((((ET27)-(EU27))+AE27),6) -> 21.9 | AE27: =ROUND((EU27),6) -> 4.43 | AF27: =ROUND((EV27),6) -> 182.37 | AG27: =ROUND((AP27),6) -> 0 | AH27: =(EW27) -> 21.38 | AI27: =(EX27) -> 0.37 | AJ27: =ROUND((AS27),6) -> 0 | AK27: 6481.17 | AL27: 6276.9 | AM27: 21.9 | AN27: 4.43 | AO27: 182.37 | AP27: 0 | AQ27: 21.38 | AR27: 0.37 | AS27: 0 | AT27: 106 | AU27: 54 | AV27: 1 | AW27: 1 | AZ27: 6.57 | BA27: 6.57 | BB27: 6.57 | BC27: 6.57 | BH27: 0 | BI27: 1 | BJ27: ФЕР-2001, 10-01-035-03, приказ Минстроя России №1039/пр от 30.12.2016г. | BM27: 10001 | BN27: 0 | BP27: 0 | BQ27: 2 | BR27: 0 | BS27: 6.57 | BT27: 1 | BU27: 1 | BV27: 1 | BW27: 1 | BX27: 1 | BZ27: 118 | CA27: 63 | CF27: 0 | CG27: 0 | CM27: 0 | CO27: 0 | CP27: =(P27+Q27+S27) -> 47691.04 | CQ27: =AC27*BC27 -> 41239.233 | CR27: =AD27*BB27 -> 143.883 | CS27: =AE27*BS27 -> 29.1051 | CT27: =AF27*BA27 -> 1198.1709 | CU27: =AG27 -> 0 | CV27: =AH27 -> 21.38 | CW27: =AI27 -> 0.37 | CX27: =AJ27 -> 0 | CY27: =(((S27+R27)*AT27)/100) -> 1457.023 | CZ27: =(((S27+R27)*AU27)/100) -> 742.257 | DN27: 0 | DO27: 0 | DP27: 1 | DQ27: 1 | DU27: 1003 | DV27: 100 м | DW27: 100 м | DX27: 100 | EE27: 15139100 | EF27: 2 | EG27: Общестроительные работы | EH27: 0 | EJ27: 1 | EK27: 10001 | EL27: Деревянные конструкции | EM27: ФЕР-10 | EQ27: 0 | ER27: 6481.17 | ES27: 6276.9 | ET27: 21.9 | EU27: 4.43 | EV27: 182.37 | EW27: 21.38 | EX27: 0.37 | EY27: 0 | FQ27: 0 | FR27: =ROUND(IF(AND(BH27=3,BI27=3),P27,0),2) -> 0 | FS27: 0 | FT27: *0,9 | FU27: *0,85 | FX27: 106.2 | FY27: 53.55 | GD27: 0 | GF27: -1968498593 | GG27: 1 | GH27: 1 | GI27: 4 | GJ27: 0 | GK27: =ROUND(R27*(R12)/100,2) -> 0 | GL27: =ROUND(IF(AND(BH27=3,BI27=3,FS27<>0),P27,0),2) -> 0 | GM27: =ROUND(O27+X27+Y27+GK27,2)+GX27 -> 49890.32 | GN27: =IF(OR(BI27=0,BI27=1),ROUND(O27+X27+Y27+GK27,2),0) -> 49890.32 | GO27: =IF(BI27=2,ROUND(O27+X27+Y27+GK27,2),0) -> 0 | GP27: =IF(BI27=4,ROUND(O27+X27+Y27+GK27,2)+GX27,0) -> 0 | GR27: 0 | GS27: 3 | GT27: 0 | GV27: =ROUND(GT27,6) -> 0 | GW27: 1 | GX27: =ROUND(GV27*GW27*I27,2) -> 0 | HA27: 0 | HB27: 0 | IK27: 0
A28: 18 | B28: 1 | C28: 21 | E28: 3,1 | F28: Цена поставщика | G28: Доска подоконная | H28: м | I28: =I27*J28 -> 112 | J28: 100 | O28: =ROUND(CP28,2) -> 170722.24 | P28: =ROUND(CQ28*I28,2) -> 170722.24 | Q28: =ROUND(CR28*I28,2) -> 0 | R28: =ROUND(CS28*I28,2) -> 0 | S28: =ROUND(CT28*I28,2) -> 0 | T28: =ROUND(CU28*I28,2) -> 0 | U28: =CV28*I28 -> 0 | V28: =CW28*I28 -> 0 | W28: =ROUND(CX28*I28,2) -> 0 | X28: =ROUND(CY28,2) -> 0 | Y28: =ROUND(CZ28,2) -> 0 | AA28: 16496534 | AB28: =ROUND((AC28+AD28+AF28),6) -> 232.01 | AC28: =ROUND((ES28),6) -> 232.01 | AD28: =ROUND((((ET28)-(EU28))+AE28),6) -> 0 | AE28: =ROUND((EU28),6) -> 0 | AF28: =ROUND((EV28),6) -> 0 | AG28: =ROUND((AP28),6) -> 0 | AH28: =(EW28) -> 0 | AI28: =(EX28) -> 0 | AJ28: =ROUND((AS28),6) -> 0 | AK28: 232.01 | AL28: 232.01 | AM28: 0 | AN28: 0 | AO28: 0 | AP28: 0 | AQ28: 0 | AR28: 0 | AS28: 0 | AT28: 106 | AU28: 54 | AV28: 1 | AW28: 1 | AZ28: 6.57 | BA28: 1 | BB28: 1 | BC28: 6.57 | BH28: 3 | BI28: 1 | BM28: 10001 | BN28: 0 | BP28: 0 | BQ28: 2 | BR28: 0 | BS28: 1 | BT28: 1 | BU28: 1 | BV28: 1 | BW28: 1 | BX28: 1 | BZ28: 118 | CA28: 63 | CF28: 0 | CG28: 0 | CM28: 0 | CO28: 0 | CP28: =(P28+Q28+S28) -> 170722.24 | CQ28: =AC28*BC28 -> 1524.3057 | CR28: =AD28*BB28 -> 0 | CS28: =AE28*BS28 -> 0 | CT28: =AF28*BA28 -> 0 | CU28: =AG28 -> 0 | CV28: =AH28 -> 0 | CW28: =AI28 -> 0 | CX28: =AJ28 -> 0 | CY28: =(((S28+R28)*AT28)/100) -> 0 | CZ28: =(((S28+R28)*AU28)/100) -> 0 | DN28: 0 | DO28: 0 | DP28: 1 | DQ28: 1 | DU28: 1003 | DV28: м | DW28: м | DX28: 1 | EE28: 15139100 | EF28: 2 | EG28: Общестроительные работы | EH28: 0 | EJ28: 1 | EK28: 10001 | EL28: Деревянные конструкции | EM28: ФЕР-10 | EQ28: 0 | ER28: 1524.3 | ES28: 232.01 | ET28: 0 | EU28: 0 | EV28: 0 | EW28: 0 | EX28: 0 | EZ28: 5 | FC28: 1 | FD28: 18 | FF28: 1798.67 | FQ28: 0 | FR28: =ROUND(IF(AND(BH28=3,BI28=3),P28,0),2) -> 0 | FS28: 0 | FT28: *0,9 | FU28: *0,85 | FX28: 106.2 | FY28: 53.55 | GA28: [1 798,67 / 1,18 / 6,57] | GD28: 0 | GF28: 1331515220 | GG28: 1 | GH28: 3 | GI28: 4 | GJ28: 0 | GK28: =ROUND(R28*(R12)/100,2) -> 0 | GL28: =ROUND(IF(AND(BH28=3,BI28=3,FS28<>0),P28,0),2) -> 0 | GM28: =ROUND(O28+X28+Y28+GK28,2)+GX28 -> 170722.24 | GN28: =IF(OR(BI28=0,BI28=1),ROUND(O28+X28+Y28+GK28,2),0) -> 170722.24 | GO28: =IF(BI28=2,ROUND(O28+X28+Y28+GK28,2),0) -> 0 | GP28: =IF(BI28=4,ROUND(O28+X28+Y28+GK28,2)+GX28,0) -> 0 | GR28: 1 | GS28: 1 | GT28: 0 | GV28: =ROUND(GT28,6) -> 0 | GW28: 1 | GX28: =ROUND(GV28*GW28*I28,2) -> 0 | HA28: 0 | HB28: 0 | IK28: 0
A29: 17 | B29: 1 | C29: =ROW(SmtRes!A28) -> 28 | D29: =ROW(EtalonRes!A29) -> 29 | E29: 4 | F29: 58-20-1 | G29: Смена обделок из листовой стали (поясков, сандриков, отливов, карнизов) шириной до 0,4 м | H29: 100 м | I29: =ROUND(112/100,9) -> 1.12 | J29: 0 | O29: =ROUND(CP29,2) -> 3343.73 | P29: =ROUND(CQ29*I29,2) -> 706.77 | Q29: =ROUND(CR29*I29,2) -> 37.75 | R29: =ROUND(CS29*I29,2) -> 11.33 | S29: =ROUND(CT29*I29,2) -> 2599.21 | T29: =ROUND(CU29*I29,2) -> 0 | U29: =CV29*I29 -> 46.3792 | V29: =CW29*I29 -> 0.1344 | W29: =ROUND(CX29*I29,2) -> 0 | X29: =ROUND(CY29,2) -> 2166.75 | Y29: =ROUND(CZ29,2) -> 1696.85 | AA29: 16496534 | AB29: =ROUND((AC29+AD29+AF29),6) -> 454.41 | AC29: =ROUND((ES29),6) -> 96.05 | AD29: =ROUND((((ET29)-(EU29))+AE29),6) -> 5.13 | AE29: =ROUND((EU29),6) -> 1.54 | AF29: =ROUND((EV29),6) -> 353.23 | AG29: =ROUND((AP29),6) -> 0 | AH29: =(EW29) -> 41.41 | AI29: =(EX29) -> 0.12 | AJ29: =ROUND((AS29),6) -> 0 | AK29: 454.41 | AL29: 96.05 | AM29: 5.13 | AN29: 1.54 | AO29: 353.23 | AP29: 0 | AQ29: 41.41 | AR29: 0.12 | AS29: 0 | AT29: 83 | AU29: 65 | AV29: 1 | AW29: 1 | AZ29: 6.57 | BA29: 6.57 | BB29: 6.57 | BC29: 6.57 | BH29: 0 | BI29: 1 | BJ29: ФЕР-2001, 58-20-1, приказ Минстроя России №1039/пр от 30.12.2016г. | BM29: 58001 | BN29: 0 | BP29: 0 | BQ29: 6 | BR29: 0 | BS29: 6.57 | BT29: 1 | BU29: 1 | BV29: 1 | BW29: 1 | BX29: 1 | BZ29: 83 | CA29: 65 | CF29: 0 | CG29: 0 | CM29: 0 | CO29: 0 | CP29: =(P29+Q29+S29) -> 3343.73 | CQ29: =AC29*BC29 -> 631.0485 | CR29: =AD29*BB29 -> 33.7041 | CS29: =AE29*BS29 -> 10.1178 | CT29: =AF29*BA29 -> 2320.7211 | CU29: =AG29 -> 0 | CV29: =AH29 -> 41.41 | CW29: =AI29 -> 0.12 | CX29: =AJ29 -> 0 | CY29: =(((S29+R29)*AT29)/100) -> 2166.7482 | CZ29: =(((S29+R29)*AU29)/100) -> 1696.851 | DN29: 0 | DO29: 0 | DP29: 1 | DQ29: 1 | DU29: 1003 | DV29: 100 м | DW29: 100 м | DX29: 100 | EE29: 15139180 | EF29: 6 | EG29: Ремонтно-строительные работы | EH29: 0 | EJ29: 1 | EK29: 58001 | EL29: Крыши, кровля | EM29: рФЕР-58 | EQ29: 0 | ER29: 454.41 | ES29: 96.05 | ET29: 5.13 | EU29: 1.54 | EV29: 353.23 | EW29: 41.41 | EX29: 0.12 | EY29: 0 | FQ29: 0 | FR29: =ROUND(IF(AND(BH29=3,BI29=3),P29,0),2) -> 0 | FS29: 0 | FX29: 83 | FY29: 65 | GD29: 0 | GF29: -58071427 | GG29: 1 | GH29: 1 | GI29: 4 | GJ29: 0 | GK29: =ROUND(R29*(R12)/100,2) -> 0 | GL29: =ROUND(IF(AND(BH29=3,BI29=3,FS29<>0),P29,0),2) -> 0 | GM29: =ROUND(O29+X29+Y29+GK29,2)+GX29 -> 7207.33 | GN29: =IF(OR(BI29=0,BI29=1),ROUND(O29+X29+Y29+GK29,2),0) -> 7207.33 | GO29: =IF(BI29=2,ROUND(O29+X29+Y29+GK29,2),0) -> 0 | GP29: =IF(BI29=4,ROUND(O29+X29+Y29+GK29,2)+GX29,0) -> 0 | GR29: 0 | GS29: 3 | GT29: 0 | GV29: =ROUND(GT29,6) -> 0 | GW29: 1 | GX29: =ROUND(GV29*GW29*I29,2) -> 0 | HA29: 0 | HB29: 0 | IK29: 0
A30: 18 | B30: 1 | C30: 28 | E30: 4,1 | F30: Цена поставщика | G30: Водоотлив оконный шириной планки 250 мм из оцинкованной стали с полимерным покрытием | H30: м | I30: =I29*J30 -> 112 | J30: 100 | O30: =ROUND(CP30,2) -> 21074.46 | P30: =ROUND(CQ30*I30,2) -> 21074.46 | Q30: =ROUND(CR30*I30,2) -> 0 | R30: =ROUND(CS30*I30,2) -> 0 | S30: =ROUND(CT30*I30,2) -> 0 | T30: =ROUND(CU30*I30,2) -> 0 | U30: =CV30*I30 -> 0 | V30: =CW30*I30 -> 0 | W30: =ROUND(CX30*I30,2) -> 0 | X30: =ROUND(CY30,2) -> 0 | Y30: =ROUND(CZ30,2) -> 0 | AA30: 16496534 | AB30: =ROUND((AC30+AD30+AF30),6) -> 28.64 | AC30: =ROUND((ES30),6) -> 28.64 | AD30: =ROUND((((ET30)-(EU30))+AE30),6) -> 0 | AE30: =ROUND((EU30),6) -> 0 | AF30: =ROUND((EV30),6) -> 0 | AG30: =ROUND((AP30),6) -> 0 | AH30: =(EW30) -> 0 | AI30: =(EX30) -> 0 | AJ30: =ROUND((AS30),6) -> 0 | AK30: 28.64 | AL30: 28.64 | AM30: 0 | AN30: 0 | AO30: 0 | AP30: 0 | AQ30: 0 | AR30: 0 | AS30: 0 | AT30: 83 | AU30: 65 | AV30: 1 | AW30: 1 | AZ30: 6.57 | BA30: 1 | BB30: 1 | BC30: 6.57 | BH30: 3 | BI30: 1 | BM30: 58001 | BN30: 0 | BP30: 0 | BQ30: 6 | BR30: 0 | BS30: 1 | BT30: 1 | BU30: 1 | BV30: 1 | BW30: 1 | BX30: 1 | BZ30: 83 | CA30: 65 | CF30: 0 | CG30: 0 | CM30: 0 | CO30: 0 | CP30: =(P30+Q30+S30) -> 21074.46 | CQ30: =AC30*BC30 -> 188.1648 | CR30: =AD30*BB30 -> 0 | CS30: =AE30*BS30 -> 0 | CT30: =AF30*BA30 -> 0 | CU30: =AG30 -> 0 | CV30: =AH30 -> 0 | CW30: =AI30 -> 0 | CX30: =AJ30 -> 0 | CY30: =(((S30+R30)*AT30)/100) -> 0 | CZ30: =(((S30+R30)*AU30)/100) -> 0 | DN30: 0 | DO30: 0 | DP30: 1 | DQ30: 1 | DU30: 1003 | DV30: м | DW30: м | DX30: 1 | EE30: 15139180 | EF30: 6 | EG30: Ремонтно-строительные работы | EH30: 0 | EJ30: 1 | EK30: 58001 | EL30: Крыши, кровля | EM30: рФЕР-58 | EQ30: 0 | ER30: 188.14 | ES30: 28.64 | ET30: 0 | EU30: 0 | EV30: 0 | EW30: 0 | EX30: 0 | EZ30: 5 | FC30: 1 | FD30: 18 | FF30: 222 | FQ30: 0 | FR30: =ROUND(IF(AND(BH30=3,BI30=3),P30,0),2) -> 0 | FS30: 0 | FX30: 83 | FY30: 65 | GA30: [222 / 1,18 / 6,57] | GD30: 0 | GF30: -1929252935 | GG30: 1 | GH30: 3 | GI30: 4 | GJ30: 0 | GK30: =ROUND(R30*(R12)/100,2) -> 0 | GL30: =ROUND(IF(AND(BH30=3,BI30=3,FS30<>0),P30,0),2) -> 0 | GM30: =ROUND(O30+X30+Y30+GK30,2)+GX30 -> 21074.46 | GN30: =IF(OR(BI30=0,BI30=1),ROUND(O30+X30+Y30+GK30,2),0) -> 21074.46 | GO30: =IF(BI30=2,ROUND(O30+X30+Y30+GK30,2),0) -> 0 | GP30: =IF(BI30=4,ROUND(O30+X30+Y30+GK30,2)+GX30,0) -> 0 | GR30: 1 | GS30: 1 | GT30: 0 | GV30: =ROUND(GT30,6) -> 0 | GW30: 1 | GX30: =ROUND(GV30*GW30*I30,2) -> 0 | HA30: 0 | HB30: 0 | IK30: 0
A31: 17 | B31: 1 | C31: =ROW(SmtRes!A39) -> 39 | D31: =ROW(EtalonRes!A37) -> 37 | E31: 5 | F31: 15-01-050-04 | G31: Облицовка оконных и дверных откосов декоративным бумажно-слоистым пластиком или листами из синтетических материалов на клее | H31: 100 м2 | I31: =ROUND(148.16/100,9) -> 1.4816 | J31: 0 | O31: =ROUND(CP31,2) -> 15223.27 | P31: =ROUND(CQ31*I31,2) -> 3.5 | Q31: =ROUND(CR31*I31,2) -> 344.2 | R31: =ROUND(CS31*I31,2) -> 66.97 | S31: =ROUND(CT31*I31,2) -> 14875.57 | T31: =ROUND(CU31*I31,2) -> 0 | U31: =CV31*I31 -> 246.64195 | V31: =CW31*I31 -> 0.859328 | W31: =ROUND(CX31*I31,2) -> 0 | X31: =ROUND(CY31,2) -> 14195.41 | Y31: =ROUND(CZ31,2) -> 7022.99 | AA31: 16496534 | AB31: =ROUND((AC31+AD31+AF31),6) -> 1563.91 | AC31: =ROUND((ES31),6) -> 0.36 | AD31: =ROUND((((ET31)-(EU31))+AE31),6) -> 35.36 | AE31: =ROUND((EU31),6) -> 6.88 | AF31: =ROUND((EV31),6) -> 1528.19 | AG31: =ROUND((AP31),6) -> 0 | AH31: =(EW31) -> 166.47 | AI31: =(EX31) -> 0.58 | AJ31: =ROUND((AS31),6) -> 0 | AK31: 1563.91 | AL31: 0.36 | AM31: 35.36 | AN31: 6.88 | AO31: 1528.19 | AP31: 0 | AQ31: 166.47 | AR31: 0.58 | AS31: 0 | AT31: 95 | AU31: 47 | AV31: 1 | AW31: 1 | AZ31: 6.57 | BA31: 6.57 | BB31: 6.57 | BC31: 6.57 | BH31: 0 | BI31: 1 | BJ31: ФЕР-2001, 15-01-050-04, приказ Минстроя России №1039/пр от 30.12.2016г. | BM31: 15001 | BN31: 0 | BP31: 0 | BQ31: 2 | BR31: 0 | BS31: 6.57 | BT31: 1 | BU31: 1 | BV31: 1 | BW31: 1 | BX31: 1 | BZ31: 105 | CA31: 55 | CF31: 0 | CG31: 0 | CM31: 0 | CO31: 0 | CP31: =(P31+Q31+S31) -> 15223.27 | CQ31: =AC31*BC31 -> 2.3652 | CR31: =AD31*BB31 -> 232.3152 | CS31: =AE31*BS31 -> 45.2016 | CT31: =AF31*BA31 -> 10040.208 | CU31: =AG31 -> 0 | CV31: =AH31 -> 166.47 | CW31: =AI31 -> 0.58 | CX31: =AJ31 -> 0 | CY31: =(((S31+R31)*AT31)/100) -> 14195.413 | CZ31: =(((S31+R31)*AU31)/100) -> 7022.9938 | DN31: 0 | DO31: 0 | DP31: 1 | DQ31: 1 | DU31: 1005 | DV31: 100 м2 | DW31: 100 м2 | DX31: 100 | EE31: 15139126 | EF31: 2 | EG31: Общестроительные работы | EH31: 0 | EJ31: 1 | EK31: 15001 | EL31: Отделочные работы | EM31: ФЕР-15 | EQ31: 0 | ER31: 1563.91 | ES31: 0.36 | ET31: 35.36 | EU31: 6.88 | EV31: 1528.19 | EW31: 166.47 | EX31: 0.58 | EY31: 0 | FQ31: 0 | FR31: =ROUND(IF(AND(BH31=3,BI31=3),P31,0),2) -> 0 | FS31: 0 | FT31: *0,9 | FU31: *0,85 | FX31: 94.5 | FY31: 46.75 | GD31: 0 | GF31: 251333065 | GG31: 1 | GH31: 1 | GI31: 4 | GJ31: 0 | GK31: =ROUND(R31*(R12)/100,2) -> 0 | GL31: =ROUND(IF(AND(BH31=3,BI31=3,FS31<>0),P31,0),2) -> 0 | GM31: =ROUND(O31+X31+Y31+GK31,2)+GX31 -> 36441.67 | GN31: =IF(OR(BI31=0,BI31=1),ROUND(O31+X31+Y31+GK31,2),0) -> 36441.67 | GO31: =IF(BI31=2,ROUND(O31+X31+Y31+GK31,2),0) -> 0 | GP31: =IF(BI31=4,ROUND(O31+X31+Y31+GK31,2)+GX31,0) -> 0 | GR31: 0 | GS31: 3 | GT31: 0 | GV31: =ROUND(GT31,6) -> 0 | GW31: 1 | GX31: =ROUND(GV31*GW31*I31,2) -> 0 | HA31: 0 | HB31: 0 | IK31: 0
A32: 18 | B32: 1 | C32: 33 | E32: 5,1 | F32: 01.6.01.11 | G32: Листы облицовочные декоративные | H32: м2 | I32: =I31*J32 -> 155.568 | J32: 105 | O32: =ROUND(CP32,2) -> 0 | P32: =ROUND(CQ32*I32,2) -> 0 | Q32: =ROUND(CR32*I32,2) -> 0 | R32: =ROUND(CS32*I32,2) -> 0 | S32: =ROUND(CT32*I32,2) -> 0 | T32: =ROUND(CU32*I32,2) -> 0 | U32: =CV32*I32 -> 0 | V32: =CW32*I32 -> 0 | W32: =ROUND(CX32*I32,2) -> 0 | X32: =ROUND(CY32,2) -> 0 | Y32: =ROUND(CZ32,2) -> 0 | AA32: 16496534 | AB32: =ROUND((AC32+AD32+AF32),6) -> 0 | AC32: =ROUND((ES32),6) -> 0 | AD32: =ROUND((((ET32)-(EU32))+AE32),6) -> 0 | AE32: =ROUND((EU32),6) -> 0 | AF32: =ROUND((EV32),6) -> 0 | AG32: =ROUND((AP32),6) -> 0 | AH32: =(EW32) -> 0 | AI32: =(EX32) -> 0 | AJ32: =ROUND((AS32),6) -> 0 | AK32: 0 | AL32: 0 | AM32: 0 | AN32: 0 | AO32: 0 | AP32: 0 | AQ32: 0 | AR32: 0 | AS32: 0 | AT32: 95 | AU32: 47 | AV32: 1 | AW32: 1 | AZ32: 6.57 | BA32: 1 | BB32: 1 | BC32: 6.57 | BH32: 3 | BI32: 1 | BM32: 15001 | BN32: 0 | BP32: 0 | BQ32: 2 | BR32: 0 | BS32: 1 | BT32: 1 | BU32: 1 | BV32: 1 | BW32: 1 | BX32: 1 | BZ32: 105 | CA32: 55 | CF32: 0 | CG32: 0 | CM32: 0 | CO32: 0 | CP32: =(P32+Q32+S32) -> 0 | CQ32: =AC32*BC32 -> 0 | CR32: =AD32*BB32 -> 0 | CS32: =AE32*BS32 -> 0 | CT32: =AF32*BA32 -> 0 | CU32: =AG32 -> 0 | CV32: =AH32 -> 0 | CW32: =AI32 -> 0 | CX32: =AJ32 -> 0 | CY32: =(((S32+R32)*AT32)/100) -> 0 | CZ32: =(((S32+R32)*AU32)/100) -> 0 | DN32: 0 | DO32: 0 | DP32: 1 | DQ32: 1 | DU32: 1005 | DV32: м2 | DW32: м2 | DX32: 1 | EE32: 15139126 | EF32: 2 | EG32: Общестроительные работы | EH32: 0 | EJ32: 1 | EK32: 15001 | EL32: Отделочные работы | EM32: ФЕР-15 | EQ32: 0 | ER32: 0 | ES32: 0 | ET32: 0 | EU32: 0 | EV32: 0 | EW32: 0 | EX32: 0 | FQ32: 0 | FR32: =ROUND(IF(AND(BH32=3,BI32=3),P32,0),2) -> 0 | FS32: 0 | FT32: *0,9 | FU32: *0,85 | FX32: 94.5 | FY32: 46.75 | GD32: 0 | GF32: -112006704 | GG32: 1 | GH32: 1 | GI32: 4 | GJ32: 0 | GK32: =ROUND(R32*(R12)/100,2) -> 0 | GL32: =ROUND(IF(AND(BH32=3,BI32=3,FS32<>0),P32,0),2) -> 0 | GM32: =ROUND(O32+X32+Y32+GK32,2)+GX32 -> 0 | GN32: =IF(OR(BI32=0,BI32=1),ROUND(O32+X32+Y32+GK32,2),0) -> 0 | GO32: =IF(BI32=2,ROUND(O32+X32+Y32+GK32,2),0) -> 0 | GP32: =IF(BI32=4,ROUND(O32+X32+Y32+GK32,2)+GX32,0) -> 0 | GR32: 0 | GS32: 3 | GT32: 0 | GV32: =ROUND(GT32,6) -> 0 | GW32: 1 | GX32: =ROUND(GV32*GW32*I32,2) -> 0 | HA32: 0 | HB32: 0 | IK32: 0
A33: 18 | B33: 1 | C33: 35 | E33: 5,2 | F33: 11.3.03.05-0001 | G33: Панели пластиковые для откосов "Реас Пласт" шириной 0,4 м, длиной 3,0 м, белые матовые, лакированные | H33: м2 | I33: =I31*J33 -> 155.568 | J33: 105 | O33: =ROUND(CP33,2) -> 35139.17 | P33: =ROUND(CQ33*I33,2) -> 35139.17 | Q33: =ROUND(CR33*I33,2) -> 0 | R33: =ROUND(CS33*I33,2) -> 0 | S33: =ROUND(CT33*I33,2) -> 0 | T33: =ROUND(CU33*I33,2) -> 0 | U33: =CV33*I33 -> 0 | V33: =CW33*I33 -> 0 | W33: =ROUND(CX33*I33,2) -> 0 | X33: =ROUND(CY33,2) -> 0 | Y33: =ROUND(CZ33,2) -> 0 | AA33: 16496534 | AB33: =ROUND((AC33+AD33+AF33),6) -> 34.38 | AC33: =ROUND((ES33),6) -> 34.38 | AD33: =ROUND((((ET33)-(EU33))+AE33),6) -> 0 | AE33: =ROUND((EU33),6) -> 0 | AF33: =ROUND((EV33),6) -> 0 | AG33: =ROUND((AP33),6) -> 0 | AH33: =(EW33) -> 0 | AI33: =(EX33) -> 0 | AJ33: =ROUND((AS33),6) -> 0 | AK33: 34.38 | AL33: 34.38 | AM33: 0 | AN33: 0 | AO33: 0 | AP33: 0 | AQ33: 0 | AR33: 0 | AS33: 0 | AT33: 95 | AU33: 47 | AV33: 1 | AW33: 1 | AZ33: 6.57 | BA33: 1 | BB33: 1 | BC33: 6.57 | BH33: 3 | BI33: 1 | BJ33: ФССЦ-2001, 11.3.03.05-0001, приказ Минстроя России №1039/пр от 30.12.2016г. | BM33: 15001 | BN33: 0 | BP33: 0 | BQ33: 2 | BR33: 0 | BS33: 1 | BT33: 1 | BU33: 1 | BV33: 1 | BW33: 1 | BX33: 1 | BZ33: 105 | CA33: 55 | CF33: 0 | CG33: 0 | CM33: 0 | CO33: 0 | CP33: =(P33+Q33+S33) -> 35139.17 | CQ33: =AC33*BC33 -> 225.8766 | CR33: =AD33*BB33 -> 0 | CS33: =AE33*BS33 -> 0 | CT33: =AF33*BA33 -> 0 | CU33: =AG33 -> 0 | CV33: =AH33 -> 0 | CW33: =AI33 -> 0 | CX33: =AJ33 -> 0 | CY33: =(((S33+R33)*AT33)/100) -> 0 | CZ33: =(((S33+R33)*AU33)/100) -> 0 | DN33: 0 | DO33: 0 | DP33: 1 | DQ33: 1 | DU33: 1005 | DV33: м2 | DW33: м2 | DX33: 1 | EE33: 15139126 | EF33: 2 | EG33: Общестроительные работы | EH33: 0 | EJ33: 1 | EK33: 15001 | EL33: Отделочные работы | EM33: ФЕР-15 | EQ33: 0 | ER33: 34.38 | ES33: 34.38 | ET33: 0 | EU33: 0 | EV33: 0 | EW33: 0 | EX33: 0 | FQ33: 0 | FR33: =ROUND(IF(AND(BH33=3,BI33=3),P33,0),2) -> 0 | FS33: 0 | FT33: *0,9 | FU33: *0,85 | FX33: 94.5 | FY33: 46.75 | GD33: 0 | GF33: -956992290 | GG33: 1 | GH33: 1 | GI33: 4 | GJ33: 0 | GK33: =ROUND(R33*(R12)/100,2) -> 0 | GL33: =ROUND(IF(AND(BH33=3,BI33=3,FS33<>0),P33,0),2) -> 0 | GM33: =ROUND(O33+X33+Y33+GK33,2)+GX33 -> 35139.17 | GN33: =IF(OR(BI33=0,BI33=1),ROUND(O33+X33+Y33+GK33,2),0) -> 35139.17 | GO33: =IF(BI33=2,ROUND(O33+X33+Y33+GK33,2),0) -> 0 | GP33: =IF(BI33=4,ROUND(O33+X33+Y33+GK33,2)+GX33,0) -> 0 | GR33: 0 | GS33: 3 | GT33: 0 | GV33: =ROUND(GT33,6) -> 0 | GW33: 1 | GX33: =ROUND(GV33*GW33*I33,2) -> 0 | HA33: 0 | HB33: 0 | IK33: 0
A34: 18 | B34: 1 | C34: 37 | E34: 5,3 | F34: 14.1.06.05 | G34: Клей | H34: кг | I34: =I31*J34 -> 44.448 | J34: 30 | O34: =ROUND(CP34,2) -> 0 | P34: =ROUND(CQ34*I34,2) -> 0 | Q34: =ROUND(CR34*I34,2) -> 0 | R34: =ROUND(CS34*I34,2) -> 0 | S34: =ROUND(CT34*I34,2) -> 0 | T34: =ROUND(CU34*I34,2) -> 0 | U34: =CV34*I34 -> 0 | V34: =CW34*I34 -> 0 | W34: =ROUND(CX34*I34,2) -> 0 | X34: =ROUND(CY34,2) -> 0 | Y34: =ROUND(CZ34,2) -> 0 | AA34: 16496534 | AB34: =ROUND((AC34+AD34+AF34),6) -> 0 | AC34: =ROUND((ES34),6) -> 0 | AD34: =ROUND((((ET34)-(EU34))+AE34),6) -> 0 | AE34: =ROUND((EU34),6) -> 0 | AF34: =ROUND((EV34),6) -> 0 | AG34: =ROUND((AP34),6) -> 0 | AH34: =(EW34) -> 0 | AI34: =(EX34) -> 0 | AJ34: =ROUND((AS34),6) -> 0 | AK34: 0 | AL34: 0 | AM34: 0 | AN34: 0 | AO34: 0 | AP34: 0 | AQ34: 0 | AR34: 0 | AS34: 0 | AT34: 95 | AU34: 47 | AV34: 1 | AW34: 1 | AZ34: 6.57 | BA34: 1 | BB34: 1 | BC34: 6.57 | BH34: 3 | BI34: 1 | BM34: 15001 | BN34: 0 | BP34: 0 | BQ34: 2 | BR34: 0 | BS34: 1 | BT34: 1 | BU34: 1 | BV34: 1 | BW34: 1 | BX34: 1 | BZ34: 105 | CA34: 55 | CF34: 0 | CG34: 0 | CM34: 0 | CO34: 0 | CP34: =(P34+Q34+S34) -> 0 | CQ34: =AC34*BC34 -> 0 | CR34: =AD34*BB34 -> 0 | CS34: =AE34*BS34 -> 0 | CT34: =AF34*BA34 -> 0 | CU34: =AG34 -> 0 | CV34: =AH34 -> 0 | CW34: =AI34 -> 0 | CX34: =AJ34 -> 0 | CY34: =(((S34+R34)*AT34)/100) -> 0 | CZ34: =(((S34+R34)*AU34)/100) -> 0 | DN34: 0 | DO34: 0 | DP34: 1 | DQ34: 1 | DU34: 1009 | DV34: кг | DW34: кг | DX34: 1 | EE34: 15139126 | EF34: 2 | EG34: Общестроительные работы | EH34: 0 | EJ34: 1 | EK34: 15001 | EL34: Отделочные работы | EM34: ФЕР-15 | EQ34: 0 | ER34: 0 | ES34: 0 | ET34: 0 | EU34: 0 | EV34: 0 | EW34: 0 | EX34: 0 | FQ34: 0 | FR34: =ROUND(IF(AND(BH34=3,BI34=3),P34,0),2) -> 0 | FS34: 0 | FT34: *0,9 | FU34: *0,85 | FX34: 94.5 | FY34: 46.75 | GD34: 0 | GF34: -1516100259 | GG34: 1 | GH34: 1 | GI34: 4 | GJ34: 0 | GK34: =ROUND(R34*(R12)/100,2) -> 0 | GL34: =ROUND(IF(AND(BH34=3,BI34=3,FS34<>0),P34,0),2) -> 0 | GM34: =ROUND(O34+X34+Y34+GK34,2)+GX34 -> 0 | GN34: =IF(OR(BI34=0,BI34=1),ROUND(O34+X34+Y34+GK34,2),0) -> 0 | GO34: =IF(BI34=2,ROUND(O34+X34+Y34+GK34,2),0) -> 0 | GP34: =IF(BI34=4,ROUND(O34+X34+Y34+GK34,2)+GX34,0) -> 0 | GR34: 0 | GS34: 3 | GT34: 0 | GV34: =ROUND(GT34,6) -> 0 | GW34: 1 | GX34: =ROUND(GV34*GW34*I34,2) -> 0 | HA34: 0 | HB34: 0 | IK34: 0
A35: 18 | B35: 1 | C35: 36 | E35: 5,4 | F35: 14.1.02.03-0002 | G35: Клей ПВА | H35: кг | I35: =I31*J35 -> 44.448 | J35: 30 | O35: =ROUND(CP35,2) -> 4643.17 | P35: =ROUND(CQ35*I35,2) -> 4643.17 | Q35: =ROUND(CR35*I35,2) -> 0 | R35: =ROUND(CS35*I35,2) -> 0 | S35: =ROUND(CT35*I35,2) -> 0 | T35: =ROUND(CU35*I35,2) -> 0 | U35: =CV35*I35 -> 0 | V35: =CW35*I35 -> 0 | W35: =ROUND(CX35*I35,2) -> 0 | X35: =ROUND(CY35,2) -> 0 | Y35: =ROUND(CZ35,2) -> 0 | AA35: 16496534 | AB35: =ROUND((AC35+AD35+AF35),6) -> 15.9 | AC35: =ROUND((ES35),6) -> 15.9 | AD35: =ROUND((((ET35)-(EU35))+AE35),6) -> 0 | AE35: =ROUND((EU35),6) -> 0 | AF35: =ROUND((EV35),6) -> 0 | AG35: =ROUND((AP35),6) -> 0 | AH35: =(EW35) -> 0 | AI35: =(EX35) -> 0 | AJ35: =ROUND((AS35),6) -> 0 | AK35: 15.9 | AL35: 15.9 | AM35: 0 | AN35: 0 | AO35: 0 | AP35: 0 | AQ35: 0 | AR35: 0 | AS35: 0 | AT35: 95 | AU35: 47 | AV35: 1 | AW35: 1 | AZ35: 6.57 | BA35: 1 | BB35: 1 | BC35: 6.57 | BH35: 3 | BI35: 1 | BJ35: ФССЦ-2001, 14.1.02.03-0002, приказ Минстроя России №1039/пр от 30.12.2016г. | BM35: 15001 | BN35: 0 | BP35: 0 | BQ35: 2 | BR35: 0 | BS35: 1 | BT35: 1 | BU35: 1 | BV35: 1 | BW35: 1 | BX35: 1 | BZ35: 105 | CA35: 55 | CF35: 0 | CG35: 0 | CM35: 0 | CO35: 0 | CP35: =(P35+Q35+S35) -> 4643.17 | CQ35: =AC35*BC35 -> 104.463 | CR35: =AD35*BB35 -> 0 | CS35: =AE35*BS35 -> 0 | CT35: =AF35*BA35 -> 0 | CU35: =AG35 -> 0 | CV35: =AH35 -> 0 | CW35: =AI35 -> 0 | CX35: =AJ35 -> 0 | CY35: =(((S35+R35)*AT35)/100) -> 0 | CZ35: =(((S35+R35)*AU35)/100) -> 0 | DN35: 0 | DO35: 0 | DP35: 1 | DQ35: 1 | DU35: 1009 | DV35: кг | DW35: кг | DX35: 1 | EE35: 15139126 | EF35: 2 | EG35: Общестроительные работы | EH35: 0 | EJ35: 1 | EK35: 15001 | EL35: Отделочные работы | EM35: ФЕР-15 | EQ35: 0 | ER35: 15.9 | ES35: 15.9 | ET35: 0 | EU35: 0 | EV35: 0 | EW35: 0 | EX35: 0 | FQ35: 0 | FR35: =ROUND(IF(AND(BH35=3,BI35=3),P35,0),2) -> 0 | FS35: 0 | FT35: *0,9 | FU35: *0,85 | FX35: 94.5 | FY35: 46.75 | GD35: 0 | GF35: 1104462431 | GG35: 1 | GH35: 1 | GI35: 4 | GJ35: 0 | GK35: =ROUND(R35*(R12)/100,2) -> 0 | GL35: =ROUND(IF(AND(BH35=3,BI35=3,FS35<>0),P35,0),2) -> 0 | GM35: =ROUND(O35+X35+Y35+GK35,2)+GX35 -> 4643.17 | GN35: =IF(OR(BI35=0,BI35=1),ROUND(O35+X35+Y35+GK35,2),0) -> 4643.17 | GO35: =IF(BI35=2,ROUND(O35+X35+Y35+GK35,2),0) -> 0 | GP35: =IF(BI35=4,ROUND(O35+X35+Y35+GK35,2)+GX35,0) -> 0 | GR35: 0 | GS35: 3 | GT35: 0 | GV35: =ROUND(GT35,6) -> 0 | GW35: 1 | GX35: =ROUND(GV35*GW35*I35,2) -> 0 | HA35: 0 | HB35: 0 | IK35: 0
A36: 18 | B36: 1 | C36: 38 | E36: 5,5 | F36: 14.3.01.01-0001 | G36: Грунтовка: «Бетоконтакт», КНАУФ | H36: кг | I36: =I31*J36 -> 13.18652 | J36: 8.900189 | O36: =ROUND(CP36,2) -> 1307.33 | P36: =ROUND(CQ36*I36,2) -> 1307.33 | Q36: =ROUND(CR36*I36,2) -> 0 | R36: =ROUND(CS36*I36,2) -> 0 | S36: =ROUND(CT36*I36,2) -> 0 | T36: =ROUND(CU36*I36,2) -> 0 | U36: =CV36*I36 -> 0 | V36: =CW36*I36 -> 0 | W36: =ROUND(CX36*I36,2) -> 0 | X36: =ROUND(CY36,2) -> 0 | Y36: =ROUND(CZ36,2) -> 0 | AA36: 16496534 | AB36: =ROUND((AC36+AD36+AF36),6) -> 15.09 | AC36: =ROUND((ES36),6) -> 15.09 | AD36: =ROUND((((ET36)-(EU36))+AE36),6) -> 0 | AE36: =ROUND((EU36),6) -> 0 | AF36: =ROUND((EV36),6) -> 0 | AG36: =ROUND((AP36),6) -> 0 | AH36: =(EW36) -> 0 | AI36: =(EX36) -> 0 | AJ36: =ROUND((AS36),6) -> 0 | AK36: 15.09 | AL36: 15.09 | AM36: 0 | AN36: 0 | AO36: 0 | AP36: 0 | AQ36: 0 | AR36: 0 | AS36: 0 | AT36: 95 | AU36: 47 | AV36: 1 | AW36: 1 | AZ36: 6.57 | BA36: 1 | BB36: 1 | BC36: 6.57 | BH36: 3 | BI36: 1 | BJ36: ФССЦ-2001, 14.3.01.01-0001, приказ Минстроя России №1039/пр от 30.12.2016г. | BM36: 15001 | BN36: 0 | BP36: 0 | BQ36: 2 | BR36: 0 | BS36: 1 | BT36: 1 | BU36: 1 | BV36: 1 | BW36: 1 | BX36: 1 | BZ36: 105 | CA36: 55 | CF36: 0 | CG36: 0 | CM36: 0 | CO36: 0 | CP36: =(P36+Q36+S36) -> 1307.33 | CQ36: =AC36*BC36 -> 99.1413 | CR36: =AD36*BB36 -> 0 | CS36: =AE36*BS36 -> 0 | CT36: =AF36*BA36 -> 0 | CU36: =AG36 -> 0 | CV36: =AH36 -> 0 | CW36: =AI36 -> 0 | CX36: =AJ36 -> 0 | CY36: =(((S36+R36)*AT36)/100) -> 0 | CZ36: =(((S36+R36)*AU36)/100) -> 0 | DN36: 0 | DO36: 0 | DP36: 1 | DQ36: 1 | DU36: 1009 | DV36: кг | DW36: кг | DX36: 1 | EE36: 15139126 | EF36: 2 | EG36: Общестроительные работы | EH36: 0 | EJ36: 1 | EK36: 15001 | EL36: Отделочные работы | EM36: ФЕР-15 | EQ36: 0 | ER36: 15.09 | ES36: 15.09 | ET36: 0 | EU36: 0 | EV36: 0 | EW36: 0 | EX36: 0 | FQ36: 0 | FR36: =ROUND(IF(AND(BH36=3,BI36=3),P36,0),2) -> 0 | FS36: 0 | FT36: *0,9 | FU36: *0,85 | FX36: 94.5 | FY36: 46.75 | GD36: 0 | GF36: 1453462043 | GG36: 1 | GH36: 1 | GI36: 4 | GJ36: 0 | GK36: =ROUND(R36*(R12)/100,2) -> 0 | GL36: =ROUND(IF(AND(BH36=3,BI36=3,FS36<>0),P36,0),2) -> 0 | GM36: =ROUND(O36+X36+Y36+GK36,2)+GX36 -> 1307.33 | GN36: =IF(OR(BI36=0,BI36=1),ROUND(O36+X36+Y36+GK36,2),0) -> 1307.33 | GO36: =IF(BI36=2,ROUND(O36+X36+Y36+GK36,2),0) -> 0 | GP36: =IF(BI36=4,ROUND(O36+X36+Y36+GK36,2)+GX36,0) -> 0 | GR36: 0 | GS36: 3 | GT36: 0 | GV36: =ROUND(GT36,6) -> 0 | GW36: 1 | GX36: =ROUND(GV36*GW36*I36,2) -> 0 | HA36: 0 | HB36: 0 | IK36: 0
A37: 18 | B37: 1 | C37: 39 | E37: 5,6 | F37: 14.4.01.21 | G37: Грунтовка | H37: т | I37: =I31*J37 -> 0.013186 | J37: 0.008899838 | O37: =ROUND(CP37,2) -> 0 | P37: =ROUND(CQ37*I37,2) -> 0 | Q37: =ROUND(CR37*I37,2) -> 0 | R37: =ROUND(CS37*I37,2) -> 0 | S37: =ROUND(CT37*I37,2) -> 0 | T37: =ROUND(CU37*I37,2) -> 0 | U37: =CV37*I37 -> 0 | V37: =CW37*I37 -> 0 | W37: =ROUND(CX37*I37,2) -> 0 | X37: =ROUND(CY37,2) -> 0 | Y37: =ROUND(CZ37,2) -> 0 | AA37: 16496534 | AB37: =ROUND((AC37+AD37+AF37),6) -> 0 | AC37: =ROUND((ES37),6) -> 0 | AD37: =ROUND((((ET37)-(EU37))+AE37),6) -> 0 | AE37: =ROUND((EU37),6) -> 0 | AF37: =ROUND((EV37),6) -> 0 | AG37: =ROUND((AP37),6) -> 0 | AH37: =(EW37) -> 0 | AI37: =(EX37) -> 0 | AJ37: =ROUND((AS37),6) -> 0 | AK37: 0 | AL37: 0 | AM37: 0 | AN37: 0 | AO37: 0 | AP37: 0 | AQ37: 0 | AR37: 0 | AS37: 0 | AT37: 95 | AU37: 47 | AV37: 1 | AW37: 1 | AZ37: 6.57 | BA37: 1 | BB37: 1 | BC37: 6.57 | BH37: 3 | BI37: 1 | BM37: 15001 | BN37: 0 | BP37: 0 | BQ37: 2 | BR37: 0 | BS37: 1 | BT37: 1 | BU37: 1 | BV37: 1 | BW37: 1 | BX37: 1 | BZ37: 105 | CA37: 55 | CF37: 0 | CG37: 0 | CM37: 0 | CO37: 0 | CP37: =(P37+Q37+S37) -> 0 | CQ37: =AC37*BC37 -> 0 | CR37: =AD37*BB37 -> 0 | CS37: =AE37*BS37 -> 0 | CT37: =AF37*BA37 -> 0 | CU37: =AG37 -> 0 | CV37: =AH37 -> 0 | CW37: =AI37 -> 0 | CX37: =AJ37 -> 0 | CY37: =(((S37+R37)*AT37)/100) -> 0 | CZ37: =(((S37+R37)*AU37)/100) -> 0 | DN37: 0 | DO37: 0 | DP37: 1 | DQ37: 1 | DU37: 1009 | DV37: т | DW37: т | DX37: 1000 | EE37: 15139126 | EF37: 2 | EG37: Общестроительные работы | EH37: 0 | EJ37: 1 | EK37: 15001 | EL37: Отделочные работы | EM37: ФЕР-15 | EQ37: 0 | ER37: 0 | ES37: 0 | ET37: 0 | EU37: 0 | EV37: 0 | EW37: 0 | EX37: 0 | FQ37: 0 | FR37: =ROUND(IF(AND(BH37=3,BI37=3),P37,0),2) -> 0 | FS37: 0 | FT37: *0,9 | FU37: *0,85 | FX37: 94.5 | FY37: 46.75 | GD37: 0 | GF37: -1212923053 | GG37: 1 | GH37: 1 | GI37: 4 | GJ37: 0 | GK37: =ROUND(R37*(R12)/100,2) -> 0 | GL37: =ROUND(IF(AND(BH37=3,BI37=3,FS37<>0),P37,0),2) -> 0 | GM37: =ROUND(O37+X37+Y37+GK37,2)+GX37 -> 0 | GN37: =IF(OR(BI37=0,BI37=1),ROUND(O37+X37+Y37+GK37,2),0) -> 0 | GO37: =IF(BI37=2,ROUND(O37+X37+Y37+GK37,2),0) -> 0 | GP37: =IF(BI37=4,ROUND(O37+X37+Y37+GK37,2)+GX37,0) -> 0 | GR37: 0 | GS37: 3 | GT37: 0 | GV37: =ROUND(GT37,6) -> 0 | GW37: 1 | GX37: =ROUND(GV37*GW37*I37,2) -> 0 | HA37: 0 | HB37: 0 | IK37: 0
A38: 17 | B38: 1 | C38: =ROW(SmtRes!A43) -> 43 | D38: =ROW(EtalonRes!A40) -> 40 | E38: 6 | F38: 10-01-036-01 | G38: Установка уголков ПВХ на клее | H38: 100 м | I38: =ROUND(296.32/100,9) -> 2.9632 | J38: 0 | O38: =ROUND(CP38,2) -> 1813.47 | P38: =ROUND(CQ38*I38,2) -> 700.86 | Q38: =ROUND(CR38*I38,2) -> 0 | R38: =ROUND(CS38*I38,2) -> 0 | S38: =ROUND(CT38*I38,2) -> 1112.61 | T38: =ROUND(CU38*I38,2) -> 0 | U38: =CV38*I38 -> 19.85344 | V38: =CW38*I38 -> 0 | W38: =ROUND(CX38*I38,2) -> 0 | X38: =ROUND(CY38,2) -> 1179.37 | Y38: =ROUND(CZ38,2) -> 600.81 | AA38: 16496534 | AB38: =ROUND((AC38+AD38+AF38),6) -> 93.15 | AC38: =ROUND((ES38),6) -> 36 | AD38: =ROUND((((ET38)-(EU38))+AE38),6) -> 0 | AE38: =ROUND((EU38),6) -> 0 | AF38: =ROUND((EV38),6) -> 57.15 | AG38: =ROUND((AP38),6) -> 0 | AH38: =(EW38) -> 6.7 | AI38: =(EX38) -> 0 | AJ38: =ROUND((AS38),6) -> 0 | AK38: 93.15 | AL38: 36 | AM38: 0 | AN38: 0 | AO38: 57.15 | AP38: 0 | AQ38: 6.7 | AR38: 0 | AS38: 0 | AT38: 106 | AU38: 54 | AV38: 1 | AW38: 1 | AZ38: 6.57 | BA38: 6.57 | BB38: 6.57 | BC38: 6.57 | BH38: 0 | BI38: 1 | BJ38: ФЕР-2001, 10-01-036-01, приказ Минстроя России №1039/пр от 30.12.2016г. | BM38: 10001 | BN38: 0 | BP38: 0 | BQ38: 2 | BR38: 0 | BS38: 6.57 | BT38: 1 | BU38: 1 | BV38: 1 | BW38: 1 | BX38: 1 | BZ38: 118 | CA38: 63 | CF38: 0 | CG38: 0 | CM38: 0 | CO38: 0 | CP38: =(P38+Q38+S38) -> 1813.47 | CQ38: =AC38*BC38 -> 236.52 | CR38: =AD38*BB38 -> 0 | CS38: =AE38*BS38 -> 0 | CT38: =AF38*BA38 -> 375.4755 | CU38: =AG38 -> 0 | CV38: =AH38 -> 6.7 | CW38: =AI38 -> 0 | CX38: =AJ38 -> 0 | CY38: =(((S38+R38)*AT38)/100) -> 1179.3666 | CZ38: =(((S38+R38)*AU38)/100) -> 600.8094 | DN38: 0 | DO38: 0 | DP38: 1 | DQ38: 1 | DU38: 1003 | DV38: 100 м | DW38: 100 м | DX38: 100 | EE38: 15139100 | EF38: 2 | EG38: Общестроительные работы | EH38: 0 | EJ38: 1 | EK38: 10001 | EL38: Деревянные конструкции | EM38: ФЕР-10 | EQ38: 0 | ER38: 93.15 | ES38: 36 | ET38: 0 | EU38: 0 | EV38: 57.15 | EW38: 6.7 | EX38: 0 | EY38: 0 | FQ38: 0 | FR38: =ROUND(IF(AND(BH38=3,BI38=3),P38,0),2) -> 0 | FS38: 0 | FT38: *0,9 | FU38: *0,85 | FX38: 106.2 | FY38: 53.55 | GD38: 0 | GF38: -1862938563 | GG38: 1 | GH38: 1 | GI38: 4 | GJ38: 0 | GK38: =ROUND(R38*(R12)/100,2) -> 0 | GL38: =ROUND(IF(AND(BH38=3,BI38=3,FS38<>0),P38,0),2) -> 0 | GM38: =ROUND(O38+X38+Y38+GK38,2)+GX38 -> 3593.65 | GN38: =IF(OR(BI38=0,BI38=1),ROUND(O38+X38+Y38+GK38,2),0) -> 3593.65 | GO38: =IF(BI38=2,ROUND(O38+X38+Y38+GK38,2),0) -> 0 | GP38: =IF(BI38=4,ROUND(O38+X38+Y38+GK38,2)+GX38,0) -> 0 | GR38: 0 | GS38: 3 | GT38: 0 | GV38: =ROUND(GT38,6) -> 0 | GW38: 1 | GX38: =ROUND(GV38*GW38*I38,2) -> 0 | HA38: 0 | HB38: 0 | IK38: 0
A39: 18 | B39: 1 | C39: 41 | E39: 6,1 | F39: 11.3.03.13 | G39: Уголок ПВХ | H39: П.М | I39: =I38*J39 -> 296.32 | J39: 100 | O39: =ROUND(CP39,2) -> 0 | P39: =ROUND(CQ39*I39,2) -> 0 | Q39: =ROUND(CR39*I39,2) -> 0 | R39: =ROUND(CS39*I39,2) -> 0 | S39: =ROUND(CT39*I39,2) -> 0 | T39: =ROUND(CU39*I39,2) -> 0 | U39: =CV39*I39 -> 0 | V39: =CW39*I39 -> 0 | W39: =ROUND(CX39*I39,2) -> 0 | X39: =ROUND(CY39,2) -> 0 | Y39: =ROUND(CZ39,2) -> 0 | AA39: 16496534 | AB39: =ROUND((AC39+AD39+AF39),6) -> 0 | AC39: =ROUND((ES39),6) -> 0 | AD39: =ROUND((((ET39)-(EU39))+AE39),6) -> 0 | AE39: =ROUND((EU39),6) -> 0 | AF39: =ROUND((EV39),6) -> 0 | AG39: =ROUND((AP39),6) -> 0 | AH39: =(EW39) -> 0 | AI39: =(EX39) -> 0 | AJ39: =ROUND((AS39),6) -> 0 | AK39: 0 | AL39: 0 | AM39: 0 | AN39: 0 | AO39: 0 | AP39: 0 | AQ39: 0 | AR39: 0 | AS39: 0 | AT39: 106 | AU39: 54 | AV39: 1 | AW39: 1 | AZ39: 6.57 | BA39: 1 | BB39: 1 | BC39: 6.57 | BH39: 3 | BI39: 1 | BM39: 10001 | BN39: 0 | BP39: 0 | BQ39: 2 | BR39: 0 | BS39: 1 | BT39: 1 | BU39: 1 | BV39: 1 | BW39: 1 | BX39: 1 | BZ39: 118 | CA39: 63 | CF39: 0 | CG39: 0 | CM39: 0 | CO39: 0 | CP39: =(P39+Q39+S39) -> 0 | CQ39: =AC39*BC39 -> 0 | CR39: =AD39*BB39 -> 0 | CS39: =AE39*BS39 -> 0 | CT39: =AF39*BA39 -> 0 | CU39: =AG39 -> 0 | CV39: =AH39 -> 0 | CW39: =AI39 -> 0 | CX39: =AJ39 -> 0 | CY39: =(((S39+R39)*AT39)/100) -> 0 | CZ39: =(((S39+R39)*AU39)/100) -> 0 | DN39: 0 | DO39: 0 | DP39: 1 | DQ39: 1 | DU39: 1013 | DV39: П.М | DW39: П.М | DX39: 1 | EE39: 15139100 | EF39: 2 | EG39: Общестроительные работы | EH39: 0 | EJ39: 1 | EK39: 10001 | EL39: Деревянные конструкции | EM39: ФЕР-10 | EQ39: 0 | ER39: 0 | ES39: 0 | ET39: 0 | EU39: 0 | EV39: 0 | EW39: 0 | EX39: 0 | FQ39: 0 | FR39: =ROUND(IF(AND(BH39=3,BI39=3),P39,0),2) -> 0 | FS39: 0 | FT39: *0,9 | FU39: *0,85 | FX39: 106.2 | FY39: 53.55 | GD39: 0 | GF39: -1710570218 | GG39: 1 | GH39: 1 | GI39: 4 | GJ39: 0 | GK39: =ROUND(R39*(R12)/100,2) -> 0 | GL39: =ROUND(IF(AND(BH39=3,BI39=3,FS39<>0),P39,0),2) -> 0 | GM39: =ROUND(O39+X39+Y39+GK39,2)+GX39 -> 0 | GN39: =IF(OR(BI39=0,BI39=1),ROUND(O39+X39+Y39+GK39,2),0) -> 0 | GO39: =IF(BI39=2,ROUND(O39+X39+Y39+GK39,2),0) -> 0 | GP39: =IF(BI39=4,ROUND(O39+X39+Y39+GK39,2)+GX39,0) -> 0 | GR39: 0 | GS39: 3 | GT39: 0 | GV39: =ROUND(GT39,6) -> 0 | GW39: 1 | GX39: =ROUND(GV39*GW39*I39,2) -> 0 | HA39: 0 | HB39: 0 | IK39: 0
A40: 18 | B40: 1 | C40: 42 | E40: 6,2 | F40: 11.3.03.13-0043 | G40: Уголок ПВХ, размером 20х20 мм | H40: 10 м | I40: =I38*J40 -> 29.632 | J40: 10 | O40: =ROUND(CP40,2) -> 4983.87 | P40: =ROUND(CQ40*I40,2) -> 4983.87 | Q40: =ROUND(CR40*I40,2) -> 0 | R40: =ROUND(CS40*I40,2) -> 0 | S40: =ROUND(CT40*I40,2) -> 0 | T40: =ROUND(CU40*I40,2) -> 0 | U40: =CV40*I40 -> 0 | V40: =CW40*I40 -> 0 | W40: =ROUND(CX40*I40,2) -> 0 | X40: =ROUND(CY40,2) -> 0 | Y40: =ROUND(CZ40,2) -> 0 | AA40: 16496534 | AB40: =ROUND((AC40+AD40+AF40),6) -> 25.6 | AC40: =ROUND((ES40),6) -> 25.6 | AD40: =ROUND((((ET40)-(EU40))+AE40),6) -> 0 | AE40: =ROUND((EU40),6) -> 0 | AF40: =ROUND((EV40),6) -> 0 | AG40: =ROUND((AP40),6) -> 0 | AH40: =(EW40) -> 0 | AI40: =(EX40) -> 0 | AJ40: =ROUND((AS40),6) -> 0 | AK40: 25.6 | AL40: 25.6 | AM40: 0 | AN40: 0 | AO40: 0 | AP40: 0 | AQ40: 0 | AR40: 0 | AS40: 0 | AT40: 106 | AU40: 54 | AV40: 1 | AW40: 1 | AZ40: 6.57 | BA40: 1 | BB40: 1 | BC40: 6.57 | BH40: 3 | BI40: 1 | BJ40: ФССЦ-2001, 11.3.03.13-0043, приказ Минстроя России №1039/пр от 30.12.2016г. | BM40: 10001 | BN40: 0 | BP40: 0 | BQ40: 2 | BR40: 0 | BS40: 1 | BT40: 1 | BU40: 1 | BV40: 1 | BW40: 1 | BX40: 1 | BZ40: 118 | CA40: 63 | CF40: 0 | CG40: 0 | CM40: 0 | CO40: 0 | CP40: =(P40+Q40+S40) -> 4983.87 | CQ40: =AC40*BC40 -> 168.192 | CR40: =AD40*BB40 -> 0 | CS40: =AE40*BS40 -> 0 | CT40: =AF40*BA40 -> 0 | CU40: =AG40 -> 0 | CV40: =AH40 -> 0 | CW40: =AI40 -> 0 | CX40: =AJ40 -> 0 | CY40: =(((S40+R40)*AT40)/100) -> 0 | CZ40: =(((S40+R40)*AU40)/100) -> 0 | DN40: 0 | DO40: 0 | DP40: 1 | DQ40: 1 | DU40: 1003 | DV40: 10 м | DW40: 10 м | DX40: 10 | EE40: 15139100 | EF40: 2 | EG40: Общестроительные работы | EH40: 0 | EJ40: 1 | EK40: 10001 | EL40: Деревянные конструкции | EM40: ФЕР-10 | EQ40: 0 | ER40: 25.6 | ES40: 25.6 | ET40: 0 | EU40: 0 | EV40: 0 | EW40: 0 | EX40: 0 | FQ40: 0 | FR40: =ROUND(IF(AND(BH40=3,BI40=3),P40,0),2) -> 0 | FS40: 0 | FT40: *0,9 | FU40: *0,85 | FX40: 106.2 | FY40: 53.55 | GD40: 0 | GF40: 189188006 | GG40: 1 | GH40: 1 | GI40: 4 | GJ40: 0 | GK40: =ROUND(R40*(R12)/100,2) -> 0 | GL40: =ROUND(IF(AND(BH40=3,BI40=3,FS40<>0),P40,0),2) -> 0 | GM40: =ROUND(O40+X40+Y40+GK40,2)+GX40 -> 4983.87 | GN40: =IF(OR(BI40=0,BI40=1),ROUND(O40+X40+Y40+GK40,2),0) -> 4983.87 | GO40: =IF(BI40=2,ROUND(O40+X40+Y40+GK40,2),0) -> 0 | GP40: =IF(BI40=4,ROUND(O40+X40+Y40+GK40,2)+GX40,0) -> 0 | GR40: 0 | GS40: 3 | GT40: 0 | GV40: =ROUND(GT40,6) -> 0 | GW40: 1 | GX40: =ROUND(GV40*GW40*I40,2) -> 0 | HA40: 0 | HB40: 0 | IK40: 0
A41: 17 | B41: 1 | E41: 7 | F41: т01-01-01-041 | G41: Погрузочные работы при автомобильных перевозках мусора строительного с погрузкой вручную | H41: 1 Т ГРУЗА | I41: 4.3 | J41: 0 | O41: =0 -> 0 | P41: =0 -> 0 | Q41: =0 -> 0 | R41: =0 -> 0 | S41: =0 -> 0 | T41: =0 -> 0 | U41: =0 -> 0 | V41: =0 -> 0 | ... Y41: =0 -> 0 | AA41: 16496534 | AB41: =ROUND((AK41),6) -> 42.98 | AC41: =0 -> 0 | AD41: =0 -> 0 | AE41: =0 -> 0 | AF41: =0 -> 0 | AG41: =0 -> 0 | AH41: =0 -> 0 | AI41: =0 -> 0 | AJ41: =0 -> 0 | AK41: 42.98 | AL41: 0 | AM41: 0 | AN41: 0 | AO41: 0 | AP41: 0 | AQ41: 0 | AR41: 0 | AS41: 0 | AT41: 0 | AU41: 0 | AV41: 1 | AW41: 1 | AZ41: 6.57 | BA41: 1 | BB41: 1 | BC41: 1 | BH41: 0 | BI41: 1 | BJ41: ФССЦпг-2001, т01-01-01-041, приказ Минстроя России №1039/пр от 30.12.2016г. | BM41: 700004 | BN41: 0 | BP41: 0 | BQ41: 19 | BR41: 0 | BS41: 1 | BT41: 1 | BU41: 1 | BV41: 1 | BW41: 1 | BX41: 1 | BZ41: 0 | CA41: 0 | CF41: 0 | CG41: 0 | CM41: 0 | CO41: 0 | CP41: =AB41*AZ41 -> 282.3786 | CQ41: 0 | CR41: 0 | CS41: 0 | CT41: 0 | CU41: 0 | CV41: 0 | CW41: 0 | CX41: 0 | CY41: 0 | CZ41: 0 | DN41: 0 | DO41: 0 | DP41: 1 | DQ41: 1 | DU41: 1013 | DV41: 1 Т ГРУЗА | DW41: 1 Т ГРУЗА | DX41: 1 | EE41: 15139288 | EF41: 19 | EG41: Погрузочно-разгрузочные работы | EH41: 0 | EJ41: 1 | EK41: 700004 | EL41: Перевозка грузов , (ФССЦпр 2011-изм. № 4-6, раздел 1): погрузочно-разгрузочные работы (НР и СП в прям. затратах ) | EM41: ФССЦпр пог. а/п (2011,изм. 4-6) | EQ41: 0 | ER41: 0 | ES41: 0 | ET41: 0 | EU41: 0 | EV41: 0 | EW41: 0 | EX41: 0 | EY41: 0 | FQ41: 0 | FR41: =ROUND(IF(AND(BH41=3,BI41=3),P41,0),2) -> 0 | FS41: 0 | FX41: 0 | FY41: 0 | GD41: 0 | GF41: 811861299 | GG41: 1 | GH41: 1 | GI41: 4 | GJ41: 2 | GK41: =ROUND(R41*(R12)/100,2) -> 0 | GL41: =ROUND(IF(AND(BH41=3,BI41=3,FS41<>0),P41,0),2) -> 0 | GM41: =ROUND(CP41*I41,2) -> 1214.23 | GN41: =IF(OR(BI41=0,BI41=1),ROUND(CP41*I41,2),0) -> 1214.23 | GO41: =IF(BI41=2,ROUND(CP41*I41,2),0) -> 0 | GP41: =IF(BI41=4,ROUND(CP41*I41,2)+GX41,0) -> 0 | GR41: 0 | GS41: 3 | GV41: =0 -> 0 | GW41: 1 | GX41: =ROUND(GV41*GW41*I41,2) -> 0 | GY41: 0 | GZ41: 0 | HA41: 0 | HB41: 0 | IK41: 0
A42: 17 | B42: 1 | E42: 8 | F42: т03-21-01-015 | G42: Перевозка грузов I класса автомобилями-самосвалами грузоподъемностью 10 т работающих вне карьера на расстояние до 15 км | H42: 1 Т ГРУЗА | I42: 4.3 | J42: 0 | O42: =0 -> 0 | P42: =0 -> 0 | Q42: =0 -> 0 | R42: =0 -> 0 | S42: =0 -> 0 | T42: =0 -> 0 | U42: =0 -> 0 | V42: =0 -> 0 | ... Y42: =0 -> 0 | AA42: 16496534 | AB42: =ROUND((AK42),6) -> 13.38 | AC42: =0 -> 0 | AD42: =0 -> 0 | AE42: =0 -> 0 | AF42: =0 -> 0 | AG42: =0 -> 0 | AH42: =0 -> 0 | AI42: =0 -> 0 | AJ42: =0 -> 0 | AK42: 13.38 | AL42: 0 | AM42: 0 | AN42: 0 | AO42: 0 | AP42: 0 | AQ42: 0 | AR42: 0 | AS42: 0 | AT42: 0 | AU42: 0 | AV42: 1 | AW42: 1 | AZ42: 6.57 | BA42: 1 | BB42: 1 | BC42: 1 | BH42: 0 | BI42: 1 | BJ42: ФССЦпг-2001, т03-21-01-015, приказ Минстроя России №1039/пр от 30.12.2016г. | BM42: 700005 | BN42: 0 | BP42: 0 | BQ42: 10 | BR42: 0 | BS42: 1 | BT42: 1 | BU42: 1 | BV42: 1 | BW42: 1 | BX42: 1 | BZ42: 0 | CA42: 0 | CF42: 0 | CG42: 0 | CM42: 0 | CO42: 0 | CP42: =AB42*AZ42 -> 87.9066 | CQ42: 0 | CR42: 0 | CS42: 0 | CT42: 0 | CU42: 0 | CV42: 0 | CW42: 0 | CX42: 0 | CY42: 0 | CZ42: 0 | DN42: 0 | DO42: 0 | DP42: 1 | DQ42: 1 | DU42: 1013 | DV42: 1 Т ГРУЗА | DW42: 1 Т ГРУЗА | DX42: 1 | EE42: 15139292 | EF42: 10 | EG42: Перевозка грузов авто/транспортом | EH42: 0 | EJ42: 1 | EK42: 700005 | EL42: Перевозкуа грузов (ФССЦпр-2011 - изм. 7, разделы 1-4) - по сметной стоимости | EM42: ФССЦпр , изм. 7 | EQ42: 0 | ER42: 0 | ES42: 0 | ET42: 0 | EU42: 0 | EV42: 0 | EW42: 0 | EX42: 0 | EY42: 0 | FQ42: 0 | FR42: =ROUND(IF(AND(BH42=3,BI42=3),P42,0),2) -> 0 | FS42: 0 | FX42: 0 | FY42: 0 | GD42: 0 | GF42: 57370386 | GG42: 1 | GH42: 1 | GI42: 4 | GJ42: 2 | GK42: =ROUND(R42*(R12)/100,2) -> 0 | GL42: =ROUND(IF(AND(BH42=3,BI42=3,FS42<>0),P42,0),2) -> 0 | GM42: =ROUND(CP42*I42,2) -> 378 | GN42: =IF(OR(BI42=0,BI42=1),ROUND(CP42*I42,2),0) -> 378 | GO42: =IF(BI42=2,ROUND(CP42*I42,2),0) -> 0 | GP42: =IF(BI42=4,ROUND(CP42*I42,2)+GX42,0) -> 0 | GR42: 0 | GS42: 3 | GV42: =0 -> 0 | GW42: 1 | GX42: =ROUND(GV42*GW42*I42,2) -> 0 | GY42: 0 | GZ42: 0 | HA42: 0 | HB42: 0 | IK42: 0
A44: 51 | B44: =B20 -> 1 | C44: =A20 -> 3 | D44: =ROW(A20) -> 20 | F44: =IF(F20<>"",F20,"") -> Новая локальная смета | G44: =IF(G20<>"",G20,"") -> Новая локальная смета | H44: 0 | O44: =ROUND(AB44,2) -> 904431.83 | P44: =ROUND(AC44,2) -> 848715.6 | Q44: =ROUND(AD44,2) -> 5811.06 | R44: =ROUND(AE44,2) -> 1751.29 | S44: =ROUND(AF44,2) -> 49905.17 | T44: =ROUND(AG44,2) -> 0 | U44: =AH44 -> 881.46275 | V44: =AI44 -> 20.713344 | W44: =ROUND(AJ44,2) -> 0 | X44: =ROUND(AK44,2) -> 51302.89 | Y44: =ROUND(AL44,2) -> 28171.83 | AB44: =ROUND(SUMIF(AA24:AA42,"=16496534",O24:O42),2) -> 904431.83 | AC44: =ROUND(SUMIF(AA24:AA42,"=16496534",P24:P42),2) -> 848715.6 | AD44: =ROUND(SUMIF(AA24:AA42,"=16496534",Q24:Q42),2) -> 5811.06 | AE44: =ROUND(SUMIF(AA24:AA42,"=16496534",R24:R42),2) -> 1751.29 | AF44: =ROUND(SUMIF(AA24:AA42,"=16496534",S24:S42),2) -> 49905.17 | AG44: =ROUND(SUMIF(AA24:AA42,"=16496534",T24:T42),2) -> 0 | AH44: =SUMIF(AA24:AA42,"=16496534",U24:U42) -> 881.46275 | AI44: =SUMIF(AA24:AA42,"=16496534",V24:V42) -> 20.713344 | AJ44: =ROUND(SUMIF(AA24:AA42,"=16496534",W24:W42),2) -> 0 | AK44: =ROUND(SUMIF(AA24:AA42,"=16496534",X24:X42),2) -> 51302.89 | AL44: =ROUND(SUMIF(AA24:AA42,"=16496534",Y24:Y42),2) -> 28171.83 | AO44: =ROUND(BX44,2) -> 0 | AP44: =ROUND(BY44,2) -> 0 | AQ44: =ROUND(BZ44,2) -> 0 | AR44: =ROUND(CA44,2) -> 985498.78 | AS44: =ROUND(CB44,2) -> 985498.78 | AT44: =ROUND(CC44,2) -> 0 | AU44: =ROUND(CD44,2) -> 0 | AV44: =ROUND(CE44,2) -> 848715.6 | ... BC44: =ROUND(CL44,2) -> 0 | BX44: =ROUND(SUMIF(AA24:AA42,"=16496534",FQ24:FQ42),2) -> 0 | BY44: =ROUND(SUMIF(AA24:AA42,"=16496534",FR24:FR42),2) -> 0 | BZ44: =ROUND(SUMIF(AA24:AA42,"=16496534",GL24:GL42),2) -> 0 | CA44: =ROUND(SUMIF(AA24:AA42,"=16496534",GM24:GM42),2) -> 985498.78 | CB44: =ROUND(SUMIF(AA24:AA42,"=16496534",GN24:GN42),2) -> 985498.78 | CC44: =ROUND(SUMIF(AA24:AA42,"=16496534",GO24:GO42),2) -> 0 | CD44: =ROUND(SUMIF(AA24:AA42,"=16496534",GP24:GP42),2) -> 0 | CE44: =AC44-BX44 -> 848715.6 | CF44: =AC44-BY44 -> 848715.6 | CG44: =BX44-BZ44 -> 0 | CH44: =AC44-BX44-BY44+BZ44 -> 848715.6 | CI44: =BY44-BZ44 -> 0 | CJ44: =ROUND(SUMIF(AA24:AA42,"=16496534",GX24:GX42),2) -> 0 | CK44: =ROUND(SUMIF(AA24:AA42,"=16496534",GY24:GY42),2) -> 0 | CL44: =ROUND(SUMIF(AA24:AA42,"=16496534",GZ24:GZ42),2) -> 0 | GX44: 0
A46: 50 | B46: 0 | C46: 0 | D46: 1 | E46: 201 | F46: =ROUND(Source!O44,O46) -> 904431.83 | G46: ПЗ | H46: Прямые затраты | K46: 201 | L46: 1 | M46: 3 | O46: 2
A47: 50 | B47: 0 | C47: 0 | D47: 1 | E47: 202 | F47: =ROUND(Source!P44,O47) -> 848715.6 | G47: СтМатОб | H47: Стоимость материальных ресурсов (всего) | K47: 202 | L47: 2 | M47: 3 | O47: 2
A48: 50 | B48: 0 | C48: 0 | D48: 1 | E48: 222 | F48: =ROUND(Source!AO44,O48) -> 0 | G48: СтМатОбЗак | H48: Стоимость материалов и оборудования заказчика | K48: 222 | L48: 3 | M48: 3 | O48: 2
A49: 50 | B49: 0 | C49: 0 | D49: 1 | E49: 225 | F49: =ROUND(Source!AV44,O49) -> 848715.6 | G49: СтМатОбПод | H49: Стоимость материалов и оборудования подрядчика | K49: 225 | L49: 4 | M49: 3 | O49: 2
A50: 50 | B50: 0 | C50: 0 | D50: 1 | E50: 226 | F50: =ROUND(Source!AW44,O50) -> 848715.6 | G50: СтМат | H50: Стоимость материалов (всего) | K50: 226 | L50: 5 | M50: 3 | O50: 2
A51: 50 | B51: 0 | C51: 0 | D51: 1 | E51: 227 | F51: =ROUND(Source!AX44,O51) -> 0 | G51: СтМатЗак | H51: Стоимость материалов заказчика | K51: 227 | L51: 6 | M51: 3 | O51: 2
A52: 50 | B52: 0 | C52: 0 | D52: 1 | E52: 228 | F52: =ROUND(Source!AY44,O52) -> 848715.6 | G52: СтМатПод | H52: Стоимость материалов подрядчика | K52: 228 | L52: 7 | M52: 3 | O52: 2
A53: 50 | B53: 0 | C53: 0 | D53: 1 | E53: 216 | F53: =ROUND(Source!AP44,O53) -> 0 | G53: Оборуд | H53: Стоимость оборудования (всего) | K53: 216 | L53: 8 | M53: 3 | O53: 2
A54: 50 | B54: 0 | C54: 0 | D54: 1 | E54: 223 | F54: =ROUND(Source!AQ44,O54) -> 0 | G54: ОборудЗак | H54: Стоимость оборудования заказчика | K54: 223 | L54: 9 | M54: 3 | O54: 2
A55: 50 | B55: 0 | C55: 0 | D55: 1 | E55: 229 | F55: =ROUND(Source!AZ44,O55) -> 0 | G55: ОборудПод | H55: Стоимость оборудования подрядчика | K55: 229 | L55: 10 | M55: 3 | O55: 2
A56: 50 | B56: 0 | C56: 0 | D56: 1 | E56: 203 | F56: =ROUND(Source!Q44,O56) -> 5811.06 | G56: ЭММ | H56: Эксплуатация машин | K56: 203 | L56: 11 | M56: 3 | O56: 2
A57: 50 | B57: 0 | C57: 0 | D57: 1 | E57: 231 | F57: =ROUND(Source!BB44,O57) -> 0 | G57: ЭММсНРиСП | H57: Эксплуатация машин по ТСН-2001.16 | K57: 231 | L57: 12 | M57: 3 | O57: 2
A58: 50 | B58: 0 | C58: 0 | D58: 1 | E58: 204 | F58: =ROUND(Source!R44,O58) -> 1751.29 | G58: ЗПМ | H58: ЗП машинистов | K58: 204 | L58: 13 | M58: 3 | O58: 2
A59: 50 | B59: 0 | C59: 0 | D59: 1 | E59: 205 | F59: =ROUND(Source!S44,O59) -> 49905.17 | G59: ОЗП | H59: Основная ЗП рабочих | K59: 205 | L59: 14 | M59: 3 | O59: 2
A60: 50 | B60: 0 | C60: 0 | D60: 1 | E60: 232 | F60: =ROUND(Source!BC44,O60) -> 0 | G60: ОЗПсНРиСП | H60: Основная ЗП рабочих по ТСН-2001.16 | K60: 232 | L60: 15 | M60: 3 | O60: 2
A61: 50 | B61: 0 | C61: 0 | D61: 1 | E61: 214 | F61: =ROUND(Source!AS44,O61) -> 985498.78 | G61: Строит | H61: Строительные работы с НР и СП | K61: 214 | L61: 16 | M61: 3 | O61: 2
A62: 50 | B62: 0 | C62: 0 | D62: 1 | E62: 215 | F62: =ROUND(Source!AT44,O62) -> 0 | G62: Монтаж | H62: Монтажные работы с НР и СП | K62: 215 | L62: 17 | M62: 3 | O62: 2
A63: 50 | B63: 0 | C63: 0 | D63: 1 | E63: 217 | F63: =ROUND(Source!AU44,O63) -> 0 | G63: Прочие | H63: Прочие работы с НР и СП | K63: 217 | L63: 18 | M63: 3 | O63: 2
A64: 50 | B64: 0 | C64: 0 | D64: 1 | E64: 230 | F64: =ROUND(Source!BA44,O64) -> 0 | G64: ПрочиеЗатр | H64: Прочие затраты по ТСН-2001.16 | K64: 230 | L64: 19 | M64: 3 | O64: 2
A65: 50 | B65: 0 | C65: 0 | D65: 1 | E65: 206 | F65: =ROUND(Source!T44,O65) -> 0 | G65: ВозврМат | H65: Возврат материалов | K65: 206 | L65: 20 | M65: 3 | O65: 2
A66: 50 | B66: 0 | C66: 0 | D66: 1 | E66: 207 | F66: =Source!U44 -> 881.46275 | G66: ТрудСтр | H66: Трудозатраты строителей | K66: 207 | L66: 21 | M66: 3 | O66: -1
A67: 50 | B67: 0 | C67: 0 | D67: 1 | E67: 208 | F67: =Source!V44 -> 20.713344 | G67: ТрудМаш | H67: Трудозатраты машинистов | K67: 208 | L67: 22 | M67: 3 | O67: -1
A68: 50 | B68: 0 | C68: 0 | D68: 1 | E68: 209 | F68: =ROUND(Source!W44,O68) -> 0 | G68: ТранспМат | H68: Транспорт материалов | K68: 209 | L68: 23 | M68: 3 | O68: 2
A69: 50 | B69: 0 | C69: 0 | D69: 1 | E69: 210 | F69: =ROUND(Source!X44,O69) -> 51302.89 | G69: НР | H69: Накладные расходы | K69: 210 | L69: 24 | M69: 3 | O69: 2
A70: 50 | B70: 0 | C70: 0 | D70: 1 | E70: 211 | F70: =ROUND(Source!Y44,O70) -> 28171.83 | G70: СмПриб | H70: Сметная прибыль | K70: 211 | L70: 25 | M70: 3 | O70: 2
A71: 50 | B71: 0 | C71: 0 | D71: 1 | E71: 0 | F71: =ROUND(Source!AR44,O71) -> 985498.78 | G71: Всего | H71: Всего с НР и СП | K71: 224 | L71: 26 | M71: 3 | O71: 2
A72: 50 | B72: 1 | C72: 0 | D72: 2 | E72: 0 | F72: =ROUND(F71,O72) -> 985498.78 | G72: Итого 1 | H72: Всего | K72: 212 | L72: 27 | M72: 0 | O72: 2
A73: 50 | B73: 1 | C73: 0 | D73: 2 | E73: 0 | F73: =ROUND(F72*0.18,O73) -> 177389.78 | G73: Итого2 | H73: Итого НДС 18% | K73: 212 | L73: 28 | M73: 0 | O73: 2
A74: 50 | B74: 1 | C74: 0 | D74: 2 | E74: 224 | F74: =ROUND(F72+F73,O74) -> 1162888.6 | G74: Итого 3 | H74: Всего по смете | K74: 212 | L74: 29 | M74: 0 | O74: 2
A76: 51 | B76: =B12 -> 137 | C76: =A12 -> 1 | D76: =ROW(A12) -> 12 | F76: =IF(F12<>"",F12,"") -> Новый объект_(Копия) | G76: =IF(G12<>"",G12,"") -> Капитальный ремонт окооных проемов общежития 301,332ДИТИ НИЯУ МИФИ_цена поставщика | H76: 0 | O76: =ROUND(O44,2) -> 904431.83 | P76: =ROUND(P44,2) -> 848715.6 | Q76: =ROUND(Q44,2) -> 5811.06 | R76: =ROUND(R44,2) -> 1751.29 | S76: =ROUND(S44,2) -> 49905.17 | T76: =ROUND(T44,2) -> 0 | U76: =U44 -> 881.46275 | V76: =V44 -> 20.713344 | W76: =ROUND(W44,2) -> 0 | X76: =ROUND(X44,2) -> 51302.89 | Y76: =ROUND(Y44,2) -> 28171.83 | AO76: =ROUND(AO44,2) -> 0 | AP76: =ROUND(AP44,2) -> 0 | AQ76: =ROUND(AQ44,2) -> 0 | AR76: =ROUND(AR44,2) -> 985498.78 | AS76: =ROUND(AS44,2) -> 985498.78 | AT76: =ROUND(AT44,2) -> 0 | AU76: =ROUND(AU44,2) -> 0 | AV76: =ROUND(AV44,2) -> 848715.6 | ... BC76: =ROUND(BC44,2) -> 0 | GX76: 0
A78: 50 | B78: 0 | C78: 0 | D78: 1 | E78: 201 | F78: =ROUND(Source!O76,O78) -> 904431.83 | G78: ПЗ | H78: Прямые затраты | K78: 201 | L78: 1 | M78: 3 | O78: 2
A79: 50 | B79: 0 | C79: 0 | D79: 1 | E79: 202 | F79: =ROUND(Source!P76,O79) -> 848715.6 | G79: СтМатОб | H79: Стоимость материальных ресурсов (всего) | K79: 202 | L79: 2 | M79: 3 | O79: 2
A80: 50 | B80: 0 | C80: 0 | D80: 1 | E80: 222 | F80: =ROUND(Source!AO76,O80) -> 0 | G80: СтМатОбЗак | H80: Стоимость материалов и оборудования заказчика | K80: 222 | L80: 3 | M80: 3 | O80: 2
A81: 50 | B81: 0 | C81: 0 | D81: 1 | E81: 225 | F81: =ROUND(Source!AV76,O81) -> 848715.6 | G81: СтМатОбПод | H81: Стоимость материалов и оборудования подрядчика | K81: 225 | L81: 4 | M81: 3 | O81: 2
A82: 50 | B82: 0 | C82: 0 | D82: 1 | E82: 226 | F82: =ROUND(Source!AW76,O82) -> 848715.6 | G82: СтМат | H82: Стоимость материалов (всего) | K82: 226 | L82: 5 | M82: 3 | O82: 2
A83: 50 | B83: 0 | C83: 0 | D83: 1 | E83: 227 | F83: =ROUND(Source!AX76,O83) -> 0 | G83: СтМатЗак | H83: Стоимость материалов заказчика | K83: 227 | L83: 6 | M83: 3 | O83: 2
A84: 50 | B84: 0 | C84: 0 | D84: 1 | E84: 228 | F84: =ROUND(Source!AY76,O84) -> 848715.6 | G84: СтМатПод | H84: Стоимость материалов подрядчика | K84: 228 | L84: 7 | M84: 3 | O84: 2
A85: 50 | B85: 0 | C85: 0 | D85: 1 | E85: 216 | F85: =ROUND(Source!AP76,O85) -> 0 | G85: Оборуд | H85: Стоимость оборудования (всего) | K85: 216 | L85: 8 | M85: 3 | O85: 2
A86: 50 | B86: 0 | C86: 0 | D86: 1 | E86: 223 | F86: =ROUND(Source!AQ76,O86) -> 0 | G86: ОборудЗак | H86: Стоимость оборудования заказчика | K86: 223 | L86: 9 | M86: 3 | O86: 2
A87: 50 | B87: 0 | C87: 0 | D87: 1 | E87: 229 | F87: =ROUND(Source!AZ76,O87) -> 0 | G87: ОборудПод | H87: Стоимость оборудования подрядчика | K87: 229 | L87: 10 | M87: 3 | O87: 2
A88: 50 | B88: 0 | C88: 0 | D88: 1 | E88: 203 | F88: =ROUND(Source!Q76,O88) -> 5811.06 | G88: ЭММ | H88: Эксплуатация машин | K88: 203 | L88: 11 | M88: 3 | O88: 2
A89: 50 | B89: 0 | C89: 0 | D89: 1 | E89: 231 | F89: =ROUND(Source!BB76,O89) -> 0 | G89: ЭММсНРиСП | H89: Эксплуатация машин по ТСН-2001.16 | K89: 231 | L89: 12 | M89: 3 | O89: 2
A90: 50 | B90: 0 | C90: 0 | D90: 1 | E90: 204 | F90: =ROUND(Source!R76,O90) -> 1751.29 | G90: ЗПМ | H90: ЗП машинистов | K90: 204 | L90: 13 | M90: 3 | O90: 2
A91: 50 | B91: 0 | C91: 0 | D91: 1 | E91: 205 | F91: =ROUND(Source!S76,O91) -> 49905.17 | G91: ОЗП | H91: Основная ЗП рабочих | K91: 205 | L91: 14 | M91: 3 | O91: 2
A92: 50 | B92: 0 | C92: 0 | D92: 1 | E92: 232 | F92: =ROUND(Source!BC76,O92) -> 0 | G92: ОЗПсНРиСП | H92: Основная ЗП рабочих по ТСН-2001.16 | K92: 232 | L92: 15 | M92: 3 | O92: 2
A93: 50 | B93: 0 | C93: 0 | D93: 1 | E93: 214 | F93: =ROUND(Source!AS76,O93) -> 985498.78 | G93: Строит | H93: Строительные работы с НР и СП | K93: 214 | L93: 16 | M93: 3 | O93: 2
A94: 50 | B94: 0 | C94: 0 | D94: 1 | E94: 215 | F94: =ROUND(Source!AT76,O94) -> 0 | G94: Монтаж | H94: Монтажные работы с НР и СП | K94: 215 | L94: 17 | M94: 3 | O94: 2
A95: 50 | B95: 0 | C95: 0 | D95: 1 | E95: 217 | F95: =ROUND(Source!AU76,O95) -> 0 | G95: Прочие | H95: Прочие работы с НР и СП | K95: 217 | L95: 18 | M95: 3 | O95: 2
A96: 50 | B96: 0 | C96: 0 | D96: 1 | E96: 230 | F96: =ROUND(Source!BA76,O96) -> 0 | G96: ПрочиеЗатр | H96: Прочие затраты по ТСН-2001.16 | K96: 230 | L96: 19 | M96: 3 | O96: 2
A97: 50 | B97: 0 | C97: 0 | D97: 1 | E97: 206 | F97: =ROUND(Source!T76,O97) -> 0 | G97: ВозврМат | H97: Возврат материалов | K97: 206 | L97: 20 | M97: 3 | O97: 2
A98: 50 | B98: 0 | C98: 0 | D98: 1 | E98: 207 | F98: =Source!U76 -> 881.46275 | G98: ТрудСтр | H98: Трудозатраты строителей | K98: 207 | L98: 21 | M98: 3 | O98: -1
A99: 50 | B99: 0 | C99: 0 | D99: 1 | E99: 208 | F99: =Source!V76 -> 20.713344 | G99: ТрудМаш | H99: Трудозатраты машинистов | K99: 208 | L99: 22 | M99: 3 | O99: -1
A100: 50 | B100: 0 | C100: 0 | D100: 1 | E100: 209 | F100: =ROUND(Source!W76,O100) -> 0 | G100: ТранспМат | H100: Транспорт материалов | K100: 209 | L100: 23 | M100: 3 | O100: 2
A101: 50 | B101: 0 | C101: 0 | D101: 1 | E101: 210 | F101: =ROUND(Source!X76,O101) -> 51302.89 | G101: НР | H101: Накладные расходы | K101: 210 | L101: 24 | M101: 3 | O101: 2
A102: 50 | B102: 0 | C102: 0 | D102: 1 | E102: 211 | F102: =ROUND(Source!Y76,O102) -> 28171.83 | G102: СмПриб | H102: Сметная прибыль | K102: 211 | L102: 25 | M102: 3 | O102: 2
A103: 50 | B103: 0 | C103: 0 | D103: 1 | E103: 0 | F103: =ROUND(Source!AR76,O103) -> 985498.78 | G103: Всего | H103: Всего с НР и СП | K103: 224 | L103: 26 | M103: 3 | O103: 2
A104: 50 | B104: 1 | C104: 0 | D104: 2 | E104: 0 | F104: =ROUND(F103,O104) -> 985498.78 | G104: Итого 1 | H104: Всего | K104: 212 | L104: 27 | M104: 0 | O104: 2
A105: 50 | B105: 1 | C105: 0 | D105: 2 | E105: 0 | F105: =ROUND(F104*0.18,O105) -> 177389.78 | G105: Итого2 | H105: Итого НДС 18% | K105: 212 | L105: 28 | M105: 0 | O105: 2
A106: 50 | B106: 1 | C106: 0 | D106: 2 | E106: 224 | F106: =ROUND(F104+F105,O106) -> 1162888.6 | G106: Итого 3 | H106: Всего по смете | K106: 212 | L106: 29 | M106: 0 | O106: 2
A109: 70 | B109: 1 | D109: 1 | E109: СТР_РЕК | F109: СТРОИТЕЛЬСТВО и РЕКОНСТРУКЦИЯ зданий и сооружений всех назначений | G109: 0 | H109: 0 | J109: 1 | K109: 0 | N109: 0
A110: 70 | B110: 1 | D110: 2 | E110: РЕМ_ЖИЛ | F110: КАП. РЕМ. ЖИЛЫХ И ОБЩЕСТВЕННЫХ ЗДАНИЙ | G110: 1 | H110: 0 | J110: 1 | K110: 0 | N110: 0
A111: 70 | B111: 1 | D111: 3 | E111: РЕМ_ПР | F111: КАП. РЕМ. ПРОИЗВОДСТВЕННЫХ ЗД, и СООРУЖЕНИЙ, НАРУЖНЫХ ИНЖЕНЕРНЫХ СЕТЕЙ, УЛИЦ И ДОРОГ МЕСТНОГО ЗНАЧЕНИЯ, МОСТОВ И ПУТЕПРОВОДОВ | G111: 0 | H111: 0 | J111: 1 | K111: 0 | N111: 0
A112: 70 | B112: 1 | D112: 4 | E112: УПР | F112: {вкл} - УПРОЩЕННОЕ НАЛОГООБЛОЖЕНИЕ | G112: 0 | H112: 0 | I112: Для всех расценок. ( при применении упрощенной системы налогообложения) · {УПР} - ( вкл.) - при упрощенной системе ; к = 0,9 к СП ( к= 0,7 к НР отменен с 1.01.11) · {УПР} - ( выкл.) - при обычной системе налогообложения | J112: 0 | K112: 0 | N112: 0
A113: 70 | B113: 1 | D113: 5 | E113: ХОЗ | F113: {вкл} - ХОЗЯЙСТВЕННЫЙ СПОСОБ | G113: 0 | H113: 0 | I113: Для всех расценок. ( при хозяйственном способе производства работ): · {ХОЗ} - ( вкл.) - при хоз. способе (к=0,6 к НР ) · {ХОЗ} - ( выкл.) - при обычном способе производства работ | J113: 0 | K113: 0 | N113: 0
A114: 70 | B114: 1 | D114: 6 | E114: СЛЖ | F114: {вкл} - При РЕКОНСТРУКЦИИ сложных объектов, РЕКОНСТРУКЦИИ и КАП. РЕМОНТЕ объектов с дейст. яд. реакторами | G114: 0 | H114: 0 | I114: Для сборников ФЕР ( при производстве работ на технически сложных объектах ): · { СЛЖ } - (вкл.) - работа на сложных объектах (к=1,2 к НР) · { СЛЖ } - (выкл.) - работа на обычных объектах | J114: 0 | K114: 0 | N114: 0
A115: 70 | B115: 1 | D115: 7 | E115: М/Т/Я | F115: Работы по строительству мостов, тоннелей, метрополитенов, атомных станций, объектов с ядерным топливом и радиокативными отходами ( письмо Госстроя РФ № 2536-ИП/12/ГС от 27.11.12), коэффициенты к НР =0,85 и к СП-0,8 не назначаются | G115: 0 | H115: 0 | J115: 0 | K115: 0 | N115: 0
A116: 70 | B116: 1 | D116: 8 | E116: ОПТ/В | F116: {вкл} - Прокладка МЕЖДУГОРОДНИХ ВОЛОКОННО-ОПТИЧЕСКИХ ЛИНИЙ (для ФЕРм10, отд. 6 разд.3) {выкл} - Прокладка ГОРОДСКИХ ВОЛОКОННО-ОПТИТЕСКИХ ЛИНИЙ (для ФЕРм10, отд. 6 разд.3) | G116: 0 | H116: 0 | I116: Для сборников ФЕРм-10 ( волоконно-оптические линии связи ): · {М_ГОР_опт} - ( вкл.) - междугородные сети связи ( НР=120% , СП=70% ) · {М_ГОР_опт} - ( выкл.) - городские сети связи ( НР=100%; СП=65%) | J116: 0 | K116: 0 | N116: 0
A117: 70 | B117: 1 | D117: 9 | E117: ЗАКР | F117: {вкл} - Обслуживающие и сопутстующие работы в тоннелях при производве работ ЗАКРЫТЫМ СПОСОБОМ {выкл} - Обслуживающие и сопутстующие работы в тоннелях при производве работ ОТКРЫТЫМ (ФЕР-29, разд.04 ) | G117: 0 | H117: 0 | I117: Для сборника ФЕР -29 ( сопутствующие работы в тоннелях и метро. ): · {ЗАКР} - (вкл.) - при выполнении работ в тоннелях и метро закрытым способом (НР=145% , СП=75%); · {ЗАКР} - (выкл.) - при выполнении работ в тоннелях и метро отк | J117: 0 | K117: 0 | N117: 0
A118: 70 | B118: 1 | D118: 10 | E118: АВИ | F118: (вкл) - При работах по ДИСПЕТЧЕРЕЗАЦИИ управления движением АВИАТРАНСПОРТОМ {вкл} (монтажные работы ) | G118: 0 | H118: 0 | I118: Для сборников ФЕРм 08;10;11 : · {мАВИА} - (вкл.) - производство монтажных работы по диспетчеризации управления движением авиатранспортном (НР=95%, СП=55%) ; · {мАВИА} - (выкл. ) - при производстве работ на прочих объектах , кром | J118: 0 | K118: 0 | N118: 0
A119: 70 | B119: 1 | D119: 11 | E119: АЭС | F119: (вкл) - Производство эл./монт. работ на АЭС ( ФЕРм -08 , отдел 01-03 ), и контроль свар. швов на АЭС {вкл} (ФЕРм-39, отд. 02 и 03 ) (вык) - Произовдство эл./монт. работ и и контроль свар. швов на ОБЫЧНЫХ СООРУЖ, | G119: 0 | H119: 0 | I119: Для сборника ФЕРм -39 и ФЕРМ-08 ( при работах по контролю сварных соединений) : {мАЭС} - ( вкл.) - при выполнении работ по на АЭС (HР=101%; СП= 68%; {мАЭС} - (выкл.) - при выполнении работ на обычных объектах | J119: 0 | K119: 0 | N119: 0
A120: 70 | B120: 1 | D120: 12 | E120: Инд_исп.Сводный | F120: Используется Индекс "по сводному" | G120: 0 | H120: 0 | J120: 0 | K120: 0 | N120: 0
A121: 70 | B121: 1 | D121: 1 | E121: К_НР_РЕМ | F121: при ремонте жилых и общественных зданий если ( если {РЕМ_ЖИЛ}= [вкл.] | G121: 0.9 | H121: 1 | I121: Для сборников ФЕР и ФЕРмр : · Значение {_МДСрем_НР}= 0,90 - при ремонте зданий жилого и гражданского назначений ( 0,90 к НР) ; · Значение {_МДСрем_НР}= 1,00 - при строительстве и реконструкции объектов всех назначений | J121: 0 | K121: 0 | N121: 0
A122: 70 | B122: 1 | D122: 2 | E122: К_СП_РЕМ | F122: к нормам СП при капитальном ремонте зданий и сооружений всех назначений ( если или {РЕМ_ЖИЛ}=[вкл] , или (РЕМ_ПР}=[вкл] ) | G122: 0.85 | H122: 1 | I122: Для сборников ФЕР и ФЕРмр : · Значение {_МДСрем_СП} = 0.85 - при ремонте зданий всех назначений ( 0,85 к СП); · Значение {_МДСрем_СП} = 1,00 - при строительстве и реконструкции объектов всех назначений | J122: 0 | K122: 0 | N122: 0
A123: 70 | B123: 1 | D123: 3 | E123: К_НР_05 | F123: К нормам НР с 1.01.2005 по 1.01.2011 | G123: 1 | H123: 0.85 | I123: Для норм НР с 1.01.2011 года: · {_ТЕК_НР} = 0.85 - Коэффициент учитывающий изменение нормы страховых взносов с 1.01.1 - (при расчете в текущем уровне цен индексами по статьям затрат ) · {_ТЕК_НР} = 1,00 - при расчет в текущем уровне цен и при уп | J123: 0 | K123: 0 | N123: 0
...

Sheet SourceObSm
A1: 0 | B1: Smeta.RU (495) 974-1589 | D1: _OBSM_ | F1: 0 | G1: 0 | H1: 0 | I1: Smeta.RU | J1: НИЯУ МИФИ Доп. раб. место MCCS-0027251 | K1: 0 | L1: 27251 | M1: 10
A12: 1 | B12: 53 | C12: 0 | E12: 0 | F12: Новый объект_(Копия) | G12: Капитальный ремонт окооных проемов общежития 301,332ДИТИ НИЯУ МИФИ_цена поставщика | I12: 0 | K12: 0 | O12: 0 | P12: 0 | Q12: 0 | R12: 0 | V12: 0 | BH12: Сметные нормы списания | BI12: Коды ценников | BJ12: 1 | BK12: 1 | BL12: 0 | BM12: 0 | BN12: 1 | BO12: 0 | BP12: 6 | BQ12: 2 | BR12: 1 | BS12: 1 | BT12: 0 | BU12: 0 | BV12: 0 | BW12: 0 | BX12: 0 | BY12: ФЕР-2017 | BZ12: ТР для Версии 10: Центральные регионы (с учетом п-ма 2536-ИП/12/ГС от 22.03.2017 г | CA12: ФЕР-2017 | CB12: ФЕР-2017 | CC12: ФЕР-2017 | CD12: ФЕР-2017 | CE12: Поправки для ГСН 2017 от 31.03.2017 г | CF12: 0 | CG12: 0 | CH12: 524296 | CK12: 0 | EC12: 0
A14: 22 | B14: 0 | C14: 0 | D14: 16496534 | E14: 0 | F14: 3
A16: 3 | B16: 1 | C16: Новая локальная смета | D16: Новая локальная смета | E16: =(Source!F61)/1000 -> 985.49878 | F16: =(Source!F62)/1000 -> 0 | G16: =(Source!F53)/1000 -> 0 | H16: =(Source!F63)/1000+(Source!F64)/1000 -> 0 | I16: =E16+F16+G16+H16 -> 985.49878 | J16: =(Source!F59)/1000 -> 49.90517 | AI16: 0 | AJ16: 0 | AN16: 0 | AT16: 904431.83 | AU16: 848715.6 | AV16: 0 | AW16: 0 | AX16: 0 | AY16: 5811.06 | AZ16: 1751.29 | BA16: 49905.17 | BB16: 985498.78 | BC16: 0 | BD16: 0 | BE16: 0 | BF16: 881.46275 | BG16: 20.713344 | BH16: 0 | BI16: 51302.89 | BJ16: 28171.83 | BK16: 1162888.6
A18: 51 | E18: =SUMIF(A16:A17,3,E16:E17) -> 985.49878 | F18: =SUMIF(A16:A17,3,F16:F17) -> 0 | G18: =SUMIF(A16:A17,3,G16:G17) -> 0 | H18: =SUMIF(A16:A17,3,H16:H17) -> 0 | I18: =SUMIF(A16:A17,3,I16:I17) -> 985.49878 | J18: =SUMIF(A16:A17,3,J16:J17) -> 49.90517
A20: 50 | B20: 0 | C20: 0 | D20: 1 | E20: 201 | F20: 904431.83 | G20: ПЗ | H20: Прямые затраты | K20: 201 | L20: 1 | M20: 3 | O20: 2
A21: 50 | B21: 0 | C21: 0 | D21: 1 | E21: 202 | F21: 848715.6 | G21: СтМатОб | H21: Стоимость материальных ресурсов (всего) | K21: 202 | L21: 2 | M21: 3 | O21: 2
A22: 50 | B22: 0 | C22: 0 | D22: 1 | E22: 222 | F22: 0 | G22: СтМатОбЗак | H22: Стоимость материалов и оборудования заказчика | K22: 222 | L22: 3 | M22: 3 | O22: 2
A23: 50 | B23: 0 | C23: 0 | D23: 1 | E23: 225 | F23: 848715.6 | G23: СтМатОбПод | H23: Стоимость материалов и оборудования подрядчика | K23: 225 | L23: 4 | M23: 3 | O23: 2
A24: 50 | B24: 0 | C24: 0 | D24: 1 | E24: 226 | F24: 848715.6 | G24: СтМат | H24: Стоимость материалов (всего) | K24: 226 | L24: 5 | M24: 3 | O24: 2
A25: 50 | B25: 0 | C25: 0 | D25: 1 | E25: 227 | F25: 0 | G25: СтМатЗак | H25: Стоимость материалов заказчика | K25: 227 | L25: 6 | M25: 3 | O25: 2
A26: 50 | B26: 0 | C26: 0 | D26: 1 | E26: 228 | F26: 848715.6 | G26: СтМатПод | H26: Стоимость материалов подрядчика | K26: 228 | L26: 7 | M26: 3 | O26: 2
A27: 50 | B27: 0 | C27: 0 | D27: 1 | E27: 216 | F27: 0 | G27: Оборуд | H27: Стоимость оборудования (всего) | K27: 216 | L27: 8 | M27: 3 | O27: 2
A28: 50 | B28: 0 | C28: 0 | D28: 1 | E28: 223 | F28: 0 | G28: ОборудЗак | H28: Стоимость оборудования заказчика | K28: 223 | L28: 9 | M28: 3 | O28: 2
A29: 50 | B29: 0 | C29: 0 | D29: 1 | E29: 229 | F29: 0 | G29: ОборудПод | H29: Стоимость оборудования подрядчика | K29: 229 | L29: 10 | M29: 3 | O29: 2
A30: 50 | B30: 0 | C30: 0 | D30: 1 | E30: 203 | F30: 5811.06 | G30: ЭММ | H30: Эксплуатация машин | K30: 203 | L30: 11 | M30: 3 | O30: 2
A31: 50 | B31: 0 | C31: 0 | D31: 1 | E31: 231 | F31: 0 | G31: ЭММсНРиСП | H31: Эксплуатация машин по ТСН-2001.16 | K31: 231 | L31: 12 | M31: 3 | O31: 2
... A48: 50 | B48: 1 | C48: 0 | D48: 2 | E48: 224 | F48: 1162888.6 | G48: Итого 3 | H48: Всего по смете | K48: 212 | L48: 29 | M48: 0 | O48: 2
A50: -1
A53: 75 | B53: Базовый | C53: 2000 | D53: 0 | E53: 1 | F53: 0 | G53: 0 | H53: 1 | I53: 0 | J53: 1 | K53: 0 | L53: 0 | M53: 0 | N53: 16496534 | O53: 1
A54: 3 | B54: Индексы за итогом | C54: 6.57 | D54: 1 | E54: 1 | F54: 1 | G54: 1 | H54: 1 | I54: 1 | J54: 1 | K54: 1 | L54: 1 | M54: 6.57 | N54: 1 | O54: 1 | P54: 1 | Q54: 1 | R54: 1

Sheet SmtRes
A1: =ROW(Source!A24) -> 24 | B1: 16496534 | C1: 16496597 | D1: 15433667 | E1: 1 | F1: 1 | G1: 1 | H1: 1 | I1: 1-100-24 | K1: Рабочий среднего разряда 2.4 | L1: 1191 | N1: 1013 | O1: чел.-ч. | P1: чел.-ч. | Q1: 1 | W1: 0 | X1: 371339561 | Y1: 188.54 | AA1: 0 | AB1: 0 | AC1: 0 | AD1: 53.15 | AE1: 0 | AF1: 0 | AG1: 0 | AH1: 8.09 | AI1: 1 | AJ1: 1 | AK1: 1 | AL1: 6.57 | AN1: 0 | AO1: 1 | AP1: 0 | AQ1: 0 | AR1: 0 | AT1: 188.54 | AV1: 1 | AW1: 2 | AX1: 16496601 | AY1: 1 | AZ1: 0 | BA1: 1 | BB1: 0 | BC1: 0 | BD1: 0 | BE1: 0 | BF1: 0 | BG1: 0 | BH1: 0 | BI1: 0 | BJ1: 0 | BK1: 0 | BL1: 0 | BM1: 0 | BN1: 0 | BO1: 0 | BP1: 0 | BQ1: 0 | BR1: 0 | BS1: 0 | BT1: 0 | BU1: 0 | BV1: 0 | BW1: 0 | CX1: =Y1*Source!I24 -> 304.07731 | CY1: =AD1 -> 53.15 | CZ1: =AH1 -> 8.09 | DA1: =AL1 -> 6.57 | DB1: 0
A2: =ROW(Source!A24) -> 24 | B2: 16496534 | C2: 16496597 | D2: 15430395 | E2: 1 | F2: 1 | G2: 1 | H2: 1 | I2: 4-100-00 | K2: Затраты труда машинистов | L2: 1191 | N2: 1013 | O2: чел.-ч. | P2: чел.-ч. | Q2: 1 | W2: 0 | X2: -1417349443 | Y2: 7.74 | AA2: 0 | AB2: 0 | AC2: 0 | AD2: 0 | AE2: 0 | AF2: 0 | AG2: 0 | AH2: 0 | AI2: 1 | AJ2: 1 | AK2: 6.57 | AL2: 1 | AN2: 0 | AO2: 1 | AP2: 0 | AQ2: 0 | AR2: 0 | AT2: 7.74 | AV2: 2 | AW2: 2 | AX2: 16496602 | AY2: 1 | AZ2: 0 | BA2: 2 | BB2: 0 | BC2: 0 | BD2: 0 | BE2: 0 | BF2: 0 | BG2: 0 | BH2: 0 | BI2: 0 | BJ2: 0 | BK2: 0 | BL2: 0 | BM2: 0 | BN2: 0 | BO2: 0 | BP2: 0 | BQ2: 0 | BR2: 0 | BS2: 0 | BT2: 0 | BU2: 0 | BV2: 0 | BW2: 0 | CX2: =Y2*Source!I24 -> 12.483072 | CY2: =AD2 -> 0 | CZ2: =AH2 -> 0 | DA2: =AL2 -> 1 | DB2: 0
A3: =ROW(Source!A24) -> 24 | B3: 16496534 | C3: 16496597 | D3: 15247974 | E3: 1 | F3: 1 | G3: 1 | H3: 2 | I3: 91.06.06-048 | J3: ФСЭМ-2001, 91.06.06-048, приказ Минстроя России №1039/пр от 30.12.2016г. | K3: Подъемники одномачтовые, грузоподъемность до 500 кг, высота подъема 45 м | L3: 1368 | N3: 1011 | O3: маш.-ч | P3: маш.-ч | Q3: 1 | W3: 0 | X3: 1188625873 | Y3: 7.74 | AA3: 0 | AB3: 205.38 | AC3: 13.5 | AD3: 0 | AE3: 0 | AF3: 31.26 | AG3: 13.5 | AH3: 0 | AI3: 1 | AJ3: 6.57 | AK3: 1 | AL3: 1 | AN3: 0 | AO3: 1 | AP3: 0 | AQ3: 0 | AR3: 0 | AT3: 7.74 | AV3: 0 | AW3: 2 | AX3: 16496603 | AY3: 1 | AZ3: 0 | BA3: 3 | BB3: 0 | BC3: 0 | BD3: 0 | BE3: 0 | BF3: 0 | BG3: 0 | BH3: 0 | BI3: 0 | BJ3: 0 | BK3: 0 | BL3: 0 | BM3: 0 | BN3: 0 | BO3: 0 | BP3: 0 | BQ3: 0 | BR3: 0 | BS3: 0 | BT3: 0 | BU3: 0 | BV3: 0 | BW3: 0 | CX3: =Y3*Source!I24 -> 12.483072 | CY3: =AB3 -> 205.38 | CZ3: =AF3 -> 31.26 | DA3: =AJ3 -> 6.57 | DB3: 0
A4: =ROW(Source!A25) -> 25 | B4: 16496534 | C4: 16496604 | D4: 15436014 | E4: 1 | F4: 1 | G4: 1 | H4: 1 | I4: 1-100-32 | K4: Рабочий среднего разряда 3.2 | L4: 1191 | N4: 1013 | O4: чел.-ч. | P4: чел.-ч. | Q4: 1 | W4: 0 | X4: -784637506 | Y4: 149.16 | AA4: 0 | AB4: 0 | AC4: 0 | AD4: 57.42 | AE4: 0 | AF4: 0 | AG4: 0 | AH4: 8.74 | AI4: 1 | AJ4: 1 | AK4: 1 | AL4: 6.57 | AN4: 0 | AO4: 1 | AP4: 0 | AQ4: 0 | AR4: 0 | AT4: 149.16 | AV4: 1 | AW4: 2 | AX4: 16496617 | AY4: 1 | AZ4: 0 | BA4: 4 | BB4: 0 | BC4: 0 | BD4: 0 | BE4: 0 | BF4: 0 | BG4: 0 | BH4: 0 | BI4: 0 | BJ4: 0 | BK4: 0 | BL4: 0 | BM4: 0 | BN4: 0 | BO4: 0 | BP4: 0 | BQ4: 0 | BR4: 0 | BS4: 0 | BT4: 0 | BU4: 0 | BV4: 0 | BW4: 0 | CX4: =Y4*Source!I25 -> 240.56525 | CY4: =AD4 -> 57.42 | CZ4: =AH4 -> 8.74 | DA4: =AL4 -> 6.57 | DB4: 0
A5: =ROW(Source!A25) -> 25 | B5: 16496534 | C5: 16496604 | D5: 15430395 | E5: 1 | F5: 1 | G5: 1 | H5: 1 | I5: 4-100-00 | K5: Затраты труда машинистов | L5: 1191 | N5: 1013 | O5: чел.-ч. | P5: чел.-ч. | Q5: 1 | W5: 0 | X5: -1417349443 | Y5: 4.23 | AA5: 0 | AB5: 0 | AC5: 0 | AD5: 0 | AE5: 0 | AF5: 0 | AG5: 0 | AH5: 0 | AI5: 1 | AJ5: 1 | AK5: 6.57 | AL5: 1 | AN5: 0 | AO5: 1 | AP5: 0 | AQ5: 0 | AR5: 0 | AT5: 4.23 | AV5: 2 | AW5: 2 | AX5: 16496618 | AY5: 1 | AZ5: 0 | BA5: 5 | BB5: 0 | BC5: 0 | BD5: 0 | BE5: 0 | BF5: 0 | BG5: 0 | BH5: 0 | BI5: 0 | BJ5: 0 | BK5: 0 | BL5: 0 | BM5: 0 | BN5: 0 | BO5: 0 | BP5: 0 | BQ5: 0 | BR5: 0 | BS5: 0 | BT5: 0 | BU5: 0 | BV5: 0 | BW5: 0 | CX5: =Y5*Source!I25 -> 6.822144 | CY5: =AD5 -> 0 | CZ5: =AH5 -> 0 | DA5: =AL5 -> 1 | DB5: 0
A6: =ROW(Source!A25) -> 25 | B6: 16496534 | C6: 16496604 | D6: 15247974 | E6: 1 | F6: 1 | G6: 1 | H6: 2 | I6: 91.06.06-048 | J6: ФСЭМ-2001, 91.06.06-048, приказ Минстроя России №1039/пр от 30.12.2016г. | K6: Подъемники одномачтовые, грузоподъемность до 500 кг, высота подъема 45 м | L6: 1368 | N6: 1011 | O6: маш.-ч | P6: маш.-ч | Q6: 1 | W6: 0 | X6: 1188625873 | Y6: 0.66 | AA6: 0 | AB6: 205.38 | AC6: 13.5 | AD6: 0 | AE6: 0 | AF6: 31.26 | AG6: 13.5 | AH6: 0 | AI6: 1 | AJ6: 6.57 | AK6: 1 | AL6: 1 | AN6: 0 | AO6: 1 | AP6: 0 | AQ6: 0 | AR6: 0 | AT6: 0.66 | AV6: 0 | AW6: 2 | AX6: 16496619 | AY6: 1 | AZ6: 0 | BA6: 6 | BB6: 0 | BC6: 0 | BD6: 0 | BE6: 0 | BF6: 0 | BG6: 0 | BH6: 0 | BI6: 0 | BJ6: 0 | BK6: 0 | BL6: 0 | BM6: 0 | BN6: 0 | BO6: 0 | BP6: 0 | BQ6: 0 | BR6: 0 | BS6: 0 | BT6: 0 | BU6: 0 | BV6: 0 | BW6: 0 | CX6: =Y6*Source!I25 -> 1.064448 | CY6: =AB6 -> 205.38 | CZ6: =AF6 -> 31.26 | DA6: =AJ6 -> 6.57 | DB6: 0
A7: =ROW(Source!A25) -> 25 | B7: 16496534 | C7: 16496604 | D7: 15249073 | E7: 1 | F7: 1 | G7: 1 | H7: 2 | I7: 91.14.02-001 | J7: ФСЭМ-2001, 91.14.02-001, приказ Минстроя России №1039/пр от 30.12.2016г. | K7: Автомобили бортовые, грузоподъемность до 5 т | L7: 1368 | N7: 1011 | O7: маш.-ч | P7: маш.-ч | Q7: 1 | W7: 0 | X7: 1372534845 | Y7: 3.57 | AA7: 0 | AB7: 431.71 | AC7: 11.6 | AD7: 0 | AE7: 0 | AF7: 65.71 | AG7: 11.6 | AH7: 0 | AI7: 1 | AJ7: 6.57 | AK7: 1 | AL7: 1 | AN7: 0 | AO7: 1 | AP7: 0 | AQ7: 0 | AR7: 0 | AT7: 3.57 | AV7: 0 | AW7: 2 | AX7: 16496620 | AY7: 1 | AZ7: 0 | BA7: 7 | BB7: 0 | BC7: 0 | BD7: 0 | BE7: 0 | BF7: 0 | BG7: 0 | BH7: 0 | BI7: 0 | BJ7: 0 | BK7: 0 | BL7: 0 | BM7: 0 | BN7: 0 | BO7: 0 | BP7: 0 | BQ7: 0 | BR7: 0 | BS7: 0 | BT7: 0 | BU7: 0 | BV7: 0 | BW7: 0 | CX7: =Y7*Source!I25 -> 5.757696 | CY7: =AB7 -> 431.71 | CZ7: =AF7 -> 65.71 | DA7: =AJ7 -> 6.57 | DB7: 0
A8: =ROW(Source!A25) -> 25 | B8: 16496534 | C8: 16496604 | D8: 15167551 | E8: 1 | F8: 1 | G8: 1 | H8: 3 | I8: 01.7.06.02-0001 | J8: ФССЦ-2001, 01.7.06.02-0001, приказ Минстроя России №1039/пр от 30.12.2016г. | K8: Лента бутиловая | L8: 1301 | N8: 1003 | O8: м | P8: м | Q8: 1 | W8: 0 | X8: 751777312 | Y8: 253 | AA8: 41.92 | AB8: 0 | AC8: 0 | AD8: 0 | AE8: 6.38 | AF8: 0 | AG8: 0 | AH8: 0 | AI8: 6.57 | AJ8: 1 | AK8: 1 | AL8: 1 | AN8: 0 | AO8: 1 | AP8: 0 | AQ8: 0 | AR8: 0 | AT8: 253 | AV8: 0 | AW8: 2 | AX8: 16496621 | AY8: 1 | AZ8: 0 | BA8: 8 | BB8: 0 | BC8: 0 | BD8: 0 | BE8: 0 | BF8: 0 | BG8: 0 | BH8: 0 | BI8: 0 | BJ8: 0 | BK8: 0 | BL8: 0 | BM8: 0 | BN8: 0 | BO8: 0 | BP8: 0 | BQ8: 0 | BR8: 0 | BS8: 0 | BT8: 0 | BU8: 0 | BV8: 0 | BW8: 0 | CX8: =Y8*Source!I25 -> 408.0384 | CY8: =AA8 -> 41.92 | CZ8: =AE8 -> 6.38 | DA8: =AI8 -> 6.57 | DB8: 0
A9: =ROW(Source!A25) -> 25 | B9: 16496534 | C9: 16496604 | D9: 15167552 | E9: 1 | F9: 1 | G9: 1 | H9: 3 | I9: 01.7.06.02-0002 | J9: ФССЦ-2001, 01.7.06.02-0002, приказ Минстроя России №1039/пр от 30.12.2016г. | K9: Лента бутиловая диффузионная | L9: 1301 | N9: 1003 | O9: м | P9: м | Q9: 1 | W9: 0 | X9: 1744203244 | Y9: 59 | AA9: 52.23 | AB9: 0 | AC9: 0 | AD9: 0 | AE9: 7.95 | AF9: 0 | AG9: 0 | AH9: 0 | AI9: 6.57 | AJ9: 1 | AK9: 1 | AL9: 1 | AN9: 0 | AO9: 1 | AP9: 0 | AQ9: 0 | AR9: 0 | AT9: 59 | AV9: 0 | AW9: 2 | AX9: 16496622 | AY9: 1 | AZ9: 0 | BA9: 9 | BB9: 0 | BC9: 0 | BD9: 0 | BE9: 0 | BF9: 0 | BG9: 0 | BH9: 0 | BI9: 0 | BJ9: 0 | BK9: 0 | BL9: 0 | BM9: 0 | BN9: 0 | BO9: 0 | BP9: 0 | BQ9: 0 | BR9: 0 | BS9: 0 | BT9: 0 | BU9: 0 | BV9: 0 | BW9: 0 | CX9: =Y9*Source!I25 -> 95.1552 | CY9: =AA9 -> 52.23 | CZ9: =AE9 -> 7.95 | DA9: =AI9 -> 6.57 | DB9: 0
A10: =ROW(Source!A25) -> 25 | B10: 16496534 | C10: 16496604 | D10: 15167640 | E10: 1 | F10: 1 | G10: 1 | H10: 3 | I10: 01.7.06.11-0001 | J10: ФССЦ-2001, 01.7.06.11-0001, приказ Минстроя России №1039/пр от 30.12.2016г. | K10: Лента ПСУЛ | L10: 1302 | N10: 1003 | O10: 10 м | P10: 10 м | Q10: 10 | W10: 0 | X10: -405326455 | Y10: 15.9 | AA10: 421.14 | AB10: 0 | AC10: 0 | AD10: 0 | AE10: 64.1 | AF10: 0 | AG10: 0 | AH10: 0 | AI10: 6.57 | AJ10: 1 | AK10: 1 | AL10: 1 | AN10: 0 | AO10: 1 | AP10: 0 | AQ10: 0 | AR10: 0 | AT10: 15.9 | AV10: 0 | AW10: 2 | AX10: 16496623 | AY10: 1 | AZ10: 0 | BA10: 10 | BB10: 0 | BC10: 0 | BD10: 0 | BE10: 0 | BF10: 0 | BG10: 0 | BH10: 0 | BI10: 0 | BJ10: 0 | BK10: 0 | BL10: 0 | BM10: 0 | BN10: 0 | BO10: 0 | BP10: 0 | BQ10: 0 | BR10: 0 | BS10: 0 | BT10: 0 | BU10: 0 | BV10: 0 | BW10: 0 | CX10: =Y10*Source!I25 -> 25.64352 | CY10: =AA10 -> 421.14 | CZ10: =AE10 -> 64.1 | DA10: =AI10 -> 6.57 | DB10: 0
A11: =ROW(Source!A25) -> 25 | B11: 16496534 | C11: 16496604 | D11: 15170065 | E11: 1 | F11: 1 | G11: 1 | H11: 3 | I11: 01.7.15.07-0005 | J11: ФССЦ-2001, 01.7.15.07-0005, приказ Минстроя России №1039/пр от 30.12.2016г. | K11: Дюбели монтажные 10х130 (10х132, 10х150) мм | L11: 1358 | N11: 1010 | O11: 10 шт. | P11: 10 шт. | Q11: 10 | W11: 0 | X11: -858120743 | Y11: 41.2 | AA11: 46.19 | AB11: 0 | AC11: 0 | AD11: 0 | AE11: 7.03 | AF11: 0 | AG11: 0 | AH11: 0 | AI11: 6.57 | AJ11: 1 | AK11: 1 | AL11: 1 | AN11: 0 | AO11: 1 | AP11: 0 | AQ11: 0 | AR11: 0 | AT11: 41.2 | AV11: 0 | AW11: 2 | AX11: 16496624 | AY11: 1 | AZ11: 0 | BA11: 11 | BB11: 0 | BC11: 0 | BD11: 0 | BE11: 0 | BF11: 0 | BG11: 0 | BH11: 0 | BI11: 0 | BJ11: 0 | BK11: 0 | BL11: 0 | BM11: 0 | BN11: 0 | BO11: 0 | BP11: 0 | BQ11: 0 | BR11: 0 | BS11: 0 | BT11: 0 | BU11: 0 | BV11: 0 | BW11: 0 | CX11: =Y11*Source!I25 -> 66.44736 | CY11: =AA11 -> 46.19 | CZ11: =AE11 -> 7.03 | DA11: =AI11 -> 6.57 | DB11: 0
A12: =ROW(Source!A25) -> 25 | B12: 16496534 | C12: 16496604 | D12: 15197780 | E12: 1 | F12: 1 | G12: 1 | H12: 3 | I12: 11.3.03.15-0021 | J12: ФССЦ-2001, 11.3.03.15-0021, приказ Минстроя России №1039/пр от 30.12.2016г. | K12: Клинья пластиковые монтажные | L12: 1355 | N12: 1010 | O12: 100 шт. | P12: 100 шт. | Q12: 100 | W12: 0 | X12: 1709713925 | Y12: 8 | AA12: 328.5 | AB12: 0 | AC12: 0 | AD12: 0 | AE12: 50 | AF12: 0 | AG12: 0 | AH12: 0 | AI12: 6.57 | AJ12: 1 | AK12: 1 | AL12: 1 | AN12: 0 | AO12: 1 | AP12: 0 | AQ12: 0 | AR12: 0 | AT12: 8 | AV12: 0 | AW12: 2 | AX12: 16496626 | AY12: 1 | AZ12: 0 | BA12: 13 | BB12: 0 | BC12: 0 | BD12: 0 | BE12: 0 | BF12: 0 | BG12: 0 | BH12: 0 | BI12: 0 | BJ12: 0 | BK12: 0 | BL12: 0 | BM12: 0 | BN12: 0 | BO12: 0 | BP12: 0 | BQ12: 0 | BR12: 0 | BS12: 0 | BT12: 0 | BU12: 0 | BV12: 0 | BW12: 0 | CX12: =Y12*Source!I25 -> 12.9024 | CY12: =AA12 -> 328.5 | CZ12: =AE12 -> 50 | DA12: =AI12 -> 6.57 | DB12: 0
A13: =ROW(Source!A25) -> 25 | B13: 16496534 | C13: 16496604 | D13: 15204239 | E13: 1 | F13: 1 | G13: 1 | H13: 3 | I13: 14.5.01.05-0001 | J13: ФССЦ-2001, 14.5.01.05-0001, приказ Минстроя России №1039/пр от 30.12.2016г. | K13: Герметик пенополиуретановый (пена монтажная) типа Makrofleks, Soudal в баллонах по 750 мл | L13: 1354 | N13: 1010 | O13: шт. | P13: шт. | Q13: 1 | W13: 0 | X13: -1018551266 | Y13: 71 | AA13: 440.19 | AB13: 0 | AC13: 0 | AD13: 0 | AE13: 67 | AF13: 0 | AG13: 0 | AH13: 0 | AI13: 6.57 | AJ13: 1 | AK13: 1 | AL13: 1 | AN13: 0 | AO13: 1 | AP13: 0 | AQ13: 0 | AR13: 0 | AT13: 71 | AV13: 0 | AW13: 2 | AX13: 16496627 | AY13: 1 | AZ13: 0 | BA13: 14 | BB13: 0 | BC13: 0 | BD13: 0 | BE13: 0 | BF13: 0 | BG13: 0 | BH13: 0 | BI13: 0 | BJ13: 0 | BK13: 0 | BL13: 0 | BM13: 0 | BN13: 0 | BO13: 0 | BP13: 0 | BQ13: 0 | BR13: 0 | BS13: 0 | BT13: 0 | BU13: 0 | BV13: 0 | BW13: 0 | CX13: =Y13*Source!I25 -> 114.5088 | CY13: =AA13 -> 440.19 | CZ13: =AE13 -> 67 | DA13: =AI13 -> 6.57 | DB13: 0
A14: =ROW(Source!A25) -> 25 | B14: 16496534 | C14: 16496604 | D14: 0 | E14: 0 | F14: 1 | G14: 1 | H14: 3 | I14: Цена поставщика | K14: Блок оконный пластиковый | L14: 1327 | N14: 1005 | O14: м2 | P14: м2 | Q14: 1 | W14: 0 | X14: -1032967554 | Y14: 100 | AA14: 2930.68 | AB14: 0 | AC14: 0 | AD14: 0 | AE14: 446.07 | AF14: 0 | AG14: 0 | AH14: 0 | AI14: 6.57 | AJ14: 1 | AK14: 1 | AL14: 1 | AN14: 0 | AO14: 0 | AP14: 0 | AQ14: 0 | AR14: 0 | AT14: 100 | AV14: 0 | AW14: 1 | AX14: -1 | AY14: 0 | AZ14: 0 | BB14: 0 | BC14: 0 | BD14: 0 | BE14: 0 | BF14: 0 | BG14: 0 | BH14: 0 | BI14: 0 | BJ14: 0 | BK14: 0 | BL14: 0 | BM14: 0 | BN14: 0 | BO14: 0 | BP14: 0 | BQ14: 0 | BR14: 0 | BS14: 0 | BT14: 0 | BU14: 0 | BV14: 0 | BW14: 0 | CX14: =Y14*Source!I25 -> 161.28 | CY14: =AA14 -> 2930.68 | CZ14: =AE14 -> 446.07 | DA14: =AI14 -> 6.57 | DB14: 0
A15: =ROW(Source!A27) -> 27 | B15: 16496534 | C15: 16496630 | D15: 15430767 | E15: 1 | F15: 1 | G15: 1 | H15: 1 | I15: 1-100-30 | K15: Рабочий среднего разряда 3 | L15: 1191 | N15: 1013 | O15: чел.-ч. | P15: чел.-ч. | Q15: 1 | W15: 0 | X15: -400197608 | Y15: 21.38 | AA15: 0 | AB15: 0 | AC15: 0 | AD15: 56.04 | AE15: 0 | AF15: 0 | AG15: 0 | AH15: 8.53 | AI15: 1 | AJ15: 1 | AK15: 1 | AL15: 6.57 | AN15: 0 | AO15: 1 | AP15: 0 | AQ15: 0 | AR15: 0 | AT15: 21.38 | AV15: 1 | AW15: 2 | AX15: 16496638 | AY15: 1 | AZ15: 0 | BA15: 15 | BB15: 0 | BC15: 0 | BD15: 0 | BE15: 0 | BF15: 0 | BG15: 0 | BH15: 0 | BI15: 0 | BJ15: 0 | BK15: 0 | BL15: 0 | BM15: 0 | BN15: 0 | BO15: 0 | BP15: 0 | BQ15: 0 | BR15: 0 | BS15: 0 | BT15: 0 | BU15: 0 | BV15: 0 | BW15: 0 | CX15: =Y15*Source!I27 -> 23.9456 | CY15: =AD15 -> 56.04 | CZ15: =AH15 -> 8.53 | DA15: =AL15 -> 6.57 | DB15: 0
A16: =ROW(Source!A27) -> 27 | B16: 16496534 | C16: 16496630 | D16: 15430395 | E16: 1 | F16: 1 | G16: 1 | H16: 1 | I16: 4-100-00 | K16: Затраты труда машинистов | L16: 1191 | N16: 1013 | O16: чел.-ч. | P16: чел.-ч. | Q16: 1 | W16: 0 | X16: -1417349443 | Y16: 0.37 | AA16: 0 | AB16: 0 | AC16: 0 | AD16: 0 | AE16: 0 | AF16: 0 | AG16: 0 | AH16: 0 | AI16: 1 | AJ16: 1 | AK16: 6.57 | AL16: 1 | AN16: 0 | AO16: 1 | AP16: 0 | AQ16: 0 | AR16: 0 | AT16: 0.37 | AV16: 2 | AW16: 2 | AX16: 16496639 | AY16: 1 | AZ16: 0 | BA16: 16 | BB16: 0 | BC16: 0 | BD16: 0 | BE16: 0 | BF16: 0 | BG16: 0 | BH16: 0 | BI16: 0 | BJ16: 0 | BK16: 0 | BL16: 0 | BM16: 0 | BN16: 0 | BO16: 0 | BP16: 0 | BQ16: 0 | BR16: 0 | BS16: 0 | BT16: 0 | BU16: 0 | BV16: 0 | BW16: 0 | CX16: =Y16*Source!I27 -> 0.4144 | CY16: =AD16 -> 0 | CZ16: =AH16 -> 0 | DA16: =AL16 -> 1 | DB16: 0
A17: =ROW(Source!A27) -> 27 | B17: 16496534 | C17: 16496630 | D17: 15247974 | E17: 1 | F17: 1 | G17: 1 | H17: 2 | I17: 91.06.06-048 | J17: ФСЭМ-2001, 91.06.06-048, приказ Минстроя России №1039/пр от 30.12.2016г. | K17: Подъемники одномачтовые, грузоподъемность до 500 кг, высота подъема 45 м | L17: 1368 | N17: 1011 | O17: маш.-ч | P17: маш.-ч | Q17: 1 | W17: 0 | X17: 1188625873 | Y17: 0.07 | AA17: 0 | AB17: 205.38 | AC17: 13.5 | AD17: 0 | AE17: 0 | AF17: 31.26 | AG17: 13.5 | AH17: 0 | AI17: 1 | AJ17: 6.57 | AK17: 1 | AL17: 1 | AN17: 0 | AO17: 1 | AP17: 0 | AQ17: 0 | AR17: 0 | AT17: 0.07 | AV17: 0 | AW17: 2 | AX17: 16496640 | AY17: 1 | AZ17: 0 | BA17: 17 | BB17: 0 | BC17: 0 | BD17: 0 | BE17: 0 | BF17: 0 | BG17: 0 | BH17: 0 | BI17: 0 | BJ17: 0 | BK17: 0 | BL17: 0 | BM17: 0 | BN17: 0 | BO17: 0 | BP17: 0 | BQ17: 0 | BR17: 0 | BS17: 0 | BT17: 0 | BU17: 0 | BV17: 0 | BW17: 0 | CX17: =Y17*Source!I27 -> 0.0784 | CY17: =AB17 -> 205.38 | CZ17: =AF17 -> 31.26 | DA17: =AJ17 -> 6.57 | DB17: 0
A18: =ROW(Source!A27) -> 27 | B18: 16496534 | C18: 16496630 | D18: 15249073 | E18: 1 | F18: 1 | G18: 1 | H18: 2 | I18: 91.14.02-001 | J18: ФСЭМ-2001, 91.14.02-001, приказ Минстроя России №1039/пр от 30.12.2016г. | K18: Автомобили бортовые, грузоподъемность до 5 т | L18: 1368 | N18: 1011 | O18: маш.-ч | P18: маш.-ч | Q18: 1 | W18: 0 | X18: 1372534845 | Y18: 0.3 | AA18: 0 | AB18: 431.71 | AC18: 11.6 | AD18: 0 | AE18: 0 | AF18: 65.71 | AG18: 11.6 | AH18: 0 | AI18: 1 | AJ18: 6.57 | AK18: 1 | AL18: 1 | AN18: 0 | AO18: 1 | AP18: 0 | AQ18: 0 | AR18: 0 | AT18: 0.3 | AV18: 0 | AW18: 2 | AX18: 16496641 | AY18: 1 | AZ18: 0 | BA18: 18 | BB18: 0 | BC18: 0 | BD18: 0 | BE18: 0 | BF18: 0 | BG18: 0 | BH18: 0 | BI18: 0 | BJ18: 0 | BK18: 0 | BL18: 0 | BM18: 0 | BN18: 0 | BO18: 0 | BP18: 0 | BQ18: 0 | BR18: 0 | BS18: 0 | BT18: 0 | BU18: 0 | BV18: 0 | BW18: 0 | CX18: =Y18*Source!I27 -> 0.336 | CY18: =AB18 -> 431.71 | CZ18: =AF18 -> 65.71 | DA18: =AJ18 -> 6.57 | DB18: 0
A19: =ROW(Source!A27) -> 27 | B19: 16496534 | C19: 16496630 | D19: 15197780 | E19: 1 | F19: 1 | G19: 1 | H19: 3 | I19: 11.3.03.15-0021 | J19: ФССЦ-2001, 11.3.03.15-0021, приказ Минстроя России №1039/пр от 30.12.2016г. | K19: Клинья пластиковые монтажные | L19: 1355 | N19: 1010 | O19: 100 шт. | P19: 100 шт. | Q19: 100 | W19: 0 | X19: 1709713925 | Y19: 4 | AA19: 328.5 | AB19: 0 | AC19: 0 | AD19: 0 | AE19: 50 | AF19: 0 | AG19: 0 | AH19: 0 | AI19: 6.57 | AJ19: 1 | AK19: 1 | AL19: 1 | AN19: 0 | AO19: 1 | AP19: 0 | AQ19: 0 | AR19: 0 | AT19: 4 | AV19: 0 | AW19: 2 | AX19: 16496643 | AY19: 1 | AZ19: 0 | BA19: 20 | BB19: 0 | BC19: 0 | BD19: 0 | BE19: 0 | BF19: 0 | BG19: 0 | BH19: 0 | BI19: 0 | BJ19: 0 | BK19: 0 | BL19: 0 | BM19: 0 | BN19: 0 | BO19: 0 | BP19: 0 | BQ19: 0 | BR19: 0 | BS19: 0 | BT19: 0 | BU19: 0 | BV19: 0 | BW19: 0 | CX19: =Y19*Source!I27 -> 4.48 | CY19: =AA19 -> 328.5 | CZ19: =AE19 -> 50 | DA19: =AI19 -> 6.57 | DB19: 0
A20: =ROW(Source!A27) -> 27 | B20: 16496534 | C20: 16496630 | D20: 15204239 | E20: 1 | F20: 1 | G20: 1 | H20: 3 | I20: 14.5.01.05-0001 | J20: ФССЦ-2001, 14.5.01.05-0001, приказ Минстроя России №1039/пр от 30.12.2016г. | K20: Герметик пенополиуретановый (пена монтажная) типа Makrofleks, Soudal в баллонах по 750 мл | L20: 1354 | N20: 1010 | O20: шт. | P20: шт. | Q20: 1 | W20: 0 | X20: -1018551266 | Y20: 90.7 | AA20: 440.19 | AB20: 0 | AC20: 0 | AD20: 0 | AE20: 67 | AF20: 0 | AG20: 0 | AH20: 0 | AI20: 6.57 | AJ20: 1 | AK20: 1 | AL20: 1 | AN20: 0 | AO20: 1 | AP20: 0 | AQ20: 0 | AR20: 0 | AT20: 90.7 | AV20: 0 | AW20: 2 | AX20: 16496644 | AY20: 1 | AZ20: 0 | BA20: 21 | BB20: 0 | BC20: 0 | BD20: 0 | BE20: 0 | BF20: 0 | BG20: 0 | BH20: 0 | BI20: 0 | BJ20: 0 | BK20: 0 | BL20: 0 | BM20: 0 | BN20: 0 | BO20: 0 | BP20: 0 | BQ20: 0 | BR20: 0 | BS20: 0 | BT20: 0 | BU20: 0 | BV20: 0 | BW20: 0 | CX20: =Y20*Source!I27 -> 101.584 | CY20: =AA20 -> 440.19 | CZ20: =AE20 -> 67 | DA20: =AI20 -> 6.57 | DB20: 0
A21: =ROW(Source!A27) -> 27 | B21: 16496534 | C21: 16496630 | D21: 0 | E21: 0 | F21: 1 | G21: 1 | H21: 3 | I21: Цена поставщика | K21: Доска подоконная | L21: 1301 | N21: 1003 | O21: м | P21: м | Q21: 1 | W21: 0 | X21: 1331515220 | Y21: 100 | AA21: 1524.31 | AB21: 0 | AC21: 0 | AD21: 0 | AE21: 232.01 | AF21: 0 | AG21: 0 | AH21: 0 | AI21: 6.57 | AJ21: 1 | AK21: 1 | AL21: 1 | AN21: 0 | AO21: 0 | AP21: 0 | AQ21: 0 | AR21: 0 | AT21: 100 | AV21: 0 | AW21: 1 | AX21: -1 | AY21: 0 | AZ21: 0 | BB21: 0 | BC21: 0 | BD21: 0 | BE21: 0 | BF21: 0 | BG21: 0 | BH21: 0 | BI21: 0 | BJ21: 0 | BK21: 0 | BL21: 0 | BM21: 0 | BN21: 0 | BO21: 0 | BP21: 0 | BQ21: 0 | BR21: 0 | BS21: 0 | BT21: 0 | BU21: 0 | BV21: 0 | BW21: 0 | CX21: =Y21*Source!I27 -> 112 | CY21: =AA21 -> 1524.31 | CZ21: =AE21 -> 232.01 | DA21: =AI21 -> 6.57 | DB21: 0
A22: =ROW(Source!A29) -> 29 | B22: 16496534 | C22: 16496646 | D22: 15430767 | E22: 1 | F22: 1 | G22: 1 | H22: 1 | I22: 1-100-30 | K22: Рабочий среднего разряда 3 | L22: 1191 | N22: 1013 | O22: чел.-ч. | P22: чел.-ч. | Q22: 1 | W22: 0 | X22: -400197608 | Y22: 41.41 | AA22: 0 | AB22: 0 | AC22: 0 | AD22: 56.04 | AE22: 0 | AF22: 0 | AG22: 0 | AH22: 8.53 | AI22: 1 | AJ22: 1 | AK22: 1 | AL22: 6.57 | AN22: 0 | AO22: 1 | AP22: 0 | AQ22: 0 | AR22: 0 | AT22: 41.41 | AV22: 1 | AW22: 2 | AX22: 16496657 | AY22: 1 | AZ22: 0 | BA22: 22 | BB22: 0 | BC22: 0 | BD22: 0 | BE22: 0 | BF22: 0 | BG22: 0 | BH22: 0 | BI22: 0 | BJ22: 0 | BK22: 0 | BL22: 0 | BM22: 0 | BN22: 0 | BO22: 0 | BP22: 0 | BQ22: 0 | BR22: 0 | BS22: 0 | BT22: 0 | BU22: 0 | BV22: 0 | BW22: 0 | CX22: =Y22*Source!I29 -> 46.3792 | CY22: =AD22 -> 56.04 | CZ22: =AH22 -> 8.53 | DA22: =AL22 -> 6.57 | DB22: 0
A23: =ROW(Source!A29) -> 29 | B23: 16496534 | C23: 16496646 | D23: 15430395 | E23: 1 | F23: 1 | G23: 1 | H23: 1 | I23: 4-100-00 | K23: Затраты труда машинистов | L23: 1191 | N23: 1013 | O23: чел.-ч. | P23: чел.-ч. | Q23: 1 | W23: 0 | X23: -1417349443 | Y23: 0.12 | AA23: 0 | AB23: 0 | AC23: 0 | AD23: 0 | AE23: 0 | AF23: 0 | AG23: 0 | AH23: 0 | AI23: 1 | AJ23: 1 | AK23: 6.57 | AL23: 1 | AN23: 0 | AO23: 1 | AP23: 0 | AQ23: 0 | AR23: 0 | AT23: 0.12 | AV23: 2 | AW23: 2 | AX23: 16496658 | AY23: 1 | AZ23: 0 | BA23: 23 | BB23: 0 | BC23: 0 | BD23: 0 | BE23: 0 | BF23: 0 | BG23: 0 | BH23: 0 | BI23: 0 | BJ23: 0 | BK23: 0 | BL23: 0 | BM23: 0 | BN23: 0 | BO23: 0 | BP23: 0 | BQ23: 0 | BR23: 0 | BS23: 0 | BT23: 0 | BU23: 0 | BV23: 0 | BW23: 0 | CX23: =Y23*Source!I29 -> 0.1344 | CY23: =AD23 -> 0 | CZ23: =AH23 -> 0 | DA23: =AL23 -> 1 | DB23: 0
A24: =ROW(Source!A29) -> 29 | B24: 16496534 | C24: 16496646 | D24: 15247974 | E24: 1 | F24: 1 | G24: 1 | H24: 2 | I24: 91.06.06-048 | J24: ФСЭМ-2001, 91.06.06-048, приказ Минстроя России №1039/пр от 30.12.2016г. | K24: Подъемники одномачтовые, грузоподъемность до 500 кг, высота подъема 45 м | L24: 1368 | N24: 1011 | O24: маш.-ч | P24: маш.-ч | Q24: 1 | W24: 0 | X24: 1188625873 | Y24: 0.08 | AA24: 0 | AB24: 205.38 | AC24: 13.5 | AD24: 0 | AE24: 0 | AF24: 31.26 | AG24: 13.5 | AH24: 0 | AI24: 1 | AJ24: 6.57 | AK24: 1 | AL24: 1 | AN24: 0 | AO24: 1 | AP24: 0 | AQ24: 0 | AR24: 0 | AT24: 0.08 | AV24: 0 | AW24: 2 | AX24: 16496659 | AY24: 1 | AZ24: 0 | BA24: 24 | BB24: 0 | BC24: 0 | BD24: 0 | BE24: 0 | BF24: 0 | BG24: 0 | BH24: 0 | BI24: 0 | BJ24: 0 | BK24: 0 | BL24: 0 | BM24: 0 | BN24: 0 | BO24: 0 | BP24: 0 | BQ24: 0 | BR24: 0 | BS24: 0 | BT24: 0 | BU24: 0 | BV24: 0 | BW24: 0 | CX24: =Y24*Source!I29 -> 0.0896 | CY24: =AB24 -> 205.38 | CZ24: =AF24 -> 31.26 | DA24: =AJ24 -> 6.57 | DB24: 0
A25: =ROW(Source!A29) -> 29 | B25: 16496534 | C25: 16496646 | D25: 15249073 | E25: 1 | F25: 1 | G25: 1 | H25: 2 | I25: 91.14.02-001 | J25: ФСЭМ-2001, 91.14.02-001, приказ Минстроя России №1039/пр от 30.12.2016г. | K25: Автомобили бортовые, грузоподъемность до 5 т | L25: 1368 | N25: 1011 | O25: маш.-ч | P25: маш.-ч | Q25: 1 | W25: 0 | X25: 1372534845 | Y25: 0.04 | AA25: 0 | AB25: 431.71 | AC25: 11.6 | AD25: 0 | AE25: 0 | AF25: 65.71 | AG25: 11.6 | AH25: 0 | AI25: 1 | AJ25: 6.57 | AK25: 1 | AL25: 1 | AN25: 0 | AO25: 1 | AP25: 0 | AQ25: 0 | AR25: 0 | AT25: 0.04 | AV25: 0 | AW25: 2 | AX25: 16496660 | AY25: 1 | AZ25: 0 | BA25: 25 | BB25: 0 | BC25: 0 | BD25: 0 | BE25: 0 | BF25: 0 | BG25: 0 | BH25: 0 | BI25: 0 | BJ25: 0 | BK25: 0 | BL25: 0 | BM25: 0 | BN25: 0 | BO25: 0 | BP25: 0 | BQ25: 0 | BR25: 0 | BS25: 0 | BT25: 0 | BU25: 0 | BV25: 0 | BW25: 0 | CX25: =Y25*Source!I29 -> 0.0448 | CY25: =AB25 -> 431.71 | CZ25: =AF25 -> 65.71 | DA25: =AJ25 -> 6.57 | DB25: 0
A26: =ROW(Source!A29) -> 29 | B26: 16496534 | C26: 16496646 | D26: 15170039 | E26: 1 | F26: 1 | G26: 1 | H26: 3 | I26: 01.7.15.06-0111 | J26: ФССЦ-2001, 01.7.15.06-0111, приказ Минстроя России №1039/пр от 30.12.2016г. | K26: Гвозди строительные | L26: 1348 | N26: 1009 | O26: т | P26: т | Q26: 1000 | W26: 0 | X26: 1174701286 | Y26: 0.004 | AA26: 78695.46 | AB26: 0 | AC26: 0 | AD26: 0 | AE26: 11978 | AF26: 0 | AG26: 0 | AH26: 0 | AI26: 6.57 | AJ26: 1 | AK26: 1 | AL26: 1 | AN26: 0 | AO26: 1 | AP26: 0 | AQ26: 0 | AR26: 0 | AT26: 0.004 | AV26: 0 | AW26: 2 | AX26: 16496662 | AY26: 1 | AZ26: 0 | BA26: 27 | BB26: 0 | BC26: 0 | BD26: 0 | BE26: 0 | BF26: 0 | BG26: 0 | BH26: 0 | BI26: 0 | BJ26: 0 | BK26: 0 | BL26: 0 | BM26: 0 | BN26: 0 | BO26: 0 | BP26: 0 | BQ26: 0 | BR26: 0 | BS26: 0 | BT26: 0 | BU26: 0 | BV26: 0 | BW26: 0 | CX26: =Y26*Source!I29 -> 0.00448 | CY26: =AA26 -> 78695.46 | CZ26: =AE26 -> 11978 | DA26: =AI26 -> 6.57 | DB26: 0
A27: =ROW(Source!A29) -> 29 | B27: 16496534 | C27: 16496646 | D27: 15191139 | E27: 1 | F27: 1 | G27: 1 | H27: 3 | I27: 08.3.03.05-0001 | J27: ФССЦ-2001, 08.3.03.05-0001, приказ Минстроя России №1039/пр от 30.12.2016г. | K27: Проволока канатная оцинкованная, диаметром 2,6 мм | L27: 1348 | N27: 1009 | O27: т | P27: т | Q27: 1000 | W27: 0 | X27: -740471490 | Y27: 0.006 | AA27: 52711.11 | AB27: 0 | AC27: 0 | AD27: 0 | AE27: 8023 | AF27: 0 | AG27: 0 | AH27: 0 | AI27: 6.57 | AJ27: 1 | AK27: 1 | AL27: 1 | AN27: 0 | AO27: 1 | AP27: 0 | AQ27: 0 | AR27: 0 | AT27: 0.006 | AV27: 0 | AW27: 2 | AX27: 16496663 | AY27: 1 | AZ27: 0 | BA27: 28 | BB27: 0 | BC27: 0 | BD27: 0 | BE27: 0 | BF27: 0 | BG27: 0 | BH27: 0 | BI27: 0 | BJ27: 0 | BK27: 0 | BL27: 0 | BM27: 0 | BN27: 0 | BO27: 0 | BP27: 0 | BQ27: 0 | BR27: 0 | BS27: 0 | BT27: 0 | BU27: 0 | BV27: 0 | BW27: 0 | CX27: =Y27*Source!I29 -> 0.00672 | CY27: =AA27 -> 52711.11 | CZ27: =AE27 -> 8023 | DA27: =AI27 -> 6.57 | DB27: 0
A28: =ROW(Source!A29) -> 29 | B28: 16496534 | C28: 16496646 | D28: 0 | E28: 0 | F28: 1 | G28: 1 | H28: 3 | I28: Цена поставщика | K28: Водоотлив оконный шириной планки 250 мм из оцинкованной стали с полимерным покрытием | L28: 1301 | N28: 1003 | O28: м | P28: м | Q28: 1 | W28: 0 | X28: -1929252935 | Y28: 100 | AA28: 188.16 | AB28: 0 | AC28: 0 | AD28: 0 | AE28: 28.64 | AF28: 0 | AG28: 0 | AH28: 0 | AI28: 6.57 | AJ28: 1 | AK28: 1 | AL28: 1 | AN28: 0 | AO28: 0 | AP28: 0 | AQ28: 0 | AR28: 0 | AT28: 100 | AV28: 0 | AW28: 1 | AX28: -1 | AY28: 0 | AZ28: 0 | BB28: 0 | BC28: 0 | BD28: 0 | BE28: 0 | BF28: 0 | BG28: 0 | BH28: 0 | BI28: 0 | BJ28: 0 | BK28: 0 | BL28: 0 | BM28: 0 | BN28: 0 | BO28: 0 | BP28: 0 | BQ28: 0 | BR28: 0 | BS28: 0 | BT28: 0 | BU28: 0 | BV28: 0 | BW28: 0 | CX28: =Y28*Source!I29 -> 112 | CY28: =AA28 -> 188.16 | CZ28: =AE28 -> 28.64 | DA28: =AI28 -> 6.57 | DB28: 0
A29: =ROW(Source!A31) -> 31 | B29: 16496534 | C29: 16496669 | D29: 15438286 | E29: 1 | F29: 1 | G29: 1 | H29: 1 | I29: 1-100-36 | K29: Рабочий среднего разряда 3.6 | L29: 1191 | N29: 1013 | O29: чел.-ч. | P29: чел.-ч. | Q29: 1 | W29: 0 | X29: -1027537862 | Y29: 166.47 | AA29: 0 | AB29: 0 | AC29: 0 | AD29: 60.31 | AE29: 0 | AF29: 0 | AG29: 0 | AH29: 9.18 | AI29: 1 | AJ29: 1 | AK29: 1 | AL29: 6.57 | AN29: 0 | AO29: 1 | AP29: 0 | AQ29: 0 | AR29: 0 | AT29: 166.47 | AV29: 1 | AW29: 2 | AX29: 16496681 | AY29: 1 | AZ29: 0 | BA29: 30 | BB29: 0 | BC29: 0 | BD29: 0 | BE29: 0 | BF29: 0 | BG29: 0 | BH29: 0 | BI29: 0 | BJ29: 0 | BK29: 0 | BL29: 0 | BM29: 0 | BN29: 0 | BO29: 0 | BP29: 0 | BQ29: 0 | BR29: 0 | BS29: 0 | BT29: 0 | BU29: 0 | BV29: 0 | BW29: 0 | CX29: =Y29*Source!I31 -> 246.64195 | CY29: =AD29 -> 60.31 | CZ29: =AH29 -> 9.18 | DA29: =AL29 -> 6.57 | DB29: 0
A30: =ROW(Source!A31) -> 31 | B30: 16496534 | C30: 16496669 | D30: 15430395 | E30: 1 | F30: 1 | G30: 1 | H30: 1 | I30: 4-100-00 | K30: Затраты труда машинистов | L30: 1191 | N30: 1013 | O30: чел.-ч. | P30: чел.-ч. | Q30: 1 | W30: 0 | X30: -1417349443 | Y30: 0.58 | AA30: 0 | AB30: 0 | AC30: 0 | AD30: 0 | AE30: 0 | AF30: 0 | AG30: 0 | AH30: 0 | AI30: 1 | AJ30: 1 | AK30: 6.57 | AL30: 1 | AN30: 0 | AO30: 1 | AP30: 0 | AQ30: 0 | AR30: 0 | AT30: 0.58 | AV30: 2 | AW30: 2 | AX30: 16496682 | AY30: 1 | AZ30: 0 | BA30: 31 | BB30: 0 | BC30: 0 | BD30: 0 | BE30: 0 | BF30: 0 | BG30: 0 | BH30: 0 | BI30: 0 | BJ30: 0 | BK30: 0 | BL30: 0 | BM30: 0 | BN30: 0 | BO30: 0 | BP30: 0 | BQ30: 0 | BR30: 0 | BS30: 0 | BT30: 0 | BU30: 0 | BV30: 0 | BW30: 0 | CX30: =Y30*Source!I31 -> 0.859328 | CY30: =AD30 -> 0 | CZ30: =AH30 -> 0 | DA30: =AL30 -> 1 | DB30: 0
A31: =ROW(Source!A31) -> 31 | B31: 16496534 | C31: 16496669 | D31: 15247974 | E31: 1 | F31: 1 | G31: 1 | H31: 2 | I31: 91.06.06-048 | J31: ФСЭМ-2001, 91.06.06-048, приказ Минстроя России №1039/пр от 30.12.2016г. | K31: Подъемники одномачтовые, грузоподъемность до 500 кг, высота подъема 45 м | L31: 1368 | N31: 1011 | O31: маш.-ч | P31: маш.-ч | Q31: 1 | W31: 0 | X31: 1188625873 | Y31: 0.08 | AA31: 0 | AB31: 205.38 | AC31: 13.5 | AD31: 0 | AE31: 0 | AF31: 31.26 | AG31: 13.5 | AH31: 0 | AI31: 1 | AJ31: 6.57 | AK31: 1 | AL31: 1 | AN31: 0 | AO31: 1 | AP31: 0 | AQ31: 0 | AR31: 0 | AT31: 0.08 | AV31: 0 | AW31: 2 | AX31: 16496683 | AY31: 1 | AZ31: 0 | BA31: 32 | BB31: 0 | BC31: 0 | BD31: 0 | BE31: 0 | BF31: 0 | BG31: 0 | BH31: 0 | BI31: 0 | BJ31: 0 | BK31: 0 | BL31: 0 | BM31: 0 | BN31: 0 | BO31: 0 | BP31: 0 | BQ31: 0 | BR31: 0 | BS31: 0 | BT31: 0 | BU31: 0 | BV31: 0 | BW31: 0 | CX31: =Y31*Source!I31 -> 0.118528 | CY31: =AB31 -> 205.38 | CZ31: =AF31 -> 31.26 | DA31: =AJ31 -> 6.57 | DB31: 0
A32: =ROW(Source!A31) -> 31 | B32: 16496534 | C32: 16496669 | D32: 15249073 | E32: 1 | F32: 1 | G32: 1 | H32: 2 | I32: 91.14.02-001 | J32: ФСЭМ-2001, 91.14.02-001, приказ Минстроя России №1039/пр от 30.12.2016г. | K32: Автомобили бортовые, грузоподъемность до 5 т | L32: 1368 | N32: 1011 | O32: маш.-ч | P32: маш.-ч | Q32: 1 | W32: 0 | X32: 1372534845 | Y32: 0.5 | AA32: 0 | AB32: 431.71 | AC32: 11.6 | AD32: 0 | AE32: 0 | AF32: 65.71 | AG32: 11.6 | AH32: 0 | AI32: 1 | AJ32: 6.57 | AK32: 1 | AL32: 1 | AN32: 0 | AO32: 1 | AP32: 0 | AQ32: 0 | AR32: 0 | AT32: 0.5 | AV32: 0 | AW32: 2 | AX32: 16496684 | AY32: 1 | AZ32: 0 | BA32: 33 | BB32: 0 | BC32: 0 | BD32: 0 | BE32: 0 | BF32: 0 | BG32: 0 | BH32: 0 | BI32: 0 | BJ32: 0 | BK32: 0 | BL32: 0 | BM32: 0 | BN32: 0 | BO32: 0 | BP32: 0 | BQ32: 0 | BR32: 0 | BS32: 0 | BT32: 0 | BU32: 0 | BV32: 0 | BW32: 0 | CX32: =Y32*Source!I31 -> 0.7408 | CY32: =AB32 -> 431.71 | CZ32: =AF32 -> 65.71 | DA32: =AJ32 -> 6.57 | DB32: 0
A33: =ROW(Source!A31) -> 31 | B33: 16496534 | C33: 16496669 | D33: 15162966 | E33: 17 | F33: 1 | G33: 1 | H33: 3 | I33: 01.6.01.11 | K33: Листы облицовочные декоративные | L33: 1327 | N33: 1005 | O33: м2 | P33: м2 | Q33: 1 | W33: 0 | X33: -112006704 | Y33: 105 | AA33: 0 | AB33: 0 | AC33: 0 | AD33: 0 | AE33: 0 | AF33: 0 | AG33: 0 | AH33: 0 | AI33: 6.57 | AJ33: 1 | AK33: 1 | AL33: 1 | AN33: 0 | AO33: 0 | AP33: 0 | AQ33: 0 | AR33: 0 | AT33: 105 | AV33: 0 | AW33: 2 | AX33: 16496685 | AY33: 1 | AZ33: 0 | BA33: 34 | BB33: 0 | BC33: 0 | BD33: 0 | BE33: 0 | BF33: 0 | BG33: 0 | BH33: 0 | BI33: 0 | BJ33: 0 | BK33: 0 | BL33: 0 | BM33: 0 | BN33: 0 | BO33: 0 | BP33: 0 | BQ33: 0 | BR33: 0 | BS33: 0 | BT33: 0 | BU33: 0 | BV33: 0 | BW33: 0 | CX33: =Y33*Source!I31 -> 155.568 | CY33: =AA33 -> 0 | CZ33: =AE33 -> 0 | DA33: =AI33 -> 6.57 | DB33: 0
A34: =ROW(Source!A31) -> 31 | B34: 16496534 | C34: 16496669 | D34: 15171018 | E34: 1 | F34: 1 | G34: 1 | H34: 3 | I34: 01.7.20.08-0051 | J34: ФССЦ-2001, 01.7.20.08-0051, приказ Минстроя России №1039/пр от 30.12.2016г. | K34: Ветошь | L34: 1346 | N34: 1009 | O34: кг | P34: кг | Q34: 1 | W34: 0 | X34: 813963326 | Y34: 0.2 | AA34: 11.96 | AB34: 0 | AC34: 0 | AD34: 0 | AE34: 1.82 | AF34: 0 | AG34: 0 | AH34: 0 | AI34: 6.57 | AJ34: 1 | AK34: 1 | AL34: 1 | AN34: 0 | AO34: 1 | AP34: 0 | AQ34: 0 | AR34: 0 | AT34: 0.2 | AV34: 0 | AW34: 2 | AX34: 16496686 | AY34: 1 | AZ34: 0 | BA34: 35 | BB34: 0 | BC34: 0 | BD34: 0 | BE34: 0 | BF34: 0 | BG34: 0 | BH34: 0 | BI34: 0 | BJ34: 0 | BK34: 0 | BL34: 0 | BM34: 0 | BN34: 0 | BO34: 0 | BP34: 0 | BQ34: 0 | BR34: 0 | BS34: 0 | BT34: 0 | BU34: 0 | BV34: 0 | BW34: 0 | CX34: =Y34*Source!I31 -> 0.29632 | CY34: =AA34 -> 11.96 | CZ34: =AE34 -> 1.82 | DA34: =AI34 -> 6.57 | DB34: 0
A35: =ROW(Source!A31) -> 31 | B35: 16496534 | C35: 16496669 | D35: 15197671 | E35: 1 | F35: 1 | G35: 1 | H35: 3 | I35: 11.3.03.05-0001 | J35: ФССЦ-2001, 11.3.03.05-0001, приказ Минстроя России №1039/пр от 30.12.2016г. | K35: Панели пластиковые для откосов "Реас Пласт" шириной 0,4 м, длиной 3,0 м, белые матовые, лакированные | L35: 1327 | N35: 1005 | O35: м2 | P35: м2 | Q35: 1 | W35: 0 | X35: -956992290 | Y35: 105 | AA35: 225.88 | AB35: 0 | AC35: 0 | AD35: 0 | AE35: 34.38 | AF35: 0 | AG35: 0 | AH35: 0 | AI35: 6.57 | AJ35: 1 | AK35: 1 | AL35: 1 | AN35: 0 | AO35: 0 | AP35: 0 | AQ35: 0 | AR35: 0 | AT35: 105 | AV35: 0 | AW35: 1 | AX35: -1 | AY35: 0 | AZ35: 0 | BB35: 0 | BC35: 0 | BD35: 0 | BE35: 0 | BF35: 0 | BG35: 0 | BH35: 0 | BI35: 0 | BJ35: 0 | BK35: 0 | BL35: 0 | BM35: 0 | BN35: 0 | BO35: 0 | BP35: 0 | BQ35: 0 | BR35: 0 | BS35: 0 | BT35: 0 | BU35: 0 | BV35: 0 | BW35: 0 | CX35: =Y35*Source!I31 -> 155.568 | CY35: =AA35 -> 225.88 | CZ35: =AE35 -> 34.38 | DA35: =AI35 -> 6.57 | DB35: 0
A36: =ROW(Source!A31) -> 31 | B36: 16496534 | C36: 16496669 | D36: 15202457 | E36: 1 | F36: 1 | G36: 1 | H36: 3 | I36: 14.1.02.03-0002 | J36: ФССЦ-2001, 14.1.02.03-0002, приказ Минстроя России №1039/пр от 30.12.2016г. | K36: Клей ПВА | L36: 1346 | N36: 1009 | O36: кг | P36: кг | Q36: 1 | W36: 0 | X36: 1104462431 | Y36: 30 | AA36: 104.46 | AB36: 0 | AC36: 0 | AD36: 0 | AE36: 15.9 | AF36: 0 | AG36: 0 | AH36: 0 | AI36: 6.57 | AJ36: 1 | AK36: 1 | AL36: 1 | AN36: 0 | AO36: 0 | AP36: 0 | AQ36: 0 | AR36: 0 | AT36: 30 | AV36: 0 | AW36: 1 | AX36: -1 | AY36: 0 | AZ36: 0 | BB36: 0 | BC36: 0 | BD36: 0 | BE36: 0 | BF36: 0 | BG36: 0 | BH36: 0 | BI36: 0 | BJ36: 0 | BK36: 0 | BL36: 0 | BM36: 0 | BN36: 0 | BO36: 0 | BP36: 0 | BQ36: 0 | BR36: 0 | BS36: 0 | BT36: 0 | BU36: 0 | BV36: 0 | BW36: 0 | CX36: =Y36*Source!I31 -> 44.448 | CY36: =AA36 -> 104.46 | CZ36: =AE36 -> 15.9 | DA36: =AI36 -> 6.57 | DB36: 0
A37: =ROW(Source!A31) -> 31 | B37: 16496534 | C37: 16496669 | D37: 15162257 | E37: 17 | F37: 1 | G37: 1 | H37: 3 | I37: 14.1.06.05 | K37: Клей | L37: 1346 | N37: 1009 | O37: кг | P37: кг | Q37: 1 | W37: 0 | X37: -1516100259 | Y37: 30 | AA37: 0 | AB37: 0 | AC37: 0 | AD37: 0 | AE37: 0 | AF37: 0 | AG37: 0 | AH37: 0 | AI37: 6.57 | AJ37: 1 | AK37: 1 | AL37: 1 | AN37: 0 | AO37: 0 | AP37: 0 | AQ37: 0 | AR37: 0 | AT37: 30 | AV37: 0 | AW37: 2 | AX37: 16496687 | AY37: 1 | AZ37: 0 | BA37: 36 | BB37: 0 | BC37: 0 | BD37: 0 | BE37: 0 | BF37: 0 | BG37: 0 | BH37: 0 | BI37: 0 | BJ37: 0 | BK37: 0 | BL37: 0 | BM37: 0 | BN37: 0 | BO37: 0 | BP37: 0 | BQ37: 0 | BR37: 0 | BS37: 0 | BT37: 0 | BU37: 0 | BV37: 0 | BW37: 0 | CX37: =Y37*Source!I31 -> 44.448 | CY37: =AA37 -> 0 | CZ37: =AE37 -> 0 | DA37: =AI37 -> 6.57 | DB37: 0
A38: =ROW(Source!A31) -> 31 | B38: 16496534 | C38: 16496669 | D38: 15203211 | E38: 1 | F38: 1 | G38: 1 | H38: 3 | I38: 14.3.01.01-0001 | J38: ФССЦ-2001, 14.3.01.01-0001, приказ Минстроя России №1039/пр от 30.12.2016г. | K38: Грунтовка: «Бетоконтакт», КНАУФ | L38: 1346 | N38: 1009 | O38: кг | P38: кг | Q38: 1 | W38: 0 | X38: 1453462043 | Y38: 8.900189 | AA38: 99.14 | AB38: 0 | AC38: 0 | AD38: 0 | AE38: 15.09 | AF38: 0 | AG38: 0 | AH38: 0 | AI38: 6.57 | AJ38: 1 | AK38: 1 | AL38: 1 | AN38: 0 | AO38: 0 | AP38: 0 | AQ38: 0 | AR38: 0 | AT38: 8.900189 | AV38: 0 | AW38: 1 | AX38: -1 | AY38: 0 | AZ38: 0 | BB38: 0 | BC38: 0 | BD38: 0 | BE38: 0 | BF38: 0 | BG38: 0 | BH38: 0 | BI38: 0 | BJ38: 0 | BK38: 0 | BL38: 0 | BM38: 0 | BN38: 0 | BO38: 0 | BP38: 0 | BQ38: 0 | BR38: 0 | BS38: 0 | BT38: 0 | BU38: 0 | BV38: 0 | BW38: 0 | CX38: =Y38*Source!I31 -> 13.18652 | CY38: =AA38 -> 99.14 | CZ38: =AE38 -> 15.09 | DA38: =AI38 -> 6.57 | DB38: 0
A39: =ROW(Source!A31) -> 31 | B39: 16496534 | C39: 16496669 | D39: 15162572 | E39: 17 | F39: 1 | G39: 1 | H39: 3 | I39: 14.4.01.21 | K39: Грунтовка | L39: 1348 | N39: 1009 | O39: т | P39: т | Q39: 1000 | W39: 0 | X39: -1212923053 | Y39: 0.0089 | AA39: 0 | AB39: 0 | AC39: 0 | AD39: 0 | AE39: 0 | AF39: 0 | AG39: 0 | AH39: 0 | AI39: 6.57 | AJ39: 1 | AK39: 1 | AL39: 1 | AN39: 0 | AO39: 0 | AP39: 0 | AQ39: 0 | AR39: 0 | AT39: 0.0089 | AV39: 0 | AW39: 2 | AX39: 16496688 | AY39: 1 | AZ39: 0 | BA39: 37 | BB39: 0 | BC39: 0 | BD39: 0 | BE39: 0 | BF39: 0 | BG39: 0 | BH39: 0 | BI39: 0 | BJ39: 0 | BK39: 0 | BL39: 0 | BM39: 0 | BN39: 0 | BO39: 0 | BP39: 0 | BQ39: 0 | BR39: 0 | BS39: 0 | BT39: 0 | BU39: 0 | BV39: 0 | BW39: 0 | CX39: =Y39*Source!I31 -> 0.01318624 | CY39: =AA39 -> 0 | CZ39: =AE39 -> 0 | DA39: =AI39 -> 6.57 | DB39: 0
A40: =ROW(Source!A38) -> 38 | B40: 16496534 | C40: 16496695 | D40: 15430767 | E40: 1 | F40: 1 | G40: 1 | H40: 1 | I40: 1-100-30 | K40: Рабочий среднего разряда 3 | L40: 1191 | N40: 1013 | O40: чел.-ч. | P40: чел.-ч. | Q40: 1 | W40: 0 | X40: -400197608 | Y40: 6.7 | AA40: 0 | AB40: 0 | AC40: 0 | AD40: 56.04 | AE40: 0 | AF40: 0 | AG40: 0 | AH40: 8.53 | AI40: 1 | AJ40: 1 | AK40: 1 | AL40: 6.57 | AN40: 0 | AO40: 1 | AP40: 0 | AQ40: 0 | AR40: 0 | AT40: 6.7 | AV40: 1 | AW40: 2 | AX40: 16496700 | AY40: 1 | AZ40: 0 | BA40: 38 | BB40: 0 | BC40: 0 | BD40: 0 | BE40: 0 | BF40: 0 | BG40: 0 | BH40: 0 | BI40: 0 | BJ40: 0 | BK40: 0 | BL40: 0 | BM40: 0 | BN40: 0 | BO40: 0 | BP40: 0 | BQ40: 0 | BR40: 0 | BS40: 0 | BT40: 0 | BU40: 0 | BV40: 0 | BW40: 0 | CX40: =Y40*Source!I38 -> 19.85344 | CY40: =AD40 -> 56.04 | CZ40: =AH40 -> 8.53 | DA40: =AL40 -> 6.57 | DB40: 0
A41: =ROW(Source!A38) -> 38 | B41: 16496534 | C41: 16496695 | D41: 15162472 | E41: 17 | F41: 1 | G41: 1 | H41: 3 | I41: 11.3.03.13 | K41: Уголок ПВХ | L41: 2233 | N41: 1013 | O41: П.М | P41: П.М | Q41: 1 | W41: 0 | X41: -1710570218 | Y41: 100 | AA41: 0 | AB41: 0 | AC41: 0 | AD41: 0 | AE41: 0 | AF41: 0 | AG41: 0 | AH41: 0 | AI41: 6.57 | AJ41: 1 | AK41: 1 | AL41: 1 | AN41: 0 | AO41: 0 | AP41: 0 | AQ41: 0 | AR41: 0 | AT41: 100 | AV41: 0 | AW41: 2 | AX41: 16496701 | AY41: 1 | AZ41: 0 | BA41: 39 | BB41: 0 | BC41: 0 | BD41: 0 | BE41: 0 | BF41: 0 | BG41: 0 | BH41: 0 | BI41: 0 | BJ41: 0 | BK41: 0 | BL41: 0 | BM41: 0 | BN41: 0 | BO41: 0 | BP41: 0 | BQ41: 0 | BR41: 0 | BS41: 0 | BT41: 0 | BU41: 0 | BV41: 0 | BW41: 0 | CX41: =Y41*Source!I38 -> 296.32 | CY41: =AA41 -> 0 | CZ41: =AE41 -> 0 | DA41: =AI41 -> 6.57 | DB41: 0
A42: =ROW(Source!A38) -> 38 | B42: 16496534 | C42: 16496695 | D42: 15197756 | E42: 1 | F42: 1 | G42: 1 | H42: 3 | I42: 11.3.03.13-0043 | J42: ФССЦ-2001, 11.3.03.13-0043, приказ Минстроя России №1039/пр от 30.12.2016г. | K42: Уголок ПВХ, размером 20х20 мм | L42: 1302 | N42: 1003 | O42: 10 м | P42: 10 м | Q42: 10 | W42: 0 | X42: 189188006 | Y42: 10 | AA42: 168.19 | AB42: 0 | AC42: 0 | AD42: 0 | AE42: 25.6 | AF42: 0 | AG42: 0 | AH42: 0 | AI42: 6.57 | AJ42: 1 | AK42: 1 | AL42: 1 | AN42: 0 | AO42: 0 | AP42: 0 | AQ42: 0 | AR42: 0 | AT42: 10 | AV42: 0 | AW42: 1 | AX42: -1 | AY42: 0 | AZ42: 0 | BB42: 0 | BC42: 0 | BD42: 0 | BE42: 0 | BF42: 0 | BG42: 0 | BH42: 0 | BI42: 0 | BJ42: 0 | BK42: 0 | BL42: 0 | BM42: 0 | BN42: 0 | BO42: 0 | BP42: 0 | BQ42: 0 | BR42: 0 | BS42: 0 | BT42: 0 | BU42: 0 | BV42: 0 | BW42: 0 | CX42: =Y42*Source!I38 -> 29.632 | CY42: =AA42 -> 168.19 | CZ42: =AE42 -> 25.6 | DA42: =AI42 -> 6.57 | DB42: 0
A43: =ROW(Source!A38) -> 38 | B43: 16496534 | C43: 16496695 | D43: 15202504 | E43: 1 | F43: 1 | G43: 1 | H43: 3 | I43: 14.1.04.02-0011 | J43: ФССЦ-2001, 14.1.04.02-0011, приказ Минстроя России №1039/пр от 30.12.2016г. | K43: Клей резиновый № 88-Н | L43: 1346 | N43: 1009 | O43: кг | P43: кг | Q43: 1 | W43: 0 | X43: -1230081286 | Y43: 0.8 | AA43: 295.65 | AB43: 0 | AC43: 0 | AD43: 0 | AE43: 45 | AF43: 0 | AG43: 0 | AH43: 0 | AI43: 6.57 | AJ43: 1 | AK43: 1 | AL43: 1 | AN43: 0 | AO43: 1 | AP43: 0 | AQ43: 0 | AR43: 0 | AT43: 0.8 | AV43: 0 | AW43: 2 | AX43: 16496702 | AY43: 1 | AZ43: 0 | BA43: 40 | BB43: 0 | BC43: 0 | BD43: 0 | BE43: 0 | BF43: 0 | BG43: 0 | BH43: 0 | BI43: 0 | BJ43: 0 | BK43: 0 | BL43: 0 | BM43: 0 | BN43: 0 | BO43: 0 | BP43: 0 | BQ43: 0 | BR43: 0 | BS43: 0 | BT43: 0 | BU43: 0 | BV43: 0 | BW43: 0 | CX43: =Y43*Source!I38 -> 2.37056 | CY43: =AA43 -> 295.65 | CZ43: =AE43 -> 45 | DA43: =AI43 -> 6.57 | DB43: 0

Sheet EtalonRes
A1: =ROW(Source!A24) -> 24 | B1: 16496601 | C1: 16496597 | D1: 15433667 | E1: 1 | F1: 1 | G1: 1 | H1: 1 | I1: 1-100-24 | K1: Рабочий среднего разряда 2.4 | L1: 1191 | N1: 1013 | O1: чел.-ч. | P1: чел.-ч. | Q1: 1 | X1: 188.54 | Y1: 0 | Z1: 0 | AA1: 0 | AB1: 8.09 | AC1: 0 | AD1: 1 | AE1: 1 | AG1: 188.54 | AH1: 2 | AI1: 16496598 | AJ1: 1 | AK1: 0 | AL1: 0 | AM1: 0 | AN1: 0 | AO1: 0 | AP1: 0 | AQ1: 0 | AR1: 0
A2: =ROW(Source!A24) -> 24 | B2: 16496602 | C2: 16496597 | D2: 15430395 | E2: 1 | F2: 1 | G2: 1 | H2: 1 | I2: 4-100-00 | K2: Затраты труда машинистов | L2: 1191 | N2: 1013 | O2: чел.-ч. | P2: чел.-ч. | Q2: 1 | X2: 7.74 | Y2: 0 | Z2: 0 | AA2: 0 | AB2: 0 | AC2: 0 | AD2: 1 | AE2: 2 | AG2: 7.74 | AH2: 2 | AI2: 16496599 | AJ2: 2 | AK2: 0 | AL2: 0 | AM2: 0 | AN2: 0 | AO2: 0 | AP2: 0 | AQ2: 0 | AR2: 0
A3: =ROW(Source!A24) -> 24 | B3: 16496603 | C3: 16496597 | D3: 15247974 | E3: 1 | F3: 1 | G3: 1 | H3: 2 | I3: 91.06.06-048 | J3: ФСЭМ-2001, 91.06.06-048, приказ Минстроя России №1039/пр от 30.12.2016г. | K3: Подъемники одномачтовые, грузоподъемность до 500 кг, высота подъема 45 м | L3: 1368 | N3: 1011 | O3: маш.-ч | P3: маш.-ч | Q3: 1 | X3: 7.74 | Y3: 0 | Z3: 31.26 | AA3: 13.5 | AB3: 0 | AC3: 0 | AD3: 1 | AE3: 0 | AG3: 7.74 | AH3: 2 | AI3: 16496600 | AJ3: 3 | AK3: 0 | AL3: 0 | AM3: 0 | AN3: 0 | AO3: 0 | AP3: 0 | AQ3: 0 | AR3: 0
A4: =ROW(Source!A25) -> 25 | B4: 16496617 | C4: 16496604 | D4: 15436014 | E4: 1 | F4: 1 | G4: 1 | H4: 1 | I4: 1-100-32 | K4: Рабочий среднего разряда 3.2 | L4: 1191 | N4: 1013 | O4: чел.-ч. | P4: чел.-ч. | Q4: 1 | X4: 149.16 | Y4: 0 | Z4: 0 | AA4: 0 | AB4: 8.74 | AC4: 0 | AD4: 1 | AE4: 1 | AG4: 149.16 | AH4: 2 | AI4: 16496605 | AJ4: 4 | AK4: 0 | AL4: 0 | AM4: 0 | AN4: 0 | AO4: 0 | AP4: 0 | AQ4: 0 | AR4: 0
A5: =ROW(Source!A25) -> 25 | B5: 16496618 | C5: 16496604 | D5: 15430395 | E5: 1 | F5: 1 | G5: 1 | H5: 1 | I5: 4-100-00 | K5: Затраты труда машинистов | L5: 1191 | N5: 1013 | O5: чел.-ч. | P5: чел.-ч. | Q5: 1 | X5: 4.23 | Y5: 0 | Z5: 0 | AA5: 0 | AB5: 0 | AC5: 0 | AD5: 1 | AE5: 2 | AG5: 4.23 | AH5: 2 | AI5: 16496606 | AJ5: 5 | AK5: 0 | AL5: 0 | AM5: 0 | AN5: 0 | AO5: 0 | AP5: 0 | AQ5: 0 | AR5: 0
A6: =ROW(Source!A25) -> 25 | B6: 16496619 | C6: 16496604 | D6: 15247974 | E6: 1 | F6: 1 | G6: 1 | H6: 2 | I6: 91.06.06-048 | J6: ФСЭМ-2001, 91.06.06-048, приказ Минстроя России №1039/пр от 30.12.2016г. | K6: Подъемники одномачтовые, грузоподъемность до 500 кг, высота подъема 45 м | L6: 1368 | N6: 1011 | O6: маш.-ч | P6: маш.-ч | Q6: 1 | X6: 0.66 | Y6: 0 | Z6: 31.26 | AA6: 13.5 | AB6: 0 | AC6: 0 | AD6: 1 | AE6: 0 | AG6: 0.66 | AH6: 2 | AI6: 16496607 | AJ6: 6 | AK6: 0 | AL6: 0 | AM6: 0 | AN6: 0 | AO6: 0 | AP6: 0 | AQ6: 0 | AR6: 0
A7: =ROW(Source!A25) -> 25 | B7: 16496620 | C7: 16496604 | D7: 15249073 | E7: 1 | F7: 1 | G7: 1 | H7: 2 | I7: 91.14.02-001 | J7: ФСЭМ-2001, 91.14.02-001, приказ Минстроя России №1039/пр от 30.12.2016г. | K7: Автомобили бортовые, грузоподъемность до 5 т | L7: 1368 | N7: 1011 | O7: маш.-ч | P7: маш.-ч | Q7: 1 | X7: 3.57 | Y7: 0 | Z7: 65.71 | AA7: 11.6 | AB7: 0 | AC7: 0 | AD7: 1 | AE7: 0 | AG7: 3.57 | AH7: 2 | AI7: 16496608 | AJ7: 7 | AK7: 0 | AL7: 0 | AM7: 0 | AN7: 0 | AO7: 0 | AP7: 0 | AQ7: 0 | AR7: 0
A8: =ROW(Source!A25) -> 25 | B8: 16496621 | C8: 16496604 | D8: 15167551 | E8: 1 | F8: 1 | G8: 1 | H8: 3 | I8: 01.7.06.02-0001 | J8: ФССЦ-2001, 01.7.06.02-0001, приказ Минстроя России №1039/пр от 30.12.2016г. | K8: Лента бутиловая | L8: 1301 | N8: 1003 | O8: м | P8: м | Q8: 1 | X8: 253 | Y8: 6.38 | Z8: 0 | AA8: 0 | AB8: 0 | AC8: 0 | AD8: 1 | AE8: 0 | AG8: 253 | AH8: 2 | AI8: 16496609 | AJ8: 8 | AK8: 0 | AL8: 0 | AM8: 0 | AN8: 0 | AO8: 0 | AP8: 0 | AQ8: 0 | AR8: 0
A9: =ROW(Source!A25) -> 25 | B9: 16496622 | C9: 16496604 | D9: 15167552 | E9: 1 | F9: 1 | G9: 1 | H9: 3 | I9: 01.7.06.02-0002 | J9: ФССЦ-2001, 01.7.06.02-0002, приказ Минстроя России №1039/пр от 30.12.2016г. | K9: Лента бутиловая диффузионная | L9: 1301 | N9: 1003 | O9: м | P9: м | Q9: 1 | X9: 59 | Y9: 7.95 | Z9: 0 | AA9: 0 | AB9: 0 | AC9: 0 | AD9: 1 | AE9: 0 | AG9: 59 | AH9: 2 | AI9: 16496610 | AJ9: 9 | AK9: 0 | AL9: 0 | AM9: 0 | AN9: 0 | AO9: 0 | AP9: 0 | AQ9: 0 | AR9: 0
A10: =ROW(Source!A25) -> 25 | B10: 16496623 | C10: 16496604 | D10: 15167640 | E10: 1 | F10: 1 | G10: 1 | H10: 3 | I10: 01.7.06.11-0001 | J10: ФССЦ-2001, 01.7.06.11-0001, приказ Минстроя России №1039/пр от 30.12.2016г. | K10: Лента ПСУЛ | L10: 1302 | N10: 1003 | O10: 10 м | P10: 10 м | Q10: 10 | X10: 15.9 | Y10: 64.1 | Z10: 0 | AA10: 0 | AB10: 0 | AC10: 0 | AD10: 1 | AE10: 0 | AG10: 15.9 | AH10: 2 | AI10: 16496611 | AJ10: 10 | AK10: 0 | AL10: 0 | AM10: 0 | AN10: 0 | AO10: 0 | AP10: 0 | AQ10: 0 | AR10: 0
A11: =ROW(Source!A25) -> 25 | B11: 16496624 | C11: 16496604 | D11: 15170065 | E11: 1 | F11: 1 | G11: 1 | H11: 3 | I11: 01.7.15.07-0005 | J11: ФССЦ-2001, 01.7.15.07-0005, приказ Минстроя России №1039/пр от 30.12.2016г. | K11: Дюбели монтажные 10х130 (10х132, 10х150) мм | L11: 1358 | N11: 1010 | O11: 10 шт. | P11: 10 шт. | Q11: 10 | X11: 41.2 | Y11: 7.03 | Z11: 0 | AA11: 0 | AB11: 0 | AC11: 0 | AD11: 1 | AE11: 0 | AG11: 41.2 | AH11: 2 | AI11: 16496612 | AJ11: 11 | AK11: 0 | AL11: 0 | AM11: 0 | AN11: 0 | AO11: 0 | AP11: 0 | AQ11: 0 | AR11: 0
A12: =ROW(Source!A25) -> 25 | B12: 16496625 | C12: 16496604 | D12: 15162466 | E12: 17 | F12: 1 | G12: 1 | H12: 3 | I12: 11.3.02.03 | K12: Блоки оконные пластиковые | L12: 1327 | N12: 1005 | O12: м2 | P12: м2 | Q12: 1 | X12: 100 | Y12: 0 | Z12: 0 | AA12: 0 | AB12: 0 | AC12: 0 | AD12: 0 | AE12: 0 | AG12: 100 | AH12: 3 | AI12: -1 | AK12: 0 | AL12: 0 | AM12: 0 | AN12: 0 | AO12: 0 | AP12: 0 | AQ12: 0 | AR12: 0
A13: =ROW(Source!A25) -> 25 | B13: 16496626 | C13: 16496604 | D13: 15197780 | E13: 1 | F13: 1 | G13: 1 | H13: 3 | I13: 11.3.03.15-0021 | J13: ФССЦ-2001, 11.3.03.15-0021, приказ Минстроя России №1039/пр от 30.12.2016г. | K13: Клинья пластиковые монтажные | L13: 1355 | N13: 1010 | O13: 100 шт. | P13: 100 шт. | Q13: 100 | X13: 8 | Y13: 50 | Z13: 0 | AA13: 0 | AB13: 0 | AC13: 0 | AD13: 1 | AE13: 0 | AG13: 8 | AH13: 2 | AI13: 16496614 | AJ13: 12 | AK13: 0 | AL13: 0 | AM13: 0 | AN13: 0 | AO13: 0 | AP13: 0 | AQ13: 0 | AR13: 0
A14: =ROW(Source!A25) -> 25 | B14: 16496627 | C14: 16496604 | D14: 15204239 | E14: 1 | F14: 1 | G14: 1 | H14: 3 | I14: 14.5.01.05-0001 | J14: ФССЦ-2001, 14.5.01.05-0001, приказ Минстроя России №1039/пр от 30.12.2016г. | K14: Герметик пенополиуретановый (пена монтажная) типа Makrofleks, Soudal в баллонах по 750 мл | L14: 1354 | N14: 1010 | O14: шт. | P14: шт. | Q14: 1 | X14: 71 | Y14: 67 | Z14: 0 | AA14: 0 | AB14: 0 | AC14: 0 | AD14: 1 | AE14: 0 | AG14: 71 | AH14: 2 | AI14: 16496615 | AJ14: 13 | AK14: 0 | AL14: 0 | AM14: 0 | AN14: 0 | AO14: 0 | AP14: 0 | AQ14: 0 | AR14: 0
A15: =ROW(Source!A27) -> 27 | B15: 16496638 | C15: 16496630 | D15: 15430767 | E15: 1 | F15: 1 | G15: 1 | H15: 1 | I15: 1-100-30 | K15: Рабочий среднего разряда 3 | L15: 1191 | N15: 1013 | O15: чел.-ч. | P15: чел.-ч. | Q15: 1 | X15: 21.38 | Y15: 0 | Z15: 0 | AA15: 0 | AB15: 8.53 | AC15: 0 | AD15: 1 | AE15: 1 | AG15: 21.38 | AH15: 2 | AI15: 16496631 | AJ15: 15 | AK15: 0 | AL15: 0 | AM15: 0 | AN15: 0 | AO15: 0 | AP15: 0 | AQ15: 0 | AR15: 0
A16: =ROW(Source!A27) -> 27 | B16: 16496639 | C16: 16496630 | D16: 15430395 | E16: 1 | F16: 1 | G16: 1 | H16: 1 | I16: 4-100-00 | K16: Затраты труда машинистов | L16: 1191 | N16: 1013 | O16: чел.-ч. | P16: чел.-ч. | Q16: 1 | X16: 0.37 | Y16: 0 | Z16: 0 | AA16: 0 | AB16: 0 | AC16: 0 | AD16: 1 | AE16: 2 | AG16: 0.37 | AH16: 2 | AI16: 16496632 | AJ16: 16 | AK16: 0 | AL16: 0 | AM16: 0 | AN16: 0 | AO16: 0 | AP16: 0 | AQ16: 0 | AR16: 0
A17: =ROW(Source!A27) -> 27 | B17: 16496640 | C17: 16496630 | D17: 15247974 | E17: 1 | F17: 1 | G17: 1 | H17: 2 | I17: 91.06.06-048 | J17: ФСЭМ-2001, 91.06.06-048, приказ Минстроя России №1039/пр от 30.12.2016г. | K17: Подъемники одномачтовые, грузоподъемность до 500 кг, высота подъема 45 м | L17: 1368 | N17: 1011 | O17: маш.-ч | P17: маш.-ч | Q17: 1 | X17: 0.07 | Y17: 0 | Z17: 31.26 | AA17: 13.5 | AB17: 0 | AC17: 0 | AD17: 1 | AE17: 0 | AG17: 0.07 | AH17: 2 | AI17: 16496633 | AJ17: 17 | AK17: 0 | AL17: 0 | AM17: 0 | AN17: 0 | AO17: 0 | AP17: 0 | AQ17: 0 | AR17: 0
A18: =ROW(Source!A27) -> 27 | B18: 16496641 | C18: 16496630 | D18: 15249073 | E18: 1 | F18: 1 | G18: 1 | H18: 2 | I18: 91.14.02-001 | J18: ФСЭМ-2001, 91.14.02-001, приказ Минстроя России №1039/пр от 30.12.2016г. | K18: Автомобили бортовые, грузоподъемность до 5 т | L18: 1368 | N18: 1011 | O18: маш.-ч | P18: маш.-ч | Q18: 1 | X18: 0.3 | Y18: 0 | Z18: 65.71 | AA18: 11.6 | AB18: 0 | AC18: 0 | AD18: 1 | AE18: 0 | AG18: 0.3 | AH18: 2 | AI18: 16496634 | AJ18: 18 | AK18: 0 | AL18: 0 | AM18: 0 | AN18: 0 | AO18: 0 | AP18: 0 | AQ18: 0 | AR18: 0
A19: =ROW(Source!A27) -> 27 | B19: 16496642 | C19: 16496630 | D19: 15162469 | E19: 17 | F19: 1 | G19: 1 | H19: 3 | I19: 11.3.03.01 | K19: Доски подоконные ПВХ | L19: 1301 | N19: 1003 | O19: м | P19: м | Q19: 1 | X19: 0 | Y19: 0 | Z19: 0 | AA19: 0 | AB19: 0 | AC19: 1 | AD19: 0 | AE19: 0 | AG19: 0 | AH19: 3 | AI19: -1 | AK19: 0 | AL19: 0 | AM19: 0 | AN19: 0 | AO19: 0 | AP19: 0 | AQ19: 0 | AR19: 0
A20: =ROW(Source!A27) -> 27 | B20: 16496643 | C20: 16496630 | D20: 15197780 | E20: 1 | F20: 1 | G20: 1 | H20: 3 | I20: 11.3.03.15-0021 | J20: ФССЦ-2001, 11.3.03.15-0021, приказ Минстроя России №1039/пр от 30.12.2016г. | K20: Клинья пластиковые монтажные | L20: 1355 | N20: 1010 | O20: 100 шт. | P20: 100 шт. | Q20: 100 | X20: 4 | Y20: 50 | Z20: 0 | AA20: 0 | AB20: 0 | AC20: 0 | AD20: 1 | AE20: 0 | AG20: 4 | AH20: 2 | AI20: 16496635 | AJ20: 19 | AK20: 0 | AL20: 0 | AM20: 0 | AN20: 0 | AO20: 0 | AP20: 0 | AQ20: 0 | AR20: 0
A21: =ROW(Source!A27) -> 27 | B21: 16496644 | C21: 16496630 | D21: 15204239 | E21: 1 | F21: 1 | G21: 1 | H21: 3 | I21: 14.5.01.05-0001 | J21: ФССЦ-2001, 14.5.01.05-0001, приказ Минстроя России №1039/пр от 30.12.2016г. | K21: Герметик пенополиуретановый (пена монтажная) типа Makrofleks, Soudal в баллонах по 750 мл | L21: 1354 | N21: 1010 | O21: шт. | P21: шт. | Q21: 1 | X21: 90.7 | Y21: 67 | Z21: 0 | AA21: 0 | AB21: 0 | AC21: 0 | AD21: 1 | AE21: 0 | AG21: 90.7 | AH21: 2 | AI21: 16496636 | AJ21: 20 | AK21: 0 | AL21: 0 | AM21: 0 | AN21: 0 | AO21: 0 | AP21: 0 | AQ21: 0 | AR21: 0
A22: =ROW(Source!A29) -> 29 | B22: 16496657 | C22: 16496646 | D22: 15430767 | E22: 1 | F22: 1 | G22: 1 | H22: 1 | I22: 1-100-30 | K22: Рабочий среднего разряда 3 | L22: 1191 | N22: 1013 | O22: чел.-ч. | P22: чел.-ч. | Q22: 1 | X22: 41.41 | Y22: 0 | Z22: 0 | AA22: 0 | AB22: 8.53 | AC22: 0 | AD22: 1 | AE22: 1 | AG22: 41.41 | AH22: 2 | AI22: 16496647 | AJ22: 22 | AK22: 0 | AL22: 0 | AM22: 0 | AN22: 0 | AO22: 0 | AP22: 0 | AQ22: 0 | AR22: 0
A23: =ROW(Source!A29) -> 29 | B23: 16496658 | C23: 16496646 | D23: 15430395 | E23: 1 | F23: 1 | G23: 1 | H23: 1 | I23: 4-100-00 | K23: Затраты труда машинистов | L23: 1191 | N23: 1013 | O23: чел.-ч. | P23: чел.-ч. | Q23: 1 | X23: 0.12 | Y23: 0 | Z23: 0 | AA23: 0 | AB23: 0 | AC23: 0 | AD23: 1 | AE23: 2 | AG23: 0.12 | AH23: 2 | AI23: 16496648 | AJ23: 23 | AK23: 0 | AL23: 0 | AM23: 0 | AN23: 0 | AO23: 0 | AP23: 0 | AQ23: 0 | AR23: 0
A24: =ROW(Source!A29) -> 29 | B24: 16496659 | C24: 16496646 | D24: 15247974 | E24: 1 | F24: 1 | G24: 1 | H24: 2 | I24: 91.06.06-048 | J24: ФСЭМ-2001, 91.06.06-048, приказ Минстроя России №1039/пр от 30.12.2016г. | K24: Подъемники одномачтовые, грузоподъемность до 500 кг, высота подъема 45 м | L24: 1368 | N24: 1011 | O24: маш.-ч | P24: маш.-ч | Q24: 1 | X24: 0.08 | Y24: 0 | Z24: 31.26 | AA24: 13.5 | AB24: 0 | AC24: 0 | AD24: 1 | AE24: 0 | AG24: 0.08 | AH24: 2 | AI24: 16496649 | AJ24: 24 | AK24: 0 | AL24: 0 | AM24: 0 | AN24: 0 | AO24: 0 | AP24: 0 | AQ24: 0 | AR24: 0
A25: =ROW(Source!A29) -> 29 | B25: 16496660 | C25: 16496646 | D25: 15249073 | E25: 1 | F25: 1 | G25: 1 | H25: 2 | I25: 91.14.02-001 | J25: ФСЭМ-2001, 91.14.02-001, приказ Минстроя России №1039/пр от 30.12.2016г. | K25: Автомобили бортовые, грузоподъемность до 5 т | L25: 1368 | N25: 1011 | O25: маш.-ч | P25: маш.-ч | Q25: 1 | X25: 0.04 | Y25: 0 | Z25: 65.71 | AA25: 11.6 | AB25: 0 | AC25: 0 | AD25: 1 | AE25: 0 | AG25: 0.04 | AH25: 2 | AI25: 16496650 | AJ25: 25 | AK25: 0 | AL25: 0 | AM25: 0 | AN25: 0 | AO25: 0 | AP25: 0 | AQ25: 0 | AR25: 0
A26: =ROW(Source!A29) -> 29 | B26: 16496661 | C26: 16496646 | D26: 15164566 | E26: 17 | F26: 1 | G26: 1 | H26: 3 | I26: 01.7.07.07 | K26: Строительный мусор | L26: 1348 | N26: 1009 | O26: т | P26: т | Q26: 1000 | X26: 0.224 | Y26: 0 | Z26: 0 | AA26: 0 | AB26: 0 | AC26: 0 | AD26: 0 | AE26: 0 | AG26: 0.224 | AH26: 3 | AI26: -1 | AK26: 0 | AL26: 0 | AM26: 0 | AN26: 0 | AO26: 0 | AP26: 0 | AQ26: 0 | AR26: 0
A27: =ROW(Source!A29) -> 29 | B27: 16496662 | C27: 16496646 | D27: 15170039 | E27: 1 | F27: 1 | G27: 1 | H27: 3 | I27: 01.7.15.06-0111 | J27: ФССЦ-2001, 01.7.15.06-0111, приказ Минстроя России №1039/пр от 30.12.2016г. | K27: Гвозди строительные | L27: 1348 | N27: 1009 | O27: т | P27: т | Q27: 1000 | X27: 0.004 | Y27: 11978 | Z27: 0 | AA27: 0 | AB27: 0 | AC27: 0 | AD27: 1 | AE27: 0 | AG27: 0.004 | AH27: 2 | AI27: 16496652 | AJ27: 26 | AK27: 0 | AL27: 0 | AM27: 0 | AN27: 0 | AO27: 0 | AP27: 0 | AQ27: 0 | AR27: 0
A28: =ROW(Source!A29) -> 29 | B28: 16496663 | C28: 16496646 | D28: 15191139 | E28: 1 | F28: 1 | G28: 1 | H28: 3 | I28: 08.3.03.05-0001 | J28: ФССЦ-2001, 08.3.03.05-0001, приказ Минстроя России №1039/пр от 30.12.2016г. | K28: Проволока канатная оцинкованная, диаметром 2,6 мм | L28: 1348 | N28: 1009 | O28: т | P28: т | Q28: 1000 | X28: 0.006 | Y28: 8023 | Z28: 0 | AA28: 0 | AB28: 0 | AC28: 0 | AD28: 1 | AE28: 0 | AG28: 0.006 | AH28: 2 | AI28: 16496653 | AJ28: 27 | AK28: 0 | AL28: 0 | AM28: 0 | AN28: 0 | AO28: 0 | AP28: 0 | AQ28: 0 | AR28: 0
A29: =ROW(Source!A29) -> 29 | B29: 16496664 | C29: 16496646 | D29: 15164570 | E29: 17 | F29: 1 | G29: 1 | H29: 3 | I29: 08.3.05.05 | K29: Сталь листовая оцинкованная | L29: 1348 | N29: 1009 | O29: т | P29: т | Q29: 1000 | X29: 0.184 | Y29: 0 | Z29: 0 | AA29: 0 | AB29: 0 | AC29: 0 | AD29: 0 | AE29: 0 | AG29: 0.184 | AH29: 3 | AI29: -1 | AK29: 0 | AL29: 0 | AM29: 0 | AN29: 0 | AO29: 0 | AP29: 0 | AQ29: 0 | AR29: 0
A30: =ROW(Source!A31) -> 31 | B30: 16496681 | C30: 16496669 | D30: 15438286 | E30: 1 | F30: 1 | G30: 1 | H30: 1 | I30: 1-100-36 | K30: Рабочий среднего разряда 3.6 | L30: 1191 | N30: 1013 | O30: чел.-ч. | P30: чел.-ч. | Q30: 1 | X30: 166.47 | Y30: 0 | Z30: 0 | AA30: 0 | AB30: 9.18 | AC30: 0 | AD30: 1 | AE30: 1 | AG30: 166.47 | AH30: 2 | AI30: 16496670 | AJ30: 29 | AK30: 0 | AL30: 0 | AM30: 0 | AN30: 0 | AO30: 0 | AP30: 0 | AQ30: 0 | AR30: 0
A31: =ROW(Source!A31) -> 31 | B31: 16496682 | C31: 16496669 | D31: 15430395 | E31: 1 | F31: 1 | G31: 1 | H31: 1 | I31: 4-100-00 | K31: Затраты труда машинистов | L31: 1191 | N31: 1013 | O31: чел.-ч. | P31: чел.-ч. | Q31: 1 | X31: 0.58 | Y31: 0 | Z31: 0 | AA31: 0 | AB31: 0 | AC31: 0 | AD31: 1 | AE31: 2 | AG31: 0.58 | AH31: 2 | AI31: 16496671 | AJ31: 30 | AK31: 0 | AL31: 0 | AM31: 0 | AN31: 0 | AO31: 0 | AP31: 0 | AQ31: 0 | AR31: 0
A32: =ROW(Source!A31) -> 31 | B32: 16496683 | C32: 16496669 | D32: 15247974 | E32: 1 | F32: 1 | G32: 1 | H32: 2 | I32: 91.06.06-048 | J32: ФСЭМ-2001, 91.06.06-048, приказ Минстроя России №1039/пр от 30.12.2016г. | K32: Подъемники одномачтовые, грузоподъемность до 500 кг, высота подъема 45 м | L32: 1368 | N32: 1011 | O32: маш.-ч | P32: маш.-ч | Q32: 1 | X32: 0.08 | Y32: 0 | Z32: 31.26 | AA32: 13.5 | AB32: 0 | AC32: 0 | AD32: 1 | AE32: 0 | AG32: 0.08 | AH32: 2 | AI32: 16496672 | AJ32: 31 | AK32: 0 | AL32: 0 | AM32: 0 | AN32: 0 | AO32: 0 | AP32: 0 | AQ32: 0 | AR32: 0
A33: =ROW(Source!A31) -> 31 | B33: 16496684 | C33: 16496669 | D33: 15249073 | E33: 1 | F33: 1 | G33: 1 | H33: 2 | I33: 91.14.02-001 | J33: ФСЭМ-2001, 91.14.02-001, приказ Минстроя России №1039/пр от 30.12.2016г. | K33: Автомобили бортовые, грузоподъемность до 5 т | L33: 1368 | N33: 1011 | O33: маш.-ч | P33: маш.-ч | Q33: 1 | X33: 0.5 | Y33: 0 | Z33: 65.71 | AA33: 11.6 | AB33: 0 | AC33: 0 | AD33: 1 | AE33: 0 | AG33: 0.5 | AH33: 2 | AI33: 16496673 | AJ33: 32 | AK33: 0 | AL33: 0 | AM33: 0 | AN33: 0 | AO33: 0 | AP33: 0 | AQ33: 0 | AR33: 0
A34: =ROW(Source!A31) -> 31 | B34: 16496685 | C34: 16496669 | D34: 15162966 | E34: 17 | F34: 1 | G34: 1 | H34: 3 | I34: 01.6.01.11 | K34: Листы облицовочные декоративные | L34: 1327 | N34: 1005 | O34: м2 | P34: м2 | Q34: 1 | X34: 105 | Y34: 0 | Z34: 0 | AA34: 0 | AB34: 0 | AC34: 0 | AD34: 0 | AE34: 0 | AG34: 105 | AH34: 2 | AI34: 16496674 | AJ34: 33 | AK34: 0 | AL34: 0 | AM34: 0 | AN34: 0 | AO34: 0 | AP34: 0 | AQ34: 0 | AR34: 0
A35: =ROW(Source!A31) -> 31 | B35: 16496686 | C35: 16496669 | D35: 15171018 | E35: 1 | F35: 1 | G35: 1 | H35: 3 | I35: 01.7.20.08-0051 | J35: ФССЦ-2001, 01.7.20.08-0051, приказ Минстроя России №1039/пр от 30.12.2016г. | K35: Ветошь | L35: 1346 | N35: 1009 | O35: кг | P35: кг | Q35: 1 | X35: 0.2 | Y35: 1.82 | Z35: 0 | AA35: 0 | AB35: 0 | AC35: 0 | AD35: 1 | AE35: 0 | AG35: 0.2 | AH35: 2 | AI35: 16496675 | AJ35: 34 | AK35: 0 | AL35: 0 | AM35: 0 | AN35: 0 | AO35: 0 | AP35: 0 | AQ35: 0 | AR35: 0
A36: =ROW(Source!A31) -> 31 | B36: 16496687 | C36: 16496669 | D36: 15162257 | E36: 17 | F36: 1 | G36: 1 | H36: 3 | I36: 14.1.06.05 | K36: Клей | L36: 1346 | N36: 1009 | O36: кг | P36: кг | Q36: 1 | X36: 30 | Y36: 0 | Z36: 0 | AA36: 0 | AB36: 0 | AC36: 0 | AD36: 0 | AE36: 0 | AG36: 30 | AH36: 2 | AI36: 16496676 | AJ36: 37 | AK36: 0 | AL36: 0 | AM36: 0 | AN36: 0 | AO36: 0 | AP36: 0 | AQ36: 0 | AR36: 0
A37: =ROW(Source!A31) -> 31 | B37: 16496688 | C37: 16496669 | D37: 15162572 | E37: 17 | F37: 1 | G37: 1 | H37: 3 | I37: 14.4.01.21 | K37: Грунтовка | L37: 1348 | N37: 1009 | O37: т | P37: т | Q37: 1000 | X37: 0.0089 | Y37: 0 | Z37: 0 | AA37: 0 | AB37: 0 | AC37: 0 | AD37: 0 | AE37: 0 | AG37: 0.0089 | AH37: 2 | AI37: 16496677 | AJ37: 39 | AK37: 0 | AL37: 0 | AM37: 0 | AN37: 0 | AO37: 0 | AP37: 0 | AQ37: 0 | AR37: 0
A38: =ROW(Source!A38) -> 38 | B38: 16496700 | C38: 16496695 | D38: 15430767 | E38: 1 | F38: 1 | G38: 1 | H38: 1 | I38: 1-100-30 | K38: Рабочий среднего разряда 3 | L38: 1191 | N38: 1013 | O38: чел.-ч. | P38: чел.-ч. | Q38: 1 | X38: 6.7 | Y38: 0 | Z38: 0 | AA38: 0 | AB38: 8.53 | AC38: 0 | AD38: 1 | AE38: 1 | AG38: 6.7 | AH38: 2 | AI38: 16496696 | AJ38: 40 | AK38: 0 | AL38: 0 | AM38: 0 | AN38: 0 | AO38: 0 | AP38: 0 | AQ38: 0 | AR38: 0
A39: =ROW(Source!A38) -> 38 | B39: 16496701 | C39: 16496695 | D39: 15162472 | E39: 17 | F39: 1 | G39: 1 | H39: 3 | I39: 11.3.03.13 | K39: Уголок ПВХ | L39: 2233 | N39: 1013 | O39: П.М | P39: П.М | Q39: 1 | X39: 100 | Y39: 0 | Z39: 0 | AA39: 0 | AB39: 0 | AC39: 0 | AD39: 0 | AE39: 0 | AG39: 100 | AH39: 2 | AI39: 16496697 | AJ39: 41 | AK39: 0 | AL39: 0 | AM39: 0 | AN39: 0 | AO39: 0 | AP39: 0 | AQ39: 0 | AR39: 0
A40: =ROW(Source!A38) -> 38 | B40: 16496702 | C40: 16496695 | D40: 15202504 | E40: 1 | F40: 1 | G40: 1 | H40: 3 | I40: 14.1.04.02-0011 | J40: ФССЦ-2001, 14.1.04.02-0011, приказ Минстроя России №1039/пр от 30.12.2016г. | K40: Клей резиновый № 88-Н | L40: 1346 | N40: 1009 | O40: кг | P40: кг | Q40: 1 | X40: 0.8 | Y40: 45 | Z40: 0 | AA40: 0 | AB40: 0 | AC40: 0 | AD40: 1 | AE40: 0 | AG40: 0.8 | AH40: 2 | AI40: 16496698 | AJ40: 43 | AK40: 0 | AL40: 0 | AM40: 0 | AN40: 0 | AO40: 0 | AP40: 0 | AQ40: 0 | AR40: 0
